Workbook
Name Z_20966C26_2FB0_458A_A419_418535DD5D43_.wvu.Cols: #REF!
Name Z_20966C26_2FB0_458A_A419_418535DD5D43_.wvu.Cols: Upute!$B:$IU
Name Z_20966C26_2FB0_458A_A419_418535DD5D43_.wvu.PrintArea: OBVEZE!$A$3:$D$105
Name Z_20966C26_2FB0_458A_A419_418535DD5D43_.wvu.PrintTitles: OBVEZE!$A$3:$IQ$3
Name Z_20966C26_2FB0_458A_A419_418535DD5D43_.wvu.Rows: #REF!
Name Z_20966C26_2FB0_458A_A419_418535DD5D43_.wvu.Rows: Upute!$A$23:$IU$65535

Sheet Skriveni
A1: VP | B1: AOP | C1: IZNOS01 | D1: IZNOS02 | E1: IZNOS03 | F1: IZNOS04 | G1: KONTRBR | H1: RAZLIKA | I1: RAZLIKA1 | J1: POLJE | K1: TEKST | L1: BROJ
A2: 151 | B2: 1 | C2: ='PR-RAS'!D6 -> 0 | D2: ='PR-RAS'!E6 -> 41000.01 | E2: 0 | F2: 0 | G2: =(B2/1000)*(C2*1+D2*2) -> 82.00002 | H2: =ABS(C2-ROUND(C2,0))+ABS(D2-ROUND(D2,0)) -> 0.01 | I2: 0
A3: 151 | B3: 2 | C3: ='PR-RAS'!D7 -> 0 | D3: ='PR-RAS'!E7 -> 0 | E3: 0 | F3: 0 | G3: =(B3/1000)*(C3*1+D3*2) -> 0 | H3: =ABS(C3-ROUND(C3,0))+ABS(D3-ROUND(D3,0)) -> 0 | I3: 0
A4: 151 | B4: 3 | C4: ='PR-RAS'!D8 -> 0 | D4: ='PR-RAS'!E8 -> 0 | E4: 0 | F4: 0 | G4: =(B4/1000)*(C4*1+D4*2) -> 0 | H4: =ABS(C4-ROUND(C4,0))+ABS(D4-ROUND(D4,0)) -> 0 | I4: 0
A5: 151 | B5: 4 | C5: ='PR-RAS'!D9 -> 0 | D5: ='PR-RAS'!E9 -> 0 | E5: 0 | F5: 0 | G5: =(B5/1000)*(C5*1+D5*2) -> 0 | H5: =ABS(C5-ROUND(C5,0))+ABS(D5-ROUND(D5,0)) -> 0 | I5: 0
A6: 151 | B6: 5 | C6: ='PR-RAS'!D10 -> 0 | D6: ='PR-RAS'!E10 -> 0 | E6: 0 | F6: 0 | G6: =(B6/1000)*(C6*1+D6*2) -> 0 | H6: =ABS(C6-ROUND(C6,0))+ABS(D6-ROUND(D6,0)) -> 0 | I6: 0
A7: 151 | B7: 6 | C7: ='PR-RAS'!D11 -> 0 | D7: ='PR-RAS'!E11 -> 0 | E7: 0 | F7: 0 | G7: =(B7/1000)*(C7*1+D7*2) -> 0 | H7: =ABS(C7-ROUND(C7,0))+ABS(D7-ROUND(D7,0)) -> 0 | I7: 0
A8: 151 | B8: 7 | C8: ='PR-RAS'!D12 -> 0 | D8: ='PR-RAS'!E12 -> 0 | E8: 0 | F8: 0 | G8: =(B8/1000)*(C8*1+D8*2) -> 0 | H8: =ABS(C8-ROUND(C8,0))+ABS(D8-ROUND(D8,0)) -> 0 | I8: 0
A9: 151 | B9: 8 | C9: ='PR-RAS'!D13 -> 0 | D9: ='PR-RAS'!E13 -> 0 | E9: 0 | F9: 0 | G9: =(B9/1000)*(C9*1+D9*2) -> 0 | H9: =ABS(C9-ROUND(C9,0))+ABS(D9-ROUND(D9,0)) -> 0 | I9: 0
A10: 151 | B10: 9 | C10: ='PR-RAS'!D14 -> 0 | D10: ='PR-RAS'!E14 -> 0 | E10: 0 | F10: 0 | G10: =(B10/1000)*(C10*1+D10*2) -> 0 | H10: =ABS(C10-ROUND(C10,0))+ABS(D10-ROUND(D10,0)) -> 0 | I10: 0
A11: 151 | B11: 10 | C11: ='PR-RAS'!D15 -> 0 | D11: ='PR-RAS'!E15 -> 0 | E11: 0 | F11: 0 | G11: =(B11/1000)*(C11*1+D11*2) -> 0 | H11: =ABS(C11-ROUND(C11,0))+ABS(D11-ROUND(D11,0)) -> 0 | I11: 0
A12: 151 | B12: 11 | C12: ='PR-RAS'!D16 -> 0 | D12: ='PR-RAS'!E16 -> 0 | E12: 0 | F12: 0 | G12: =(B12/1000)*(C12*1+D12*2) -> 0 | H12: =ABS(C12-ROUND(C12,0))+ABS(D12-ROUND(D12,0)) -> 0 | I12: 0
A13: 151 | B13: 12 | C13: ='PR-RAS'!D17 -> 0 | D13: ='PR-RAS'!E17 -> 0 | E13: 0 | F13: 0 | G13: =(B13/1000)*(C13*1+D13*2) -> 0 | H13: =ABS(C13-ROUND(C13,0))+ABS(D13-ROUND(D13,0)) -> 0 | I13: 0
... A292: 151 | B292: 291 | C292: ='PR-RAS'!D296 -> 0 | D292: ='PR-RAS'!E296 -> 0 | E292: 0 | F292: 0 | G292: =(B292/1000)*(C292*1+D292*2) -> 0 | H292: =ABS(C292-ROUND(C292,0))+ABS(D292-ROUND(D292,0)) -> 0 | I292: 0
A293: 151 | B293: 292 | C293: ='PR-RAS'!D298 -> 0 | D293: ='PR-RAS'!E298 -> 0 | E293: 0 | F293: 0 | G293: =(B293/1000)*(C293*1+D293*2) -> 0 | H293: =ABS(C293-ROUND(C293,0))+ABS(D293-ROUND(D293,0)) -> 0 | I293: 0
A294: 151 | B294: 293 | C294: ='PR-RAS'!D299 -> 0 | D294: ='PR-RAS'!E299 -> 0 | E294: 0 | F294: 0 | G294: =(B294/1000)*(C294*1+D294*2) -> 0 | H294: =ABS(C294-ROUND(C294,0))+ABS(D294-ROUND(D294,0)) -> 0 | I294: 0
A295: 151 | B295: 294 | C295: ='PR-RAS'!D300 -> 0 | D295: ='PR-RAS'!E300 -> 0 | E295: 0 | F295: 0 | G295: =(B295/1000)*(C295*1+D295*2) -> 0 | H295: =ABS(C295-ROUND(C295,0))+ABS(D295-ROUND(D295,0)) -> 0 | I295: 0
A296: 151 | B296: 295 | C296: ='PR-RAS'!D301 -> 0 | D296: ='PR-RAS'!E301 -> 0 | E296: 0 | F296: 0 | G296: =(B296/1000)*(C296*1+D296*2) -> 0 | H296: =ABS(C296-ROUND(C296,0))+ABS(D296-ROUND(D296,0)) -> 0 | I296: 0
A297: 151 | B297: 296 | C297: ='PR-RAS'!D302 -> 0 | D297: ='PR-RAS'!E302 -> 0 | E297: 0 | F297: 0 | G297: =(B297/1000)*(C297*1+D297*2) -> 0 | H297: =ABS(C297-ROUND(C297,0))+ABS(D297-ROUND(D297,0)) -> 0 | I297: 0
A298: 151 | B298: 297 | C298: ='PR-RAS'!D303 -> 0 | D298: ='PR-RAS'!E303 -> 0 | E298: 0 | F298: 0 | G298: =(B298/1000)*(C298*1+D298*2) -> 0 | H298: =ABS(C298-ROUND(C298,0))+ABS(D298-ROUND(D298,0)) -> 0 | I298: 0
A299: 151 | B299: 298 | C299: ='PR-RAS'!D304 -> 0 | D299: ='PR-RAS'!E304 -> 0 | E299: 0 | F299: 0 | G299: =(B299/1000)*(C299*1+D299*2) -> 0 | H299: =ABS(C299-ROUND(C299,0))+ABS(D299-ROUND(D299,0)) -> 0 | I299: 0
A300: 151 | B300: 299 | C300: ='PR-RAS'!D305 -> 0 | D300: ='PR-RAS'!E305 -> 0 | E300: 0 | F300: 0 | G300: =(B300/1000)*(C300*1+D300*2) -> 0 | H300: =ABS(C300-ROUND(C300,0))+ABS(D300-ROUND(D300,0)) -> 0 | I300: 0
A301: 151 | B301: 300 | C301: ='PR-RAS'!D306 -> 0 | D301: ='PR-RAS'!E306 -> 0 | E301: 0 | F301: 0 | G301: =(B301/1000)*(C301*1+D301*2) -> 0 | H301: =ABS(C301-ROUND(C301,0))+ABS(D301-ROUND(D301,0)) -> 0 | I301: 0
A302: 151 | B302: 301 | C302: ='PR-RAS'!D307 -> 0 | D302: ='PR-RAS'!E307 -> 0 | E302: 0 | F302: 0 | G302: =(B302/1000)*(C302*1+D302*2) -> 0 | H302: =ABS(C302-ROUND(C302,0))+ABS(D302-ROUND(D302,0)) -> 0 | I302: 0
A303: 151 | B303: 302 | C303: ='PR-RAS'!D308 -> 0 | D303: ='PR-RAS'!E308 -> 0 | E303: 0 | F303: 0 | G303: =(B303/1000)*(C303*1+D303*2) -> 0 | H303: =ABS(C303-ROUND(C303,0))+ABS(D303-ROUND(D303,0)) -> 0 | I303: 0
A304: 151 | B304: 303 | C304: ='PR-RAS'!D309 -> 0 | D304: ='PR-RAS'!E309 -> 0 | E304: 0 | F304: 0 | G304: =(B304/1000)*(C304*1+D304*2) -> 0 | H304: =ABS(C304-ROUND(C304,0))+ABS(D304-ROUND(D304,0)) -> 0 | I304: 0
... A413: 151 | B413: 412 | C413: ='PR-RAS'!D418 -> 0 | D413: ='PR-RAS'!E418 -> 38850 | E413: 0 | F413: 0 | G413: =(B413/1000)*(C413*1+D413*2) -> 32012.4 | H413: =ABS(C413-ROUND(C413,0))+ABS(D413-ROUND(D413,0)) -> 0 | I413: 0
A414: 151 | B414: 413 | C414: ='PR-RAS'!D420 -> 0 | D414: ='PR-RAS'!E420 -> 0 | E414: 0 | F414: 0 | G414: =(B414/1000)*(C414*1+D414*2) -> 0 | H414: =ABS(C414-ROUND(C414,0))+ABS(D414-ROUND(D414,0)) -> 0 | I414: 0
A415: 151 | B415: 414 | C415: ='PR-RAS'!D421 -> 0 | D415: ='PR-RAS'!E421 -> 0 | E415: 0 | F415: 0 | G415: =(B415/1000)*(C415*1+D415*2) -> 0 | H415: =ABS(C415-ROUND(C415,0))+ABS(D415-ROUND(D415,0)) -> 0 | I415: 0
A416: 151 | B416: 415 | C416: ='PR-RAS'!D422 -> 0 | D416: ='PR-RAS'!E422 -> 0 | E416: 0 | F416: 0 | G416: =(B416/1000)*(C416*1+D416*2) -> 0 | H416: =ABS(C416-ROUND(C416,0))+ABS(D416-ROUND(D416,0)) -> 0 | I416: 0
A417: 151 | B417: 416 | C417: ='PR-RAS'!D423 -> 0 | D417: ='PR-RAS'!E423 -> 0 | E417: 0 | F417: 0 | G417: =(B417/1000)*(C417*1+D417*2) -> 0 | H417: =ABS(C417-ROUND(C417,0))+ABS(D417-ROUND(D417,0)) -> 0 | I417: 0
A418: 151 | B418: 417 | C418: ='PR-RAS'!D424 -> 0 | D418: ='PR-RAS'!E424 -> 0 | E418: 0 | F418: 0 | G418: =(B418/1000)*(C418*1+D418*2) -> 0 | H418: =ABS(C418-ROUND(C418,0))+ABS(D418-ROUND(D418,0)) -> 0 | I418: 0
A419: 151 | B419: 418 | C419: ='PR-RAS'!D425 -> 0 | D419: ='PR-RAS'!E425 -> 0 | E419: 0 | F419: 0 | G419: =(B419/1000)*(C419*1+D419*2) -> 0 | H419: =ABS(C419-ROUND(C419,0))+ABS(D419-ROUND(D419,0)) -> 0 | I419: 0
A420: 151 | B420: 419 | C420: ='PR-RAS'!D426 -> 0 | D420: ='PR-RAS'!E426 -> 0 | E420: 0 | F420: 0 | G420: =(B420/1000)*(C420*1+D420*2) -> 0 | H420: =ABS(C420-ROUND(C420,0))+ABS(D420-ROUND(D420,0)) -> 0 | I420: 0
A421: 151 | B421: 420 | C421: ='PR-RAS'!D427 -> 0 | D421: ='PR-RAS'!E427 -> 0 | E421: 0 | F421: 0 | G421: =(B421/1000)*(C421*1+D421*2) -> 0 | H421: =ABS(C421-ROUND(C421,0))+ABS(D421-ROUND(D421,0)) -> 0 | I421: 0
A422: 151 | B422: 421 | C422: ='PR-RAS'!D428 -> 0 | D422: ='PR-RAS'!E428 -> 0 | E422: 0 | F422: 0 | G422: =(B422/1000)*(C422*1+D422*2) -> 0 | H422: =ABS(C422-ROUND(C422,0))+ABS(D422-ROUND(D422,0)) -> 0 | I422: 0
A423: 151 | B423: 422 | C423: ='PR-RAS'!D429 -> 0 | D423: ='PR-RAS'!E429 -> 0 | E423: 0 | F423: 0 | G423: =(B423/1000)*(C423*1+D423*2) -> 0 | H423: =ABS(C423-ROUND(C423,0))+ABS(D423-ROUND(D423,0)) -> 0 | I423: 0
A424: 151 | B424: 423 | C424: ='PR-RAS'!D430 -> 0 | D424: ='PR-RAS'!E430 -> 0 | E424: 0 | F424: 0 | G424: =(B424/1000)*(C424*1+D424*2) -> 0 | H424: =ABS(C424-ROUND(C424,0))+ABS(D424-ROUND(D424,0)) -> 0 | I424: 0
A425: 151 | B425: 424 | C425: ='PR-RAS'!D431 -> 0 | D425: ='PR-RAS'!E431 -> 0 | E425: 0 | F425: 0 | G425: =(B425/1000)*(C425*1+D425*2) -> 0 | H425: =ABS(C425-ROUND(C425,0))+ABS(D425-ROUND(D425,0)) -> 0 | I425: 0
... A641: 151 | B641: 640 | C641: ='PR-RAS'!D647 -> 0 | D641: ='PR-RAS'!E647 -> 0 | E641: 0 | F641: 0 | G641: =(B641/1000)*(C641*1+D641*2) -> 0 | H641: =ABS(C641-ROUND(C641,0))+ABS(D641-ROUND(D641,0)) -> 0 | I641: 0
A642: 151 | B642: 641 | C642: ='PR-RAS'!D649 -> 0 | D642: ='PR-RAS'!E649 -> 0 | E642: 0 | F642: 0 | G642: =(B642/1000)*(C642*1+D642*2) -> 0 | H642: =ABS(C642-ROUND(C642,0))+ABS(D642-ROUND(D642,0)) -> 0 | I642: 0
A643: 151 | B643: 642 | C643: ='PR-RAS'!D650 -> 0 | D643: ='PR-RAS'!E650 -> 41000.01 | E643: 0 | F643: 0 | G643: =(B643/1000)*(C643*1+D643*2) -> 52644.013 | H643: =ABS(C643-ROUND(C643,0))+ABS(D643-ROUND(D643,0)) -> 0.01 | I643: 0
A644: 151 | B644: 643 | C644: ='PR-RAS'!D651 -> 0 | D644: ='PR-RAS'!E651 -> 25084.5 | E644: 0 | F644: 0 | G644: =(B644/1000)*(C644*1+D644*2) -> 32258.667 | H644: =ABS(C644-ROUND(C644,0))+ABS(D644-ROUND(D644,0)) -> 0.5 | I644: 0
A645: 151 | B645: 644 | C645: ='PR-RAS'!D652 -> 0 | D645: ='PR-RAS'!E652 -> 15915.51 | E645: 0 | F645: 0 | G645: =(B645/1000)*(C645*1+D645*2) -> 20499.177 | H645: =ABS(C645-ROUND(C645,0))+ABS(D645-ROUND(D645,0)) -> 0.49 | I645: 0
A646: 151 | B646: 645 | C646: ='PR-RAS'!D653 -> 0 | D646: ='PR-RAS'!E653 -> 0 | E646: 0 | F646: 0 | G646: =(B646/1000)*(C646*1+D646*2) -> 0 | H646: =ABS(C646-ROUND(C646,0))+ABS(D646-ROUND(D646,0)) -> 0 | I646: 0
A647: 151 | B647: 646 | C647: ='PR-RAS'!D654 -> 0 | D647: ='PR-RAS'!E654 -> 9 | E647: 0 | F647: 0 | G647: =(B647/1000)*(C647*1+D647*2) -> 11.628 | H647: =ABS(C647-ROUND(C647,0))+ABS(D647-ROUND(D647,0)) -> 0 | I647: 0
A648: 151 | B648: 647 | C648: ='PR-RAS'!D655 -> 0 | D648: ='PR-RAS'!E655 -> 0 | E648: 0 | F648: 0 | G648: =(B648/1000)*(C648*1+D648*2) -> 0 | H648: =ABS(C648-ROUND(C648,0))+ABS(D648-ROUND(D648,0)) -> 0 | I648: 0
A649: 151 | B649: 648 | C649: ='PR-RAS'!D656 -> 0 | D649: ='PR-RAS'!E656 -> 9 | E649: 0 | F649: 0 | G649: =(B649/1000)*(C649*1+D649*2) -> 11.664 | H649: =ABS(C649-ROUND(C649,0))+ABS(D649-ROUND(D649,0)) -> 0 | I649: 0
A650: 151 | B650: 649 | C650: ='PR-RAS'!D657 -> 0 | D650: ='PR-RAS'!E657 -> 0 | E650: 0 | F650: 0 | G650: =(B650/1000)*(C650*1+D650*2) -> 0 | H650: =ABS(C650-ROUND(C650,0))+ABS(D650-ROUND(D650,0)) -> 0 | I650: 0
A651: 151 | B651: 650 | C651: ='PR-RAS'!D658 -> 0 | D651: ='PR-RAS'!E658 -> 0 | E651: 0 | F651: 0 | G651: =(B651/1000)*(C651*1+D651*2) -> 0 | H651: =ABS(C651-ROUND(C651,0))+ABS(D651-ROUND(D651,0)) -> 0 | I651: 0
A652: 151 | B652: 651 | C652: ='PR-RAS'!D659 -> 0 | D652: ='PR-RAS'!E659 -> 0 | E652: 0 | F652: 0 | G652: =(B652/1000)*(C652*1+D652*2) -> 0 | H652: =ABS(C652-ROUND(C652,0))+ABS(D652-ROUND(D652,0)) -> 0 | I652: 0
A653: 151 | B653: 652 | C653: ='PR-RAS'!D660 -> 0 | D653: ='PR-RAS'!E660 -> 0 | E653: 0 | F653: 0 | G653: =(B653/1000)*(C653*1+D653*2) -> 0 | H653: =ABS(C653-ROUND(C653,0))+ABS(D653-ROUND(D653,0)) -> 0 | I653: 0
... A975: 151 | B975: 974 | C975: ='PR-RAS'!D982 -> 0 | D975: ='PR-RAS'!E982 -> 0 | E975: 0 | F975: 0 | G975: =(B975/1000)*(C975*1+D975*2) -> 0 | H975: =ABS(C975-ROUND(C975,0))+ABS(D975-ROUND(D975,0)) -> 0 | I975: 0
A976: 151 | B976: 975 | C976: ='PR-RAS'!D985 -> 0 | D976: ='PR-RAS'!E985 -> 0 | E976: 0 | F976: 0 | G976: =(B976/1000)*(C976*1+D976*2) -> 0 | H976: =ABS(C976-ROUND(C976,0))+ABS(D976-ROUND(D976,0)) -> 0 | I976: 0
A977: 151 | B977: 976 | C977: ='PR-RAS'!D986 -> 0 | D977: ='PR-RAS'!E986 -> 0 | E977: 0 | F977: 0 | G977: =(B977/1000)*(C977*1+D977*2) -> 0 | H977: =ABS(C977-ROUND(C977,0))+ABS(D977-ROUND(D977,0)) -> 0 | I977: 0
A978: 151 | B978: 977 | C978: ='PR-RAS'!D987 -> 0 | D978: ='PR-RAS'!E987 -> 0 | E978: 0 | F978: 0 | G978: =(B978/1000)*(C978*1+D978*2) -> 0 | H978: =ABS(C978-ROUND(C978,0))+ABS(D978-ROUND(D978,0)) -> 0 | I978: 0
A979: 151 | B979: 978 | C979: ='PR-RAS'!D988 -> 0 | D979: ='PR-RAS'!E988 -> 0 | E979: 0 | F979: 0 | G979: =(B979/1000)*(C979*1+D979*2) -> 0 | H979: =ABS(C979-ROUND(C979,0))+ABS(D979-ROUND(D979,0)) -> 0 | I979: 0
A980: 151 | B980: 979 | C980: ='PR-RAS'!D989 -> 0 | D980: ='PR-RAS'!E989 -> 0 | E980: 0 | F980: 0 | G980: =(B980/1000)*(C980*1+D980*2) -> 0 | H980: =ABS(C980-ROUND(C980,0))+ABS(D980-ROUND(D980,0)) -> 0 | I980: 0
A981: 151 | B981: 980 | C981: ='PR-RAS'!D990 -> 0 | D981: ='PR-RAS'!E990 -> 0 | E981: 0 | F981: 0 | G981: =(B981/1000)*(C981*1+D981*2) -> 0 | H981: =ABS(C981-ROUND(C981,0))+ABS(D981-ROUND(D981,0)) -> 0 | I981: 0
A982: 151 | B982: 981 | C982: ='PR-RAS'!D991 -> 0 | D982: ='PR-RAS'!E991 -> 0 | E982: 0 | F982: 0 | G982: =(B982/1000)*(C982*1+D982*2) -> 0 | H982: =ABS(C982-ROUND(C982,0))+ABS(D982-ROUND(D982,0)) -> 0 | I982: 0
A983: 151 | B983: 982 | C983: ='PR-RAS'!D992 -> 0 | D983: ='PR-RAS'!E992 -> 0 | E983: 0 | F983: 0 | G983: =(B983/1000)*(C983*1+D983*2) -> 0 | H983: =ABS(C983-ROUND(C983,0))+ABS(D983-ROUND(D983,0)) -> 0 | I983: 0
A984: 152 | B984: 1 | C984: =BILANCA!D6 -> 0 | D984: =BILANCA!E6 -> 54765.51 | E984: 0 | F984: 0 | G984: =B984/1000*C984+B984/500*D984 -> 109.53102 | H984: =ABS(C984-ROUND(C984,0))+ABS(D984-ROUND(D984,0)) -> 0.49
A985: 152 | B985: 2 | C985: =BILANCA!D7 -> 0 | D985: =BILANCA!E7 -> 0 | E985: 0 | F985: 0 | G985: =B985/1000*C985+B985/500*D985 -> 0 | H985: =ABS(C985-ROUND(C985,0))+ABS(D985-ROUND(D985,0)) -> 0
A986: 152 | B986: 3 | C986: =BILANCA!D8 -> 0 | D986: =BILANCA!E8 -> 0 | E986: 0 | F986: 0 | G986: =B986/1000*C986+B986/500*D986 -> 0 | H986: =ABS(C986-ROUND(C986,0))+ABS(D986-ROUND(D986,0)) -> 0
A987: 152 | B987: 4 | C987: =BILANCA!D9 -> 0 | D987: =BILANCA!E9 -> 0 | E987: 0 | F987: 0 | G987: =B987/1000*C987+B987/500*D987 -> 0 | H987: =ABS(C987-ROUND(C987,0))+ABS(D987-ROUND(D987,0)) -> 0
A988: 152 | B988: 5 | C988: =BILANCA!D10 -> 0 | D988: =BILANCA!E10 -> 0 | E988: 0 | F988: 0 | G988: =B988/1000*C988+B988/500*D988 -> 0 | H988: =ABS(C988-ROUND(C988,0))+ABS(D988-ROUND(D988,0)) -> 0
A989: 152 | B989: 6 | C989: =BILANCA!D11 -> 0 | D989: =BILANCA!E11 -> 0 | E989: 0 | F989: 0 | G989: =B989/1000*C989+B989/500*D989 -> 0 | H989: =ABS(C989-ROUND(C989,0))+ABS(D989-ROUND(D989,0)) -> 0
A990: 152 | B990: 7 | C990: =BILANCA!D12 -> 0 | D990: =BILANCA!E12 -> 0 | E990: 0 | F990: 0 | G990: =B990/1000*C990+B990/500*D990 -> 0 | H990: =ABS(C990-ROUND(C990,0))+ABS(D990-ROUND(D990,0)) -> 0
A991: 152 | B991: 8 | C991: =BILANCA!D13 -> 0 | D991: =BILANCA!E13 -> 0 | E991: 0 | F991: 0 | G991: =B991/1000*C991+B991/500*D991 -> 0 | H991: =ABS(C991-ROUND(C991,0))+ABS(D991-ROUND(D991,0)) -> 0
A992: 152 | B992: 9 | C992: =BILANCA!D14 -> 0 | D992: =BILANCA!E14 -> 0 | E992: 0 | F992: 0 | G992: =B992/1000*C992+B992/500*D992 -> 0 | H992: =ABS(C992-ROUND(C992,0))+ABS(D992-ROUND(D992,0)) -> 0
A993: 152 | B993: 10 | C993: =BILANCA!D15 -> 0 | D993: =BILANCA!E15 -> 0 | E993: 0 | F993: 0 | G993: =B993/1000*C993+B993/500*D993 -> 0 | H993: =ABS(C993-ROUND(C993,0))+ABS(D993-ROUND(D993,0)) -> 0
A994: 152 | B994: 11 | C994: =BILANCA!D16 -> 0 | D994: =BILANCA!E16 -> 0 | E994: 0 | F994: 0 | G994: =B994/1000*C994+B994/500*D994 -> 0 | H994: =ABS(C994-ROUND(C994,0))+ABS(D994-ROUND(D994,0)) -> 0
A995: 152 | B995: 12 | C995: =BILANCA!D17 -> 0 | D995: =BILANCA!E17 -> 0 | E995: 0 | F995: 0 | G995: =B995/1000*C995+B995/500*D995 -> 0 | H995: =ABS(C995-ROUND(C995,0))+ABS(D995-ROUND(D995,0)) -> 0
... A1151: 152 | B1151: 168 | C1151: =BILANCA!D173 -> 0 | D1151: =BILANCA!E173 -> 0 | E1151: 0 | F1151: 0 | G1151: =B1151/1000*C1151+B1151/500*D1151 -> 0 | H1151: =ABS(C1151-ROUND(C1151,0))+ABS(D1151-ROUND(D1151,0)) -> 0
A1152: 152 | B1152: 169 | C1152: =BILANCA!D175 -> 0 | D1152: =BILANCA!E175 -> 54765.51 | E1152: 0 | F1152: 0 | G1152: =B1152/1000*C1152+B1152/500*D1152 -> 18510.742 | H1152: =ABS(C1152-ROUND(C1152,0))+ABS(D1152-ROUND(D1152,0)) -> 0.49
A1153: 152 | B1153: 170 | C1153: =BILANCA!D176 -> 0 | D1153: =BILANCA!E176 -> 99270.42 | E1153: 0 | F1153: 0 | G1153: =B1153/1000*C1153+B1153/500*D1153 -> 33751.943 | H1153: =ABS(C1153-ROUND(C1153,0))+ABS(D1153-ROUND(D1153,0)) -> 0.42
A1154: 152 | B1154: 171 | C1154: =BILANCA!D177 -> 0 | D1154: =BILANCA!E177 -> 99270.42 | E1154: 0 | F1154: 0 | G1154: =B1154/1000*C1154+B1154/500*D1154 -> 33950.484 | H1154: =ABS(C1154-ROUND(C1154,0))+ABS(D1154-ROUND(D1154,0)) -> 0.42
A1155: 152 | B1155: 172 | C1155: =BILANCA!D178 -> 0 | D1155: =BILANCA!E178 -> 91113.2 | E1155: 0 | F1155: 0 | G1155: =B1155/1000*C1155+B1155/500*D1155 -> 31342.941 | H1155: =ABS(C1155-ROUND(C1155,0))+ABS(D1155-ROUND(D1155,0)) -> 0.2
A1156: 152 | B1156: 173 | C1156: =BILANCA!D179 -> 0 | D1156: =BILANCA!E179 -> 8157.22 | E1156: 0 | F1156: 0 | G1156: =B1156/1000*C1156+B1156/500*D1156 -> 2822.3981 | H1156: =ABS(C1156-ROUND(C1156,0))+ABS(D1156-ROUND(D1156,0)) -> 0.22
A1157: 152 | B1157: 174 | C1157: =BILANCA!D180 -> 0 | D1157: =BILANCA!E180 -> 0 | E1157: 0 | F1157: 0 | G1157: =B1157/1000*C1157+B1157/500*D1157 -> 0 | H1157: =ABS(C1157-ROUND(C1157,0))+ABS(D1157-ROUND(D1157,0)) -> 0
A1158: 152 | B1158: 175 | C1158: =BILANCA!D181 -> 0 | D1158: =BILANCA!E181 -> 0 | E1158: 0 | F1158: 0 | G1158: =B1158/1000*C1158+B1158/500*D1158 -> 0 | H1158: =ABS(C1158-ROUND(C1158,0))+ABS(D1158-ROUND(D1158,0)) -> 0
A1159: 152 | B1159: 176 | C1159: =BILANCA!D182 -> 0 | D1159: =BILANCA!E182 -> 0 | E1159: 0 | F1159: 0 | G1159: =B1159/1000*C1159+B1159/500*D1159 -> 0 | H1159: =ABS(C1159-ROUND(C1159,0))+ABS(D1159-ROUND(D1159,0)) -> 0
A1160: 152 | B1160: 177 | C1160: =BILANCA!D183 -> 0 | D1160: =BILANCA!E183 -> 0 | E1160: 0 | F1160: 0 | G1160: =B1160/1000*C1160+B1160/500*D1160 -> 0 | H1160: =ABS(C1160-ROUND(C1160,0))+ABS(D1160-ROUND(D1160,0)) -> 0
A1161: 152 | B1161: 178 | C1161: =BILANCA!D184 -> 0 | D1161: =BILANCA!E184 -> 0 | E1161: 0 | F1161: 0 | G1161: =B1161/1000*C1161+B1161/500*D1161 -> 0 | H1161: =ABS(C1161-ROUND(C1161,0))+ABS(D1161-ROUND(D1161,0)) -> 0
A1162: 152 | B1162: 179 | C1162: =BILANCA!D185 -> 0 | D1162: =BILANCA!E185 -> 0 | E1162: 0 | F1162: 0 | G1162: =B1162/1000*C1162+B1162/500*D1162 -> 0 | H1162: =ABS(C1162-ROUND(C1162,0))+ABS(D1162-ROUND(D1162,0)) -> 0
A1163: 152 | B1163: 180 | C1163: =BILANCA!D186 -> 0 | D1163: =BILANCA!E186 -> 0 | E1163: 0 | F1163: 0 | G1163: =B1163/1000*C1163+B1163/500*D1163 -> 0 | H1163: =ABS(C1163-ROUND(C1163,0))+ABS(D1163-ROUND(D1163,0)) -> 0
... A1237: 152 | B1237: 254 | C1237: =BILANCA!D260 -> 0 | D1237: =BILANCA!E260 -> 7738087.9 | E1237: 0 | F1237: 0 | G1237: =B1237/1000*C1237+B1237/500*D1237 -> 3930948.7 | H1237: =ABS(C1237-ROUND(C1237,0))+ABS(D1237-ROUND(D1237,0)) -> 0.06
A1238: 152 | B1238: 255 | C1238: =BILANCA!D262 -> 0 | D1238: =BILANCA!E262 -> 0 | E1238: 0 | F1238: 0 | G1238: =B1238/1000*C1238+B1238/500*D1238 -> 0 | H1238: =ABS(C1238-ROUND(C1238,0))+ABS(D1238-ROUND(D1238,0)) -> 0
A1239: 152 | B1239: 256 | C1239: =BILANCA!D263 -> 0 | D1239: =BILANCA!E263 -> 0 | E1239: 0 | F1239: 0 | G1239: =B1239/1000*C1239+B1239/500*D1239 -> 0 | H1239: =ABS(C1239-ROUND(C1239,0))+ABS(D1239-ROUND(D1239,0)) -> 0
A1240: 152 | B1240: 257 | C1240: =BILANCA!D264 -> 0 | D1240: =BILANCA!E264 -> 0 | E1240: 0 | F1240: 0 | G1240: =B1240/1000*C1240+B1240/500*D1240 -> 0 | H1240: =ABS(C1240-ROUND(C1240,0))+ABS(D1240-ROUND(D1240,0)) -> 0
A1241: 152 | B1241: 258 | C1241: =BILANCA!D265 -> 0 | D1241: =BILANCA!E265 -> 38850 | E1241: 0 | F1241: 0 | G1241: =B1241/1000*C1241+B1241/500*D1241 -> 20046.6 | H1241: =ABS(C1241-ROUND(C1241,0))+ABS(D1241-ROUND(D1241,0)) -> 0
A1242: 152 | B1242: 259 | C1242: =BILANCA!D266 -> 0 | D1242: =BILANCA!E266 -> 0 | E1242: 0 | F1242: 0 | G1242: =B1242/1000*C1242+B1242/500*D1242 -> 0 | H1242: =ABS(C1242-ROUND(C1242,0))+ABS(D1242-ROUND(D1242,0)) -> 0
A1243: 152 | B1243: 260 | C1243: =BILANCA!D267 -> 0 | D1243: =BILANCA!E267 -> 0 | E1243: 0 | F1243: 0 | G1243: =B1243/1000*C1243+B1243/500*D1243 -> 0 | H1243: =ABS(C1243-ROUND(C1243,0))+ABS(D1243-ROUND(D1243,0)) -> 0
A1244: 152 | B1244: 261 | C1244: =BILANCA!D268 -> 0 | D1244: =BILANCA!E268 -> 0 | E1244: 0 | F1244: 0 | G1244: =B1244/1000*C1244+B1244/500*D1244 -> 0 | H1244: =ABS(C1244-ROUND(C1244,0))+ABS(D1244-ROUND(D1244,0)) -> 0
A1245: 152 | B1245: 262 | C1245: =BILANCA!D269 -> 0 | D1245: =BILANCA!E269 -> 0 | E1245: 0 | F1245: 0 | G1245: =B1245/1000*C1245+B1245/500*D1245 -> 0 | H1245: =ABS(C1245-ROUND(C1245,0))+ABS(D1245-ROUND(D1245,0)) -> 0
A1246: 152 | B1246: 263 | C1246: =BILANCA!D270 -> 0 | D1246: =BILANCA!E270 -> 0 | E1246: 0 | F1246: 0 | G1246: =B1246/1000*C1246+B1246/500*D1246 -> 0 | H1246: =ABS(C1246-ROUND(C1246,0))+ABS(D1246-ROUND(D1246,0)) -> 0
A1247: 152 | B1247: 264 | C1247: =BILANCA!D271 -> 0 | D1247: =BILANCA!E271 -> 0 | E1247: 0 | F1247: 0 | G1247: =B1247/1000*C1247+B1247/500*D1247 -> 0 | H1247: =ABS(C1247-ROUND(C1247,0))+ABS(D1247-ROUND(D1247,0)) -> 0
A1248: 152 | B1248: 265 | C1248: =BILANCA!D272 -> 0 | D1248: =BILANCA!E272 -> 0 | E1248: 0 | F1248: 0 | G1248: =B1248/1000*C1248+B1248/500*D1248 -> 0 | H1248: =ABS(C1248-ROUND(C1248,0))+ABS(D1248-ROUND(D1248,0)) -> 0
A1249: 152 | B1249: 266 | C1249: =BILANCA!D273 -> 0 | D1249: =BILANCA!E273 -> 0 | E1249: 0 | F1249: 0 | G1249: =B1249/1000*C1249+B1249/500*D1249 -> 0 | H1249: =ABS(C1249-ROUND(C1249,0))+ABS(D1249-ROUND(D1249,0)) -> 0
... A1298: 152 | B1298: 315 | C1298: =BILANCA!D322 -> 0 | D1298: =BILANCA!E322 -> 0 | E1298: 0 | F1298: 0 | G1298: =B1298/1000*C1298+B1298/500*D1298 -> 0 | H1298: =ABS(C1298-ROUND(C1298,0))+ABS(D1298-ROUND(D1298,0)) -> 0
...

Sheet Upute
A1: OSNOVNE UPUTE ZA UNOS PODATAKA
A3: Izvještaji su napravljeni u Excel datoteci te u slučaju popunjavanja obrasca u starim verzijama MS Excel-a važno je da se datoteka spremi u novoj verziji, tj. mora se snimiti u novijem ".xlsx" formatu. Predaja ovih obrazaca moguća je samo putem web servisa.
A4: Sva bitna pravila o popunjavanju obrazaca, poslovnim pravilima navedena su u nastavku uputa, ono što nije objašnjeno u uputama opisano je u kontrolama koje javljaju pogrešku. Prije nego rješenje problema potražite na broju telefona ili adresi e-pošte na dnu uputa, pokušajte ga pronaći u sklopu uputa. Također, novost je da prilikom uvoza samog dokumenta u aplikaciju, u slučaju pogreški, aplikacija će iste javiti!
A5: Analizom najčešćih pogrešaka prilikom popunjavanja i predaje, nastojali smo na najmanju moguću mjeru smanjiti mogućnost pogreške pri popunjavanju te olakšati pronalaženje pogrešaki. Pozadina ćelije koja je upisana s predznakom minus tamo gdje to nije dopušteno obojat će se crvenom bojom. Iako je onemogućen ručni upis takvih podataka, programi koji pune Excel datoteku mogu u svaku ćeliju "zgurati" bilo kakvu vrijednost pa je kontrola ovog tipa potrebna. Također, novost je da prilikom uvoza samog dokumenta u aplikaciju, u slučaju pogreški, aplikacija će iste javiti!
A6: U nastavku su dane tehničke upute o popunjavanju obrazaca.
A7: U obrasce se unose iznosi samo pojedinačnih stavki. Sumarne stavke zaštićene su, u njih nije moguć unos, a izračunavaju se automatski na osnovu upisanih pojedinačnih iznosa. Iznosi s lipama su dopušteni. Sumarne stavke u obrascu su plave boje s podebljanim tipom slova (bold) da se bolje razlikuju. Vrijednosti tih pozicija izračunat će se automatski na osnovu upisanih pojedinačnih stavaka. Na obrascima koji imaju stupac indeks, taj podatak se ne upisuje već se izračunava automatski na osnovu upisanih vrijednosti. Tamo gdje indeks nije moguće izračunati pojavit će se crtica "-", a tamo gdje je indeks veći od 1000 pojavit će se tekst ">>100".
A8: Vrlo važno: Kod unosa vrijednosti naprednijim metodama Kopiraj/Zalijepi (Copy/Paste) iz nekih drugih dokumenata OBAVEZNO koristite metodu Copy (Kopiraj), a ne Cut (Izreži), jer se kod korištenja metode Cut/Paste nepovratno pokvari struktura datoteke. Isto tako, kod Paste metode koristite opciju Paste Special (Posebno lijepljenje), pa odaberite Vrijednosti (Value). Ni u kom slučaju ne prenosite krivo upisane iznose s jedne pozicije u excel-u na drugu tako da ih odvlačite mišem na ispravno mjesto. Ovo je i dalje vrlo česta pogreška i takav način rada trajno oštećuje Excel datoteku (potrebno je novu popuniti od nule). Ni u kom slučaju ne brišite postojeće radne listove, ne mijenjajte nazive postojećih, ne uključujte dijeljenje ili zaštitu radne knjige, ne ubacujte linkove na neke druge dokumente. S obzirom da su svi radni listovi međusobno povezani formulama koje služe kao kontrola, svaka od spomenutih radnji rezultira da Excel datoteka postane neupotrebljiva za računalnu obradu i morat ćete ispuniti novu datoteku.
A9: Kontrole obrazaca su na razini pojedinog obrasca. Kontrole na razini pojedinog obrasca provjeravajte nakon popunjavanja tog obrasca. Ako neka kontrola nije zadovoljena ispravite podatak.
A10: Korisnici Open Office-a: Koristite li starije verzije OpenOffice-a možete s Interneta besplatno skinuti zadnju verziju OpenOffice-a, jer obrasci popunjeni u starijim verzijama mogli bi biti nečitki nakon predaje u aplikaciju. Također, neke verzije Excel-a ne rade dobro bez svih zakrpa (Service Pack-ova), zato provjerite sa svojim informatičarima imate li na računalu instalirane sve zakrpe za program koji koristitie za popunjavanje. Ispravan format ima nastavak .xlsx. Promjena samo nastavka u nazivu datoteke ne mijenja stvarni format datoteke pa će takva datoteka i dalje biti problem ako je samo preimenujete iz *.xls u *.xlsx.
A11: Imate li problema tehničke naravi s popunjavanjem obrasca, radom kontrola i slično, dostavite nam popunjenu problematičnu Excel datoteku zajedno s Vašim kontakt podacima te podacima o programu koji i koju verziju koristite za popunjavanje na adresu e-pošte: rkpfi@mfin.hr.

Sheet RefStr
A2: REFERENTNA STRANICA
I3: Verzija 8.0.3
A4: Izvještaji proračuna, proračunskih i izvanproračunskih korisnika
B6: RKP: | C6: 52637 | H6: Popunjen | I6: Broj pogrešaka
E7: Pregled popunjenosti obrazaca: | F7: PR-RAS | H7: =IF(OR(MAX(Skriveni!C2:F983)>0,MIN(Skriveni!C2:F983)<0),"DA","NE") -> DA | I7: =IF(AND(H7="DA",Kont!E19>0),Kont!E19,"Nema") -> Nema
B8: Naziv obveznika: | C8: Dječji vrtić Lađica | F8: BILANCA | H8: =IF(OR(MAX(Skriveni!C984:D1298)>0,MIN(Skriveni!C984:D1298)<0),"DA","NE") -> DA | I8: =IF(AND(H8="DA",Kont!E275>0),Kont!E275,"Nema") -> Nema
F9: RAS funkcijski | H9: =IF(OR(MAX(Skriveni!C1299:D1435)>0,MIN(Skriveni!C1299:D1435)<0),"DA","NE") -> DA | I9: =IF(AND(H9="DA",Kont!E298>0),Kont!E298,"Nema") -> Nema
B10: Razina: | C10: 21 | F10: P-VRIO | H10: {=IF(OR(SUMPRODUCT(--('P-VRIO'!D8:E21<>""))<>0,SUMPRODUCT(--('P-VRIO'!D24:E29<>""))<>0,SUMPRODUCT(--('P-VRIO'!D31:E37<>""))<>0,SUMPRODUCT(--('P-VRIO'!D40:E43<>""))<>0,SUMPRODUCT(--('P-VRIO'!D45:E48<>""))<>0),"DA","NE")} -> DA | I10: =IF(Kont!E296>0,Kont!E296,"Nema") -> Nema
F11: OBVEZE | H11: =IF(OR(MAX(Skriveni!C1480:C1580)>0,MIN(Skriveni!C1480:C1580)<0),"DA","NE") -> DA | I11: =IF(AND(H11="DA",Kont!E293>0),Kont!E293,"Nema") -> Nema
B12: Oznaka razdoblja: | C12: 2022-12
A15: Obrazac | B15: Opis stavke | G15: Šifra | H15: Prethodna godina / početak godine | I15: Tekuća godina / kraj godine
A16: PR-RAS | B16: ='PR-RAS'!B6 -> PRIHODI POSLOVANJA (šifre 61+62+63+64+65+66+67+68) | G16: ='PR-RAS'!C6 -> 6 | H16: ='PR-RAS'!D6 -> 0 | I16: ='PR-RAS'!E6 -> 41000.01
B17: ='PR-RAS'!B151 -> RASHODI POSLOVANJA (šifre 31+32+34+35+36+37+38) | G17: ='PR-RAS'!C151 -> 3 | H17: ='PR-RAS'!D151 -> 0 | I17: ='PR-RAS'!E151 -> 124354.92
B18: ='PR-RAS'!B645 -> Višak prihoda i primitaka raspoloživ u sljedećem razdoblju (šifre X005 + '9221-9222' - Y005 - '9222-9221') | G18: ='PR-RAS'!C645 -> X006 | H18: ='PR-RAS'!D645 -> 0 | I18: ='PR-RAS'!E645 -> 0
B19: ='PR-RAS'!B646 -> Manjak prihoda i primitaka za pokriće u sljedećem razdoblju (šifre Y005 + '9222-9221' - X005 - '9221-9222' ) | G19: ='PR-RAS'!C646 -> Y006 | H19: ='PR-RAS'!D646 -> 0 | I19: ='PR-RAS'!E646 -> 83354.91
A20: BILANCA | B20: =BILANCA!B7 -> Nefinancijska imovina (šifre 01+02+03+04+05+06) | G20: =BILANCA!C7 -> B002 | H20: =BILANCA!D7 -> 0 | I20: =BILANCA!E7 -> 0
B21: =BILANCA!B68 -> Financijska imovina (šifre 11+12+13+14+15+16+17+19) | G21: =BILANCA!C68 -> 1 | H21: =BILANCA!D68 -> 0 | I21: =BILANCA!E68 -> 54765.51
B22: =BILANCA!B176 -> Obveze (šifre 23+24+25+26+29) | G22: =BILANCA!C176 -> 2 | H22: =BILANCA!D176 -> 0 | I22: =BILANCA!E176 -> 99270.42
B23: =BILANCA!B237 -> Vlastiti izvori (šifre 91 + 922 - 93 + 96 do 98) | G23: =BILANCA!C237 -> 9 | H23: =BILANCA!D237 -> 0 | I23: =BILANCA!E237 -> -44504.91
A24: RAS-funkcijski | B24: ='RAS-funkcijski'!B5 -> Opće javne usluge (šifre 011+012+013+014 do 018) | G24: ='RAS-funkcijski'!C5 -> 01 | H24: ='RAS-funkcijski'!D5 -> 0 | I24: ='RAS-funkcijski'!E5 -> 0
B25: ='RAS-funkcijski'!B35 -> Ekonomski poslovi (šifre 041+042+043+044+045+046+047+048+049) | G25: ='RAS-funkcijski'!C35 -> 04 | H25: ='RAS-funkcijski'!D35 -> 0 | I25: ='RAS-funkcijski'!E35 -> 0
B26: ='RAS-funkcijski'!B88 -> Rashodi vezani za stanovanje i kom. pogodnosti koji nisu drugdje svrstani | G26: ='RAS-funkcijski'!C88 -> 066 | H26: ='RAS-funkcijski'!D88 -> 0 | I26: ='RAS-funkcijski'!E88 -> 0
B27: ='RAS-funkcijski'!B114 -> Obrazovanje (šifre 091+092+093+094+095+096+097+098) | G27: ='RAS-funkcijski'!C114 -> 09 | H27: ='RAS-funkcijski'!D114 -> 0 | I27: ='RAS-funkcijski'!E114 -> 124354.92
B28: ='RAS-funkcijski'!B141 -> Kontrolni zbroj (šifre 01+02+03+04+05+06+07+08+09+10) | G28: ='RAS-funkcijski'!C141 -> R1 | H28: ='RAS-funkcijski'!D141 -> 0 | I28: ='RAS-funkcijski'!E141 -> 124354.92
A29: P-VRIO | B29: ='P-VRIO'!B5 -> Promjene u vrijednosti i obujmu imovine (šifre 91511+91512) | G29: ='P-VRIO'!C5 -> 9151 | H29: ='P-VRIO'!D5 -> 0 | I29: ='P-VRIO'!E5 -> 0
B30: ='P-VRIO'!B22 -> Promjene u obujmu imovine (šifre P016+P023) | G30: ='P-VRIO'!C22 -> 91512 | H30: ='P-VRIO'!D22 -> 0 | I30: ='P-VRIO'!E22 -> 0
B31: ='P-VRIO'!B38 -> Promjene u vrijednosti (revalorizacija) i obujmu obveza (šifre 91521+91522) | G31: ='P-VRIO'!C38 -> 9152 | H31: ='P-VRIO'!D38 -> 0 | I31: ='P-VRIO'!E38 -> 0
B32: ='P-VRIO'!B44 -> Promjene u obujmu obveza (šifre P035 do P038) | G32: ='P-VRIO'!C44 -> 91522 | H32: ='P-VRIO'!D44 -> 0 | I32: ='P-VRIO'!E44 -> 0
A33: OBVEZE | B33: =OBVEZE!B5 -> Stanje obveza 1. siječnja (=stanju obveza iz Izvještaja o obvezama na 31. prosinca prethodne godine) | G33: =OBVEZE!C5 -> V001 | H33: - | I33: =OBVEZE!D5 -> 0
B34: =OBVEZE!B42 -> Stanje obveza na kraju izvještajnog razdoblja (šifre V001+V002-V004) i (šifre V007+V009) | G34: =OBVEZE!C42 -> V006 | H34: - | I34: =OBVEZE!D42 -> 99270.42
B35: =OBVEZE!B43 -> Stanje dospjelih obveza na kraju izvještajnog razdoblja (šifre V008+D23+D24 + 'D dio 25,26') | G35: =OBVEZE!C43 -> V007 | H35: - | I35: =OBVEZE!D43 -> 0
B36: =OBVEZE!B101 -> Stanje nedospjelih obveza na kraju izvještajnog razdoblja (šifre V010 + ND23 + ND24 + 'ND dio 25,26') | G36: =OBVEZE!C101 -> V009 | H36: - | I36: =OBVEZE!D101 -> 99270.42
H39: Potpis odgovorne osobe i pečat

Sheet PR-RAS
A2: IZVJEŠTAJ O PRIHODIMA I RASHODIMA, PRIMICIMA I IZDACIMA
A3: Račun iz Rač. plana | B3: Opis stavke | C3: Šifra | D3: Ostvareno u izvještajnom razdoblju preth. godine | E3: Ostvareno u izvještajnom razdoblju tekuće godine | F3: Indeks (5/4)
A4: 1 | B4: 2 | C4: 3 | D4: 4 | E4: 5 | F4: 6
A5: Prihodi i rashodi poslovanja
A6: 6 | B6: PRIHODI POSLOVANJA (šifre 61+62+63+64+65+66+67+68) | C6: 6 | D6: =D7+D44+D50+D82+D106+D124+D133+D139 -> 0 | E6: =E7+E44+E50+E82+E106+E124+E133+E139 -> 41000.01 | F6: =IF(D6<>0,IF(E6/D6>=100,">>100",E6/D6*100),"-") -> -
A7: 61 | B7: Prihodi od poreza (šifre 611+612+613+614+615+616) | C7: 61 | D7: =D8+D17+D23+D29+D37+D40 -> 0 | E7: =E8+E17+E23+E29+E37+E40 -> 0 | F7: =IF(D7<>0,IF(E7/D7>=100,">>100",E7/D7*100),"-") -> -
A8: 611 | B8: Porez i prirez na dohodak (šifre 6111 do 6116 - 6117 - 6119) | C8: 611 | D8: =SUM(D9:D14)-D15-D16 -> 0 | E8: =SUM(E9:E14)-E15-E16 -> 0 | F8: =IF(D8<>0,IF(E8/D8>=100,">>100",E8/D8*100),"-") -> -
A9: 6111 | B9: Porez i prirez na dohodak od nesamostalnog rada | C9: 6111 | F9: =IF(D9<>0,IF(E9/D9>=100,">>100",E9/D9*100),"-") -> -
A10: 6112 | B10: Porez i prirez na dohodak od samostalnih djelatnosti | C10: 6112 | F10: =IF(D10<>0,IF(E10/D10>=100,">>100",E10/D10*100),"-") -> -
A11: 6113 | B11: Porez i prirez na dohodak od imovine i imovinskih prava | C11: 6113 | F11: =IF(D11<>0,IF(E11/D11>=100,">>100",E11/D11*100),"-") -> -
A12: 6114 | B12: Porez i prirez na dohodak od kapitala | C12: 6114 | F12: =IF(D12<>0,IF(E12/D12>=100,">>100",E12/D12*100),"-") -> -
A13: 6115 | B13: Porez i prirez na dohodak po godišnjoj prijavi | C13: 6115 | F13: =IF(D13<>0,IF(E13/D13>=100,">>100",E13/D13*100),"-") -> -
A14: 6116 | B14: Porez i prirez na dohodak utvrđen u postupku nadzora za prethodne godine | C14: 6116 | F14: =IF(D14<>0,IF(E14/D14>=100,">>100",E14/D14*100),"-") -> -
A15: 6117 | B15: Povrat poreza i prireza na dohodak po godišnjoj prijavi | C15: 6117 | F15: =IF(D15<>0,IF(E15/D15>=100,">>100",E15/D15*100),"-") -> -
A16: 6119 | B16: Povrat više ostvarenog poreza na dohodak za decentralizirane funkcije | C16: 6119 | F16: =IF(D16<>0,IF(E16/D16>=100,">>100",E16/D16*100),"-") -> -
A17: 612 | B17: Porez na dobit (šifre 6121 do 6124 - 6125) | C17: 612 | D17: =SUM(D18:D21)-D22 -> 0 | E17: =SUM(E18:E21)-E22 -> 0 | F17: =IF(D17<>0,IF(E17/D17>=100,">>100",E17/D17*100),"-") -> -
A18: 6121 | B18: Porez na dobit od poduzetnika | C18: 6121 | F18: =IF(D18<>0,IF(E18/D18>=100,">>100",E18/D18*100),"-") -> -
A19: 6122 | B19: Porez na dobit po odbitku na naknade za korištenje prava i za usluge | C19: 6122 | F19: =IF(D19<>0,IF(E19/D19>=100,">>100",E19/D19*100),"-") -> -
A20: 6123 | B20: Porez na dobit po odbitku na kamate, dividende i udjele u dobiti | C20: 6123 | F20: =IF(D20<>0,IF(E20/D20>=100,">>100",E20/D20*100),"-") -> -
A21: 6124 | B21: Porez na dobit po godišnjoj prijavi | C21: 6124 | F21: =IF(D21<>0,IF(E21/D21>=100,">>100",E21/D21*100),"-") -> -
A22: 6125 | B22: Povrat poreza na dobit po godišnjoj prijavi | C22: 6125 | F22: =IF(D22<>0,IF(E22/D22>=100,">>100",E22/D22*100),"-") -> -
A23: 613 | B23: Porezi na imovinu (šifre 6131 do 6135) | C23: 613 | D23: =SUM(D24:D28) -> 0 | E23: =SUM(E24:E28) -> 0 | F23: =IF(D23<>0,IF(E23/D23>=100,">>100",E23/D23*100),"-") -> -
A24: 6131 | B24: Stalni porezi na nepokretnu imovinu | C24: 6131 | F24: =IF(D24<>0,IF(E24/D24>=100,">>100",E24/D24*100),"-") -> -
A25: 6132 | B25: Porez na nasljedstva i darove | C25: 6132 | F25: =IF(D25<>0,IF(E25/D25>=100,">>100",E25/D25*100),"-") -> -
A26: 6133 | B26: Porez na kapitalne i financijske transakcije | C26: 6133 | F26: =IF(D26<>0,IF(E26/D26>=100,">>100",E26/D26*100),"-") -> -
A27: 6134 | B27: Povremeni porezi na imovinu | C27: 6134 | F27: =IF(D27<>0,IF(E27/D27>=100,">>100",E27/D27*100),"-") -> -
A28: 6135 | B28: Ostali stalni porezi na imovinu | C28: 6135 | F28: =IF(D28<>0,IF(E28/D28>=100,">>100",E28/D28*100),"-") -> -
A29: 614 | B29: Porezi na robu i usluge (šifre 6141 do 6148) | C29: 614 | D29: =SUM(D30:D36) -> 0 | E29: =SUM(E30:E36) -> 0 | F29: =IF(D29<>0,IF(E29/D29>=100,">>100",E29/D29*100),"-") -> -
A30: 6141 | B30: Porez na dodanu vrijednost | C30: 6141 | F30: =IF(D30<>0,IF(E30/D30>=100,">>100",E30/D30*100),"-") -> -
A31: 6142 | B31: Porez na promet | C31: 6142 | F31: =IF(D31<>0,IF(E31/D31>=100,">>100",E31/D31*100),"-") -> -
A32: 6143 | B32: Posebni porezi i trošarine | C32: 6143 | F32: =IF(D32<>0,IF(E32/D32>=100,">>100",E32/D32*100),"-") -> -
A33: 6145 | B33: Porezi na korištenje dobara ili izvođenje aktivnosti | C33: 6145 | F33: =IF(D33<>0,IF(E33/D33>=100,">>100",E33/D33*100),"-") -> -
A34: 6146 | B34: Ostali porezi na robu i usluge | C34: 6146 | F34: =IF(D34<>0,IF(E34/D34>=100,">>100",E34/D34*100),"-") -> -
A35: 6147 | B35: Porez na dobitke od igara na sreću i ostali porezi od igara na sreću | C35: 6147 | F35: =IF(D35<>0,IF(E35/D35>=100,">>100",E35/D35*100),"-") -> -
A36: 6148 | B36: Naknade za priređivanje igara na sreću | C36: 6148 | F36: =IF(D36<>0,IF(E36/D36>=100,">>100",E36/D36*100),"-") -> -
A37: 615 | B37: Porezi na međunarodnu trgovinu i transakcije (šifre 6151+6152) | C37: 615 | D37: =SUM(D38:D39) -> 0 | E37: =SUM(E38:E39) -> 0 | F37: =IF(D37<>0,IF(E37/D37>=100,">>100",E37/D37*100),"-") -> -
A38: 6151 | B38: Carine i carinske pristojbe | C38: 6151 | F38: =IF(D38<>0,IF(E38/D38>=100,">>100",E38/D38*100),"-") -> -
A39: 6152 | B39: Ostali porezi na međunarodnu trgovinu i transakcije | C39: 6152 | F39: =IF(D39<>0,IF(E39/D39>=100,">>100",E39/D39*100),"-") -> -
A40: 616 | B40: Ostali prihodi od poreza (šifre 6161 do 6163) | C40: 616 | D40: =SUM(D41:D43) -> 0 | E40: =SUM(E41:E43) -> 0 | F40: =IF(D40<>0,IF(E40/D40>=100,">>100",E40/D40*100),"-") -> -
A41: 6161 | B41: Ostali prihodi od poreza koje plaćaju pravne osobe | C41: 6161 | F41: =IF(D41<>0,IF(E41/D41>=100,">>100",E41/D41*100),"-") -> -
A42: 6162 | B42: Ostali prihodi od poreza koje plaćaju fizičke osobe | C42: 6162 | F42: =IF(D42<>0,IF(E42/D42>=100,">>100",E42/D42*100),"-") -> -
A43: 6163 | B43: Ostali neraspoređeni prihodi od poreza | C43: 6163 | F43: =IF(D43<>0,IF(E43/D43>=100,">>100",E43/D43*100),"-") -> -
A44: 62 | B44: Doprinosi (šifre 621+622+623) | C44: 62 | D44: =D45+D48+D49 -> 0 | E44: =E45+E48+E49 -> 0 | F44: =IF(D44<>0,IF(E44/D44>=100,">>100",E44/D44*100),"-") -> -
A45: 621 | B45: Doprinosi za zdravstveno osiguranje (šifre 6211+6212) | C45: 621 | D45: =SUM(D46:D47) -> 0 | E45: =SUM(E46:E47) -> 0 | F45: =IF(D45<>0,IF(E45/D45>=100,">>100",E45/D45*100),"-") -> -
A46: 6211 | B46: Doprinosi za obvezno zdravstveno osiguranje | C46: 6211 | F46: =IF(D46<>0,IF(E46/D46>=100,">>100",E46/D46*100),"-") -> -
A47: 6212 | B47: Doprinosi za obvezno zdravstveno osiguranje za slučaj ozljede na radu | C47: 6212 | F47: =IF(D47<>0,IF(E47/D47>=100,">>100",E47/D47*100),"-") -> -
A48: 622 | B48: Doprinosi za mirovinsko osiguranje | C48: 622 | F48: =IF(D48<>0,IF(E48/D48>=100,">>100",E48/D48*100),"-") -> -
A49: 623 | B49: Doprinosi za zapošljavanje | C49: 623 | F49: =IF(D49<>0,IF(E49/D49>=100,">>100",E49/D49*100),"-") -> -
A50: 63 | B50: Pomoći iz inozemstva i od subjekata unutar općeg proračuna (šifre 631+632+633+634+635+636+637+638+639) | C50: 63 | D50: =D51+D54+D59+D62+D65+D68+D71+D74+D77 -> 0 | E50: =E51+E54+E59+E62+E65+E68+E71+E74+E77 -> 0 | F50: =IF(D50<>0,IF(E50/D50>=100,">>100",E50/D50*100),"-") -> -
A51: 631 | B51: Pomoći od inozemnih vlada (šifre 6311+6312) | C51: 631 | D51: =D52+D53 -> 0 | E51: =E52+E53 -> 0 | F51: =IF(D51<>0,IF(E51/D51>=100,">>100",E51/D51*100),"-") -> -
A52: 6311 | B52: Tekuće pomoći od inozemnih vlada | C52: 6311 | F52: =IF(D52<>0,IF(E52/D52>=100,">>100",E52/D52*100),"-") -> -
A53: 6312 | B53: Kapitalne pomoći od inozemnih vlada | C53: 6312 | F53: =IF(D53<>0,IF(E53/D53>=100,">>100",E53/D53*100),"-") -> -
A54: 632 | B54: Pomoći od međunarodnih organizacija te institucija i tijela EU (šifre 6321 do 6324) | C54: 632 | D54: =SUM(D55:D58) -> 0 | E54: =SUM(E55:E58) -> 0 | F54: =IF(D54<>0,IF(E54/D54>=100,">>100",E54/D54*100),"-") -> -
A55: 6321 | B55: Tekuće pomoći od međunarodnih organizacija | C55: 6321 | F55: =IF(D55<>0,IF(E55/D55>=100,">>100",E55/D55*100),"-") -> -
A56: 6322 | B56: Kapitalne pomoći od međunarodnih organizacija | C56: 6322 | F56: =IF(D56<>0,IF(E56/D56>=100,">>100",E56/D56*100),"-") -> -
A57: 6323 | B57: Tekuće pomoći od institucija i tijela EU | C57: 6323 | F57: =IF(D57<>0,IF(E57/D57>=100,">>100",E57/D57*100),"-") -> -
A58: 6324 | B58: Kapitalne pomoći od institucija i tijela EU | C58: 6324 | F58: =IF(D58<>0,IF(E58/D58>=100,">>100",E58/D58*100),"-") -> -
A59: 633 | B59: Pomoći proračunu iz drugih proračuna i izvanproračunskim korisnicima (šifre 6331+6332) | C59: 633 | D59: =SUM(D60:D61) -> 0 | E59: =SUM(E60:E61) -> 0 | F59: =IF(D59<>0,IF(E59/D59>=100,">>100",E59/D59*100),"-") -> -
A60: 6331 | B60: Tekuće pomoći proračunu iz drugih proračuna i izvanproračunskim korisnicima | C60: 6331 | F60: =IF(D60<>0,IF(E60/D60>=100,">>100",E60/D60*100),"-") -> -
A61: 6332 | B61: Kapitalne pomoći proračunu iz drugih proračuna i izvanproračunskim korisnicima | C61: 6332 | F61: =IF(D61<>0,IF(E61/D61>=100,">>100",E61/D61*100),"-") -> -
A62: 634 | B62: Pomoći od izvanproračunskih korisnika (šifre 6341+6342) | C62: 634 | D62: =SUM(D63:D64) -> 0 | E62: =SUM(E63:E64) -> 0 | F62: =IF(D62<>0,IF(E62/D62>=100,">>100",E62/D62*100),"-") -> -
A63: 6341 | B63: Tekuće pomoći od izvanproračunskih korisnika | C63: 6341 | F63: =IF(D63<>0,IF(E63/D63>=100,">>100",E63/D63*100),"-") -> -
A64: 6342 | B64: Kapitalne pomoći od izvanproračunskih korisnika | C64: 6342 | F64: =IF(D64<>0,IF(E64/D64>=100,">>100",E64/D64*100),"-") -> -
A65: 635 | B65: Pomoći izravnanja za decentralizirane funkcije (šifre 6351+6352) | C65: 635 | D65: =SUM(D66:D67) -> 0 | E65: =SUM(E66:E67) -> 0 | F65: =IF(D65<>0,IF(E65/D65>=100,">>100",E65/D65*100),"-") -> -
A66: 6351 | B66: Tekuće pomoći izravnanja za decentralizirane funkcije | C66: 6351 | F66: =IF(D66<>0,IF(E66/D66>=100,">>100",E66/D66*100),"-") -> -
A67: 6352 | B67: Kapitalne pomoći izravnanja za decentralizirane funkcije | C67: 6352 | F67: =IF(D67<>0,IF(E67/D67>=100,">>100",E67/D67*100),"-") -> -
A68: 636 | B68: Pomoći proračunskim korisnicima iz proračuna koji im nije nadležan (šifre 6361+6362) | C68: 636 | D68: =SUM(D69:D70) -> 0 | E68: =SUM(E69:E70) -> 0 | F68: =IF(D68<>0,IF(E68/D68>=100,">>100",E68/D68*100),"-") -> -
A69: 6361 | B69: Tekuće pomoći proračunskim korisnicima iz proračuna koji im nije nadležan | C69: 6361 | F69: =IF(D69<>0,IF(E69/D69>=100,">>100",E69/D69*100),"-") -> -
A70: 6362 | B70: Kapitalne pomoći proračunskim korisnicima iz proračuna koji im nije nadležan | C70: 6362 | F70: =IF(D70<>0,IF(E70/D70>=100,">>100",E70/D70*100),"-") -> -
A71: 637 | B71: Pomoći unutar općeg proračuna temeljem protestiranih jamstava (šifra 6371+6372) | C71: 637 | D71: =SUM(D72:D73) -> 0 | E71: =SUM(E72:E73) -> 0 | F71: =IF(D71<>0,IF(E71/D71>=100,">>100",E71/D71*100),"-") -> -
A72: 6371 | B72: Pomoći primljene unutar općeg proračuna po protestiranim jamstvima | C72: 6371 | F72: =IF(D72<>0,IF(E72/D72>=100,">>100",E72/D72*100),"-") -> -
A73: 6372 | B73: Povrat pomoći danih unutar općeg proračuna po protestiranim jamstvima | C73: 6372 | F73: =IF(D73<>0,IF(E73/D73>=100,">>100",E73/D73*100),"-") -> -
A74: 638 | B74: Pomoći temeljem prijenosa EU sredstava (šifre 6381+6382) | C74: 638 | D74: =SUM(D75:D76) -> 0 | E74: =SUM(E75:E76) -> 0 | F74: =IF(D74<>0,IF(E74/D74>=100,">>100",E74/D74*100),"-") -> -
A75: 6381 | B75: Tekuće pomoći temeljem prijenosa EU sredstava | C75: 6381 | F75: =IF(D75<>0,IF(E75/D75>=100,">>100",E75/D75*100),"-") -> -
A76: 6382 | B76: Kapitalne pomoći temeljem prijenosa EU sredstava | C76: 6382 | F76: =IF(D76<>0,IF(E76/D76>=100,">>100",E76/D76*100),"-") -> -
A77: 639 | B77: Prijenosi između proračunskih korisnika istog proračuna (šifre 6391 do 6394) | C77: 639 | D77: =SUM(D78:D81) -> 0 | E77: =SUM(E78:E81) -> 0 | F77: =IF(D77<>0,IF(E77/D77>=100,">>100",E77/D77*100),"-") -> -
A78: 6391 | B78: Tekući prijenosi između proračunskih korisnika istog proračuna | C78: 6391 | F78: =IF(D78<>0,IF(E78/D78>=100,">>100",E78/D78*100),"-") -> -
A79: 6392 | B79: Kapitalni prijenosi između proračunskih korisnika istog proračuna | C79: 6392 | F79: =IF(D79<>0,IF(E79/D79>=100,">>100",E79/D79*100),"-") -> -
A80: 6393 | B80: Tekući prijenosi između proračunskih korisnika istog proračuna temeljem prijenosa EU sredstava | C80: 6393 | F80: =IF(D80<>0,IF(E80/D80>=100,">>100",E80/D80*100),"-") -> -
A81: 6394 | B81: Kapitalni prijenosi između proračunskih korisnika istog proračuna temeljem prijenosa EU sredstava | C81: 6394 | F81: =IF(D81<>0,IF(E81/D81>=100,">>100",E81/D81*100),"-") -> -
A82: 64 | B82: Prihodi od imovine (šifre 641+642+643) | C82: 64 | D82: =D83+D91+D98 -> 0 | E82: =E83+E91+E98 -> 0.01 | F82: =IF(D82<>0,IF(E82/D82>=100,">>100",E82/D82*100),"-") -> -
A83: 641 | B83: Prihodi od financijske imovine (šifre 6412 do 6419) | C83: 641 | D83: =SUM(D84:D90) -> 0 | E83: =SUM(E84:E90) -> 0.01 | F83: =IF(D83<>0,IF(E83/D83>=100,">>100",E83/D83*100),"-") -> -
A84: 6412 | B84: Prihodi od kamata po vrijednosnim papirima | C84: 6412 | F84: =IF(D84<>0,IF(E84/D84>=100,">>100",E84/D84*100),"-") -> -
A85: 6413 | B85: Kamate na oročena sredstva i depozite po viđenju | C85: 6413 | E85: 0.01 | F85: =IF(D85<>0,IF(E85/D85>=100,">>100",E85/D85*100),"-") -> -
A86: 6414 | B86: Prihodi od zateznih kamata | C86: 6414 | F86: =IF(D86<>0,IF(E86/D86>=100,">>100",E86/D86*100),"-") -> -
A87: 6415 | B87: Prihodi od pozitivnih tečajnih razlika i razlika zbog primjene valutne klauzule | C87: 6415 | F87: =IF(D87<>0,IF(E87/D87>=100,">>100",E87/D87*100),"-") -> -
A88: 6416 | B88: Prihodi od dividendi | C88: 6416 | F88: =IF(D88<>0,IF(E88/D88>=100,">>100",E88/D88*100),"-") -> -
A89: 6417 | B89: Prihodi iz dobiti trgovačkih društava, kreditnih i ostalih financijskih institucija po posebnim propisima | C89: 6417 | F89: =IF(D89<>0,IF(E89/D89>=100,">>100",E89/D89*100),"-") -> -
A90: 6419 | B90: Ostali prihodi od financijske imovine | C90: 6419 | F90: =IF(D90<>0,IF(E90/D90>=100,">>100",E90/D90*100),"-") -> -
A91: 642 | B91: Prihodi od nefinancijske imovine (šifre 6421 do 6429) | C91: 642 | D91: =SUM(D92:D97) -> 0 | E91: =SUM(E92:E97) -> 0 | F91: =IF(D91<>0,IF(E91/D91>=100,">>100",E91/D91*100),"-") -> -
A92: 6421 | B92: Naknade za koncesije | C92: 6421 | F92: =IF(D92<>0,IF(E92/D92>=100,">>100",E92/D92*100),"-") -> -
A93: 6422 | B93: Prihodi od zakupa i iznajmljivanja imovine | C93: 6422 | F93: =IF(D93<>0,IF(E93/D93>=100,">>100",E93/D93*100),"-") -> -
A94: 6423 | B94: Naknada za korištenje nefinancijske imovine | C94: 6423 | F94: =IF(D94<>0,IF(E94/D94>=100,">>100",E94/D94*100),"-") -> -
A95: 6424 | B95: Naknade za ceste | C95: 6424 | F95: =IF(D95<>0,IF(E95/D95>=100,">>100",E95/D95*100),"-") -> -
A96: 6425 | B96: Prihodi od prodaje kratkotrajne nefinancijske imovine | C96: 6425 | F96: =IF(D96<>0,IF(E96/D96>=100,">>100",E96/D96*100),"-") -> -
A97: 6429 | B97: Ostali prihodi od nefinancijske imovine | C97: 6429 | F97: =IF(D97<>0,IF(E97/D97>=100,">>100",E97/D97*100),"-") -> -
A98: 643 | B98: Prihodi od kamata na dane zajmove (šifre 6431 do 6437) | C98: 643 | D98: =SUM(D99:D105) -> 0 | E98: =SUM(E99:E105) -> 0 | F98: =IF(D98<>0,IF(E98/D98>=100,">>100",E98/D98*100),"-") -> -
A99: 6431 | B99: Prihodi od kamata na dane zajmove međunarodnim organizacijama, institucijama i tijelima EU te inozemnim vladama | C99: 6431 | F99: =IF(D99<>0,IF(E99/D99>=100,">>100",E99/D99*100),"-") -> -
A100: 6432 | B100: Prihodi od kamata na dane zajmove neprofitnim organizacijama, građanima i kućanstvima | C100: 6432 | F100: =IF(D100<>0,IF(E100/D100>=100,">>100",E100/D100*100),"-") -> -
A101: 6433 | B101: Prihodi od kamata na dane zajmove kreditnim i ostalim financijskim institucijama u javnom sektoru | C101: 6433 | F101: =IF(D101<>0,IF(E101/D101>=100,">>100",E101/D101*100),"-") -> -
...

Sheet BILANCA
A2: BILANCA
A3: Račun iz Rač. plana | B3: Opis stavke | C3: Šifra | D3: Stanje 1. siječnja | E3: Stanje 31. prosinca | F3: Indeks (5/4)
A4: 1 | B4: 2 | C4: 3 | D4: 4 | E4: 5 | F4: 6
A5: IMOVINA
B6: IMOVINA (šifre B002+1) | C6: B001 | D6: =D7+D68 -> 0 | E6: =E7+E68 -> 54765.51 | F6: =IF(D6>0,IF(E6/D6>=100,">>100",E6/D6*100),"-") -> -
A7: 0 | B7: Nefinancijska imovina (šifre 01+02+03+04+05+06) | C7: B002 | D7: =D8+D12+D51+D52+D56+D63 -> 0 | E7: =E8+E12+E51+E52+E56+E63 -> 0 | F7: =IF(D7>0,IF(E7/D7>=100,">>100",E7/D7*100),"-") -> -
A8: 01 | B8: Neproizvedena dugotrajna imovina (šifre 011+012-019) | C8: 01 | D8: =D9+D10-D11 -> 0 | E8: =E9+E10-E11 -> 0 | F8: =IF(D8>0,IF(E8/D8>=100,">>100",E8/D8*100),"-") -> -
A9: 011 | B9: Materijalna imovina - prirodna bogatstva | C9: 011 | F9: =IF(D9>0,IF(E9/D9>=100,">>100",E9/D9*100),"-") -> -
A10: 012 | B10: Nematerijalna imovina | C10: 012 | F10: =IF(D10>0,IF(E10/D10>=100,">>100",E10/D10*100),"-") -> -
A11: 019 | B11: Ispravak vrijednosti neproizvedene dugotrajne imovine | C11: 019 | F11: =IF(D11>0,IF(E11/D11>=100,">>100",E11/D11*100),"-") -> -
A12: 02 | B12: Proizvedena dugotrajna imovina (šifre '021 i 02921' + '022 i 02922' + '023 i 02923' + '024 i 02924' + '025 i 02925' + '026 i 02926') | C12: 02 | D12: =D13+D19+D29+D35+D41+D45 -> 0 | E12: =E13+E19+E29+E35+E41+E45 -> 0 | F12: =IF(D12>0,IF(E12/D12>=100,">>100",E12/D12*100),"-") -> -
A13: 021 i 02921 | B13: Građevinski objekti (šifre 0211 do 0214 - 02921) | C13: 021 i 02921 | D13: =SUM(D14:D17)-D18 -> 0 | E13: =SUM(E14:E17)-E18 -> 0 | F13: =IF(D13>0,IF(E13/D13>=100,">>100",E13/D13*100),"-") -> -
A14: 0211 | B14: Stambeni objekti | C14: 0211 | F14: =IF(D14>0,IF(E14/D14>=100,">>100",E14/D14*100),"-") -> -
A15: 0212 | B15: Poslovni objekti | C15: 0212 | F15: =IF(D15>0,IF(E15/D15>=100,">>100",E15/D15*100),"-") -> -
A16: 0213 | B16: Ceste, željeznice i ostali prometni objekti | C16: 0213 | F16: =IF(D16>0,IF(E16/D16>=100,">>100",E16/D16*100),"-") -> -
A17: 0214 | B17: Ostali građevinski objekti | C17: 0214 | F17: =IF(D17>0,IF(E17/D17>=100,">>100",E17/D17*100),"-") -> -
A18: 02921 | B18: Ispravak vrijednosti građevinskih objekata | C18: 02921 | F18: =IF(D18>0,IF(E18/D18>=100,">>100",E18/D18*100),"-") -> -
A19: 022 i 02922 | B19: Postrojenja i oprema (šifre 0221 do 0228 - 02922) | C19: 022 i 02922 | D19: =SUM(D20:D27)-D28 -> 0 | E19: =SUM(E20:E27)-E28 -> 0 | F19: =IF(D19>0,IF(E19/D19>=100,">>100",E19/D19*100),"-") -> -
A20: 0221 | B20: Uredska oprema i namještaj | C20: 0221 | F20: =IF(D20>0,IF(E20/D20>=100,">>100",E20/D20*100),"-") -> -
A21: 0222 | B21: Komunikacijska oprema | C21: 0222 | F21: =IF(D21>0,IF(E21/D21>=100,">>100",E21/D21*100),"-") -> -
A22: 0223 | B22: Oprema za održavanje i zaštitu | C22: 0223 | F22: =IF(D22>0,IF(E22/D22>=100,">>100",E22/D22*100),"-") -> -
A23: 0224 | B23: Medicinska i laboratorijska oprema | C23: 0224 | F23: =IF(D23>0,IF(E23/D23>=100,">>100",E23/D23*100),"-") -> -
A24: 0225 | B24: Instrumenti, uređaji i strojevi | C24: 0225 | F24: =IF(D24>0,IF(E24/D24>=100,">>100",E24/D24*100),"-") -> -
A25: 0226 | B25: Sportska i glazbena oprema | C25: 0226 | F25: =IF(D25>0,IF(E25/D25>=100,">>100",E25/D25*100),"-") -> -
A26: 0227 | B26: Uređaji, strojevi i oprema za ostale namjene | C26: 0227 | F26: =IF(D26>0,IF(E26/D26>=100,">>100",E26/D26*100),"-") -> -
A27: 0228 | B27: Vojna oprema | C27: 0228 | F27: =IF(D27>0,IF(E27/D27>=100,">>100",E27/D27*100),"-") -> -
A28: 02922 | B28: Ispravak vrijednosti postrojenja i opreme | C28: 02922 | F28: =IF(D28>0,IF(E28/D28>=100,">>100",E28/D28*100),"-") -> -
A29: 023 i 02923 | B29: Prijevozna sredstva (šifre 0231 do 0234 - 02923) | C29: 023 i 02923 | D29: =SUM(D30:D33)-D34 -> 0 | E29: =SUM(E30:E33)-E34 -> 0 | F29: =IF(D29>0,IF(E29/D29>=100,">>100",E29/D29*100),"-") -> -
A30: 0231 | B30: Prijevozna sredstva u cestovnom prometu | C30: 0231 | F30: =IF(D30>0,IF(E30/D30>=100,">>100",E30/D30*100),"-") -> -
A31: 0232 | B31: Prijevozna sredstva u željezničkom prometu | C31: 0232 | F31: =IF(D31>0,IF(E31/D31>=100,">>100",E31/D31*100),"-") -> -
A32: 0233 | B32: Prijevozna sredstva u pomorskom i riječnom prometu | C32: 0233 | F32: =IF(D32>0,IF(E32/D32>=100,">>100",E32/D32*100),"-") -> -
A33: 0234 | B33: Prijevozna sredstva u zračnom prometu | C33: 0234 | F33: =IF(D33>0,IF(E33/D33>=100,">>100",E33/D33*100),"-") -> -
A34: 02923 | B34: Ispravak vrijednosti prijevoznih sredstava | C34: 02923 | F34: =IF(D34>0,IF(E34/D34>=100,">>100",E34/D34*100),"-") -> -
A35: 024 i 02924 | B35: Knjige, umjetnička djela i ostale izložbene vrijednosti (šifre 0241 do 0244 - 02924) | C35: 024 i 02924 | D35: =SUM(D36:D39)-D40 -> 0 | E35: =SUM(E36:E39)-E40 -> 0 | F35: =IF(D35>0,IF(E35/D35>=100,">>100",E35/D35*100),"-") -> -
A36: 0241 | B36: Knjige | C36: 0241 | F36: =IF(D36>0,IF(E36/D36>=100,">>100",E36/D36*100),"-") -> -
A37: 0242 | B37: Umjetnička djela (izložena u galerijama, muzejima i slično) | C37: 0242 | F37: =IF(D37>0,IF(E37/D37>=100,">>100",E37/D37*100),"-") -> -
A38: 0243 | B38: Muzejski izlošci i predmeti prirodnih rijetkosti | C38: 0243 | F38: =IF(D38>0,IF(E38/D38>=100,">>100",E38/D38*100),"-") -> -
A39: 0244 | B39: Ostale nespomenute izložbene vrijednosti | C39: 0244 | F39: =IF(D39>0,IF(E39/D39>=100,">>100",E39/D39*100),"-") -> -
A40: 02924 | B40: Ispravak vrijednosti knjiga, umjetničkih djela i ostalih izložbenih vrijednosti | C40: 02924 | F40: =IF(D40>0,IF(E40/D40>=100,">>100",E40/D40*100),"-") -> -
A41: 025 i 02925 | B41: Višegodišnji nasadi i osnovno stado (šifre 0251+0252-02925) | C41: 025 i 02925 | D41: =SUM(D42:D43)-D44 -> 0 | E41: =SUM(E42:E43)-E44 -> 0 | F41: =IF(D41>0,IF(E41/D41>=100,">>100",E41/D41*100),"-") -> -
A42: 0251 | B42: Višegodišnji nasadi | C42: 0251 | F42: =IF(D42>0,IF(E42/D42>=100,">>100",E42/D42*100),"-") -> -
A43: 0252 | B43: Osnovno stado | C43: 0252 | F43: =IF(D43>0,IF(E43/D43>=100,">>100",E43/D43*100),"-") -> -
A44: 02925 | B44: Ispravak vrijednosti višegodišnjih nasada i osnovnog stada | C44: 02925 | F44: =IF(D44>0,IF(E44/D44>=100,">>100",E44/D44*100),"-") -> -
A45: 026 i 02926 | B45: Nematerijalna proizvedena imovina (šifre 0261 do 0264 - 02926) | C45: 026 i 02926 | D45: =SUM(D46:D49)-D50 -> 0 | E45: =SUM(E46:E49)-E50 -> 0 | F45: =IF(D45>0,IF(E45/D45>=100,">>100",E45/D45*100),"-") -> -
A46: 0261 | B46: Istraživanje rudnih bogatstava | C46: 0261 | F46: =IF(D46>0,IF(E46/D46>=100,">>100",E46/D46*100),"-") -> -
A47: 0262 | B47: Ulaganja u računalne programe | C47: 0262 | F47: =IF(D47>0,IF(E47/D47>=100,">>100",E47/D47*100),"-") -> -
A48: 0263 | B48: Umjetnička, literarna i znanstvena djela | C48: 0263 | F48: =IF(D48>0,IF(E48/D48>=100,">>100",E48/D48*100),"-") -> -
A49: 0264 | B49: Ostala nematerijalna proizvedena imovina | C49: 0264 | F49: =IF(D49>0,IF(E49/D49>=100,">>100",E49/D49*100),"-") -> -
A50: 02926 | B50: Ispravak vrijednosti nematerijalne proizvedene imovine | C50: 02926 | F50: =IF(D50>0,IF(E50/D50>=100,">>100",E50/D50*100),"-") -> -
A51: 03 | B51: Plemeniti metali i ostale pohranjene vrijednosti | C51: 03 | F51: =IF(D51>0,IF(E51/D51>=100,">>100",E51/D51*100),"-") -> -
A52: 04 | B52: Sitni inventar i auto gume (šifre 041+042-049) | C52: 04 | D52: =SUM(D53:D54)-D55 -> 0 | E52: =SUM(E53:E54)-E55 -> 0 | F52: =IF(D52>0,IF(E52/D52>=100,">>100",E52/D52*100),"-") -> -
A53: 041 | B53: Zalihe sitnog inventara i auto guma | C53: 041 | F53: =IF(D53>0,IF(E53/D53>=100,">>100",E53/D53*100),"-") -> -
A54: 042 | B54: Sitni inventar i auto gume u upotrebi | C54: 042 | F54: =IF(D54>0,IF(E54/D54>=100,">>100",E54/D54*100),"-") -> -
A55: 049 | B55: Ispravak vrijednosti sitnog inventara | C55: 049 | F55: =IF(D55>0,IF(E55/D55>=100,">>100",E55/D55*100),"-") -> -
A56: 05 | B56: Dugotrajna nefinancijska imovina u pripremi (šifre 051 do 056) | C56: 05 | D56: =SUM(D57:D62) -> 0 | E56: =SUM(E57:E62) -> 0 | F56: =IF(D56>0,IF(E56/D56>=100,">>100",E56/D56*100),"-") -> -
A57: 051 | B57: Građevinski objekti u pripremi | C57: 051 | F57: =IF(D57>0,IF(E57/D57>=100,">>100",E57/D57*100),"-") -> -
A58: 052 | B58: Postrojenja i oprema u pripremi | C58: 052 | F58: =IF(D58>0,IF(E58/D58>=100,">>100",E58/D58*100),"-") -> -
A59: 053 | B59: Prijevozna sredstva u pripremi | C59: 053 | F59: =IF(D59>0,IF(E59/D59>=100,">>100",E59/D59*100),"-") -> -
A60: 054 | B60: Višegodišnji nasadi i osnovno stado u pripremi | C60: 054 | F60: =IF(D60>0,IF(E60/D60>=100,">>100",E60/D60*100),"-") -> -
A61: 055 | B61: Ostala nematerijalna proizvedena imovina u pripremi | C61: 055 | F61: =IF(D61>0,IF(E61/D61>=100,">>100",E61/D61*100),"-") -> -
A62: 056 | B62: Ostala nefinancijska dugotrajna imovina u pripremi | C62: 056 | F62: =IF(D62>0,IF(E62/D62>=100,">>100",E62/D62*100),"-") -> -
A63: 06 | B63: Proizvedena kratkotrajna imovina (šifre 061 do 064) | C63: 06 | D63: =SUM(D64:D67) -> 0 | E63: =SUM(E64:E67) -> 0 | F63: =IF(D63>0,IF(E63/D63>=100,">>100",E63/D63*100),"-") -> -
A64: 061 | B64: Zalihe za obavljanje djelatnosti | C64: 061 | F64: =IF(D64>0,IF(E64/D64>=100,">>100",E64/D64*100),"-") -> -
A65: 062 | B65: Proizvodnja i proizvodi | C65: 062 | F65: =IF(D65>0,IF(E65/D65>=100,">>100",E65/D65*100),"-") -> -
A66: 063 | B66: Zalihe vojnih sredstava za jednokratnu upotrebu | C66: 063 | F66: =IF(D66>0,IF(E66/D66>=100,">>100",E66/D66*100),"-") -> -
A67: 064 | B67: Roba za daljnju prodaju | C67: 064 | F67: =IF(D67>0,IF(E67/D67>=100,">>100",E67/D67*100),"-") -> -
A68: 1 | B68: Financijska imovina (šifre 11+12+13+14+15+16+17+19) | C68: 1 | D68: =D69+D78+D87+D118+D134+D146+D164+D170 -> 0 | E68: =E69+E78+E87+E118+E134+E146+E164+E170 -> 54765.51 | F68: =IF(D68>0,IF(E68/D68>=100,">>100",E68/D68*100),"-") -> -
A69: 11 | B69: Novac u banci i blagajni (šifre 111+112 do 114) | C69: 11 | D69: =+D70+D75+D76+D77 -> 0 | E69: =+E70+E75+E76+E77 -> 15915.51 | F69: =IF(D69>0,IF(E69/D69>=100,">>100",E69/D69*100),"-") -> -
A70: 111 | B70: Novac u banci (šifre 1111 do 1114) | C70: 111 | D70: =SUM(D71:D74) -> 0 | E70: =SUM(E71:E74) -> 15915.51 | F70: =IF(D70>0,IF(E70/D70>=100,">>100",E70/D70*100),"-") -> -
A71: 1111 | B71: Novac na računu kod Hrvatske narodne banke | C71: 1111 | F71: =IF(D71>0,IF(E71/D71>=100,">>100",E71/D71*100),"-") -> -
A72: 1112 | B72: Novac na računu kod tuzemnih poslovnih banaka | C72: 1112 | E72: 15915.51 | F72: =IF(D72>0,IF(E72/D72>=100,">>100",E72/D72*100),"-") -> -
A73: 1113 | B73: Novac na računu kod inozemnih poslovnih banaka | C73: 1113 | F73: =IF(D73>0,IF(E73/D73>=100,">>100",E73/D73*100),"-") -> -
A74: 1114 | B74: Prijelazni račun | C74: 1114 | F74: =IF(D74>0,IF(E74/D74>=100,">>100",E74/D74*100),"-") -> -
A75: 112 | B75: Izdvojena novčana sredstva | C75: 112 | F75: =IF(D75>0,IF(E75/D75>=100,">>100",E75/D75*100),"-") -> -
A76: 113 | B76: Novac u blagajni | C76: 113 | F76: =IF(D76>0,IF(E76/D76>=100,">>100",E76/D76*100),"-") -> -
A77: 114 | B77: Vrijednosnice u blagajni | C77: 114 | F77: =IF(D77>0,IF(E77/D77>=100,">>100",E77/D77*100),"-") -> -
A78: 12 | B78: Depoziti, jamčevni polozi i potraživanja od zaposlenih te za više plaćene poreze i ostalo (šifre 121 + 122 do 124 - 125 + 129) | C78: 12 | D78: =D79+SUM(D82:D84)-D85+D86 -> 0 | E78: =E79+SUM(E82:E84)-E85+E86 -> 0 | F78: =IF(D78>0,IF(E78/D78>=100,">>100",E78/D78*100),"-") -> -
A79: 121 | B79: Depoziti u kreditnim i ostalim financijskim institucijama (šifre 1211+1212) | C79: 121 | D79: =SUM(D80:D81) -> 0 | E79: =SUM(E80:E81) -> 0 | F79: =IF(D79>0,IF(E79/D79>=100,">>100",E79/D79*100),"-") -> -
A80: 1211 | B80: Depoziti u tuzemnim kreditnim i ostalim financijskim institucijama | C80: 1211 | F80: =IF(D80>0,IF(E80/D80>=100,">>100",E80/D80*100),"-") -> -
A81: 1212 | B81: Depoziti u inozemnim kreditnim i ostalim financijskim institucijama | C81: 1212 | F81: =IF(D81>0,IF(E81/D81>=100,">>100",E81/D81*100),"-") -> -
A82: 122 | B82: Jamčevni polozi | C82: 122 | F82: =IF(D82>0,IF(E82/D82>=100,">>100",E82/D82*100),"-") -> -
A83: 123 | B83: Potraživanja od zaposlenih | C83: 123 | F83: =IF(D83>0,IF(E83/D83>=100,">>100",E83/D83*100),"-") -> -
A84: 124 | B84: Potraživanja za više plaćene poreze i doprinose | C84: 124 | F84: =IF(D84>0,IF(E84/D84>=100,">>100",E84/D84*100),"-") -> -
A85: 125 | B85: Ispravak vrijednosti potraživanja od zaposlenih te za više plaćene poreze i ostalo | C85: 125 | F85: =IF(D85>0,IF(E85/D85>=100,">>100",E85/D85*100),"-") -> -
A86: 129 | B86: Ostala potraživanja | C86: 129 | F86: =IF(D86>0,IF(E86/D86>=100,">>100",E86/D86*100),"-") -> -
A87: 13 | B87: Potraživanja za dane zajmove (šifre 13X1+13X2-139) | C87: 13 | D87: =D88+D106-D117 -> 0 | E87: =E88+E106-E117 -> 0 | F87: =IF(D87>0,IF(E87/D87>=100,">>100",E87/D87*100),"-") -> -
B88: Zajmovi - tuzemni (šifre 1321+1332+1333+1334+1341+1353+1354+1355+1363+1364+1371+1372+1373+1374+1375+1376+1377) | C88: 13X1 | D88: =SUM(D89:D105) -> 0 | E88: =SUM(E89:E105) -> 0 | F88: =IF(D88>0,IF(E88/D88>=100,">>100",E88/D88*100),"-") -> -
A89: 1321 | B89: Zajmovi neprofitnim organizacijama, građanima i kućanstvima u tuzemstvu | C89: 1321 | F89: =IF(D89>0,IF(E89/D89>=100,">>100",E89/D89*100),"-") -> -
A90: 1332 | B90: Zajmovi kreditnim institucijama u javnom sektoru | C90: 1332 | F90: =IF(D90>0,IF(E90/D90>=100,">>100",E90/D90*100),"-") -> -
A91: 1333 | B91: Zajmovi osiguravajućim društvima u javnom sektoru | C91: 1333 | F91: =IF(D91>0,IF(E91/D91>=100,">>100",E91/D91*100),"-") -> -
A92: 1334 | B92: Zajmovi ostalim financijskim institucijama u javnom sektoru | C92: 1334 | F92: =IF(D92>0,IF(E92/D92>=100,">>100",E92/D92*100),"-") -> -
A93: 1341 | B93: Zajmovi trgovačkim društvima u javnom sektoru | C93: 1341 | F93: =IF(D93>0,IF(E93/D93>=100,">>100",E93/D93*100),"-") -> -
A94: 1353 | B94: Zajmovi tuzemnim kreditnim institucijama izvan javnog sektora | C94: 1353 | F94: =IF(D94>0,IF(E94/D94>=100,">>100",E94/D94*100),"-") -> -
A95: 1354 | B95: Zajmovi tuzemnim osiguravajućim društvima izvan javnog sektora | C95: 1354 | F95: =IF(D95>0,IF(E95/D95>=100,">>100",E95/D95*100),"-") -> -
A96: 1355 | B96: Zajmovi ostalim tuzemnim financijskim institucijama izvan javnog sektora | C96: 1355 | F96: =IF(D96>0,IF(E96/D96>=100,">>100",E96/D96*100),"-") -> -
A97: 1363 | B97: Zajmovi tuzemnim trgovačkim društvima izvan javnog sektora | C97: 1363 | F97: =IF(D97>0,IF(E97/D97>=100,">>100",E97/D97*100),"-") -> -
A98: 1364 | B98: Zajmovi tuzemnim obrtnicima | C98: 1364 | F98: =IF(D98>0,IF(E98/D98>=100,">>100",E98/D98*100),"-") -> -
A99: 1371 | B99: Zajmovi državnom proračunu | C99: 1371 | F99: =IF(D99>0,IF(E99/D99>=100,">>100",E99/D99*100),"-") -> -
A100: 1372 | B100: Zajmovi županijskim proračunima | C100: 1372 | F100: =IF(D100>0,IF(E100/D100>=100,">>100",E100/D100*100),"-") -> -
... A105: 1377 | B105: Zajmovi izvanproračunskim korisnicima županijskih, gradskih i općinskih proračuna | C105: 1377 | F105: =IF(D105>0,IF(E105/D105>=100,">>100",E105/D105*100),"-") -> -
...

Sheet RAS-funkcijski
A2: IZVJEŠTAJ O RASHODIMA PREMA FUNKCIJSKOJ KLASIFIKACIJI
A3: Brojč. ozn. funk. klas. | B3: Opis stavke | C3: Šifra | D3: Ostvareno u izvještajnom razdoblju preth. godine | E3: Ostvareno u izvještajnom razdoblju tekuće godine | F3: Indeks (5/4)
A4: 1 | B4: 2 | C4: 3 | D4: 4 | E4: 5 | F4: 6
A5: 01 | B5: Opće javne usluge (šifre 011+012+013+014 do 018) | C5: 01 | D5: =D6+D10+D13+SUM(D17:D21) -> 0 | E5: =E6+E10+E13+SUM(E17:E21) -> 0 | F5: =IF(D5>0,IF(E5/D5>=100,">>100",E5/D5*100),"-") -> -
A6: 011 | B6: Izvršna i zakonodavna tijela, financijski i fiskalni poslovi, vanjski poslovi (šifre 0111 do 0113) | C6: 011 | D6: =SUM(D7:D9) -> 0 | E6: =SUM(E7:E9) -> 0 | F6: =IF(D6>0,IF(E6/D6>=100,">>100",E6/D6*100),"-") -> -
A7: 0111 | B7: Izvršna i zakonodavna tijela | C7: 0111 | F7: =IF(D7>0,IF(E7/D7>=100,">>100",E7/D7*100),"-") -> -
A8: 0112 | B8: Financijski i fiskalni poslovi | C8: 0112 | F8: =IF(D8>0,IF(E8/D8>=100,">>100",E8/D8*100),"-") -> -
A9: 0113 | B9: Vanjski poslovi | C9: 0113 | F9: =IF(D9>0,IF(E9/D9>=100,">>100",E9/D9*100),"-") -> -
A10: 012 | B10: Inozemna ekonomska pomoć (šifre 0121+0122) | C10: 012 | D10: =SUM(D11:D12) -> 0 | E10: =SUM(E11:E12) -> 0 | F10: =IF(D10>0,IF(E10/D10>=100,">>100",E10/D10*100),"-") -> -
A11: 0121 | B11: Ekonomska pomoć zemljama u razvoju i zemljama u tranziciji | C11: 0121 | F11: =IF(D11>0,IF(E11/D11>=100,">>100",E11/D11*100),"-") -> -
A12: 0122 | B12: Ekonomska pomoć usmjerena preko međunarodnih agencija | C12: 0122 | F12: =IF(D12>0,IF(E12/D12>=100,">>100",E12/D12*100),"-") -> -
A13: 013 | B13: Opće usluge (šifre 0131 do 0133) | C13: 013 | D13: =SUM(D14:D16) -> 0 | E13: =SUM(E14:E16) -> 0 | F13: =IF(D13>0,IF(E13/D13>=100,">>100",E13/D13*100),"-") -> -
A14: 0131 | B14: Opće usluge vezane za službenike | C14: 0131 | F14: =IF(D14>0,IF(E14/D14>=100,">>100",E14/D14*100),"-") -> -
A15: 0132 | B15: Sveukupno planiranje i statističke usluge | C15: 0132 | F15: =IF(D15>0,IF(E15/D15>=100,">>100",E15/D15*100),"-") -> -
A16: 0133 | B16: Ostale opće usluge | C16: 0133 | F16: =IF(D16>0,IF(E16/D16>=100,">>100",E16/D16*100),"-") -> -
A17: 014 | B17: Osnovna istraživanja | C17: 014 | F17: =IF(D17>0,IF(E17/D17>=100,">>100",E17/D17*100),"-") -> -
A18: 015 | B18: Istraživanje i razvoj: Opće javne usluge | C18: 015 | F18: =IF(D18>0,IF(E18/D18>=100,">>100",E18/D18*100),"-") -> -
A19: 016 | B19: Opće javne usluge koje nisu drugdje svrstane | C19: 016 | F19: =IF(D19>0,IF(E19/D19>=100,">>100",E19/D19*100),"-") -> -
A20: 017 | B20: Transakcije vezane za javni dug | C20: 017 | F20: =IF(D20>0,IF(E20/D20>=100,">>100",E20/D20*100),"-") -> -
A21: 018 | B21: Prijenosi općeg karaktera između različitih državnih razina | C21: 018 | F21: =IF(D21>0,IF(E21/D21>=100,">>100",E21/D21*100),"-") -> -
A22: 02 | B22: Obrana (šifre 021 do 025) | C22: 02 | D22: =SUM(D23:D27) -> 0 | E22: =SUM(E23:E27) -> 0 | F22: =IF(D22>0,IF(E22/D22>=100,">>100",E22/D22*100),"-") -> -
A23: 021 | B23: Vojna obrana | C23: 021 | F23: =IF(D23>0,IF(E23/D23>=100,">>100",E23/D23*100),"-") -> -
A24: 022 | B24: Civilna obrana | C24: 022 | F24: =IF(D24>0,IF(E24/D24>=100,">>100",E24/D24*100),"-") -> -
A25: 023 | B25: Inozemna vojna pomoć | C25: 023 | F25: =IF(D25>0,IF(E25/D25>=100,">>100",E25/D25*100),"-") -> -
A26: 024 | B26: Istraživanje i razvoj obrane | C26: 024 | F26: =IF(D26>0,IF(E26/D26>=100,">>100",E26/D26*100),"-") -> -
A27: 025 | B27: Rashodi za obranu koji nisu drugdje svrstani | C27: 025 | F27: =IF(D27>0,IF(E27/D27>=100,">>100",E27/D27*100),"-") -> -
A28: 03 | B28: Javni red i sigurnost (šifre 031 do 036) | C28: 03 | D28: =SUM(D29:D34) -> 0 | E28: =SUM(E29:E34) -> 0 | F28: =IF(D28>0,IF(E28/D28>=100,">>100",E28/D28*100),"-") -> -
A29: 031 | B29: Usluge policije | C29: 031 | F29: =IF(D29>0,IF(E29/D29>=100,">>100",E29/D29*100),"-") -> -
A30: 032 | B30: Usluge protupožarne zaštite | C30: 032 | F30: =IF(D30>0,IF(E30/D30>=100,">>100",E30/D30*100),"-") -> -
A31: 033 | B31: Sudovi | C31: 033 | F31: =IF(D31>0,IF(E31/D31>=100,">>100",E31/D31*100),"-") -> -
A32: 034 | B32: Zatvori | C32: 034 | F32: =IF(D32>0,IF(E32/D32>=100,">>100",E32/D32*100),"-") -> -
A33: 035 | B33: Istraživanje i razvoj: Javni red i sigurnost | C33: 035 | F33: =IF(D33>0,IF(E33/D33>=100,">>100",E33/D33*100),"-") -> -
A34: 036 | B34: Rashodi za javni red i sigurnost koji nisu drugdje svrstani | C34: 036 | F34: =IF(D34>0,IF(E34/D34>=100,">>100",E34/D34*100),"-") -> -
A35: 04 | B35: Ekonomski poslovi (šifre 041+042+043+044+045+046+047+048+049) | C35: 04 | D35: =D36+D39+D43+D50+D54+D60+D61+D66+D74 -> 0 | E35: =E36+E39+E43+E50+E54+E60+E61+E66+E74 -> 0 | F35: =IF(D35>0,IF(E35/D35>=100,">>100",E35/D35*100),"-") -> -
A36: 041 | B36: Opći ekonomski, trgovački i poslovi vezani uz rad (šifre 0411+0412) | C36: 041 | D36: =SUM(D37:D38) -> 0 | E36: =SUM(E37:E38) -> 0 | F36: =IF(D36>0,IF(E36/D36>=100,">>100",E36/D36*100),"-") -> -
A37: 0411 | B37: Opći ekonomski i trgovački poslovi | C37: 0411 | F37: =IF(D37>0,IF(E37/D37>=100,">>100",E37/D37*100),"-") -> -
A38: 0412 | B38: Opći poslovi vezani uz rad | C38: 0412 | F38: =IF(D38>0,IF(E38/D38>=100,">>100",E38/D38*100),"-") -> -
A39: 042 | B39: Poljoprivreda, šumarstvo, ribarstvo i lov (šifre 0421 do 0423) | C39: 042 | D39: =SUM(D40:D42) -> 0 | E39: =SUM(E40:E42) -> 0 | F39: =IF(D39>0,IF(E39/D39>=100,">>100",E39/D39*100),"-") -> -
A40: 0421 | B40: Poljoprivreda | C40: 0421 | F40: =IF(D40>0,IF(E40/D40>=100,">>100",E40/D40*100),"-") -> -
A41: 0422 | B41: Šumarstvo | C41: 0422 | F41: =IF(D41>0,IF(E41/D41>=100,">>100",E41/D41*100),"-") -> -
A42: 0423 | B42: Ribarstvo i lov | C42: 0423 | F42: =IF(D42>0,IF(E42/D42>=100,">>100",E42/D42*100),"-") -> -
A43: 043 | B43: Gorivo i energija (šifre 0431 do 0436) | C43: 043 | D43: =SUM(D44:D49) -> 0 | E43: =SUM(E44:E49) -> 0 | F43: =IF(D43>0,IF(E43/D43>=100,">>100",E43/D43*100),"-") -> -
A44: 0431 | B44: Ugljen i ostala kruta mineralna goriva | C44: 0431 | F44: =IF(D44>0,IF(E44/D44>=100,">>100",E44/D44*100),"-") -> -
A45: 0432 | B45: Nafta i prirodni plin | C45: 0432 | F45: =IF(D45>0,IF(E45/D45>=100,">>100",E45/D45*100),"-") -> -
A46: 0433 | B46: Nuklearno gorivo | C46: 0433 | F46: =IF(D46>0,IF(E46/D46>=100,">>100",E46/D46*100),"-") -> -
A47: 0434 | B47: Ostala goriva | C47: 0434 | F47: =IF(D47>0,IF(E47/D47>=100,">>100",E47/D47*100),"-") -> -
A48: 0435 | B48: Električna energija | C48: 0435 | F48: =IF(D48>0,IF(E48/D48>=100,">>100",E48/D48*100),"-") -> -
A49: 0436 | B49: Ostale vrste energije | C49: 0436 | F49: =IF(D49>0,IF(E49/D49>=100,">>100",E49/D49*100),"-") -> -
A50: 044 | B50: Rudarstvo, proizvodnja i građevinarstvo (šifre 0441 do 0443) | C50: 044 | D50: =SUM(D51:D53) -> 0 | E50: =SUM(E51:E53) -> 0 | F50: =IF(D50>0,IF(E50/D50>=100,">>100",E50/D50*100),"-") -> -
A51: 0441 | B51: Rudarstvo, mineralni resursi i ostala mineralna goriva | C51: 0441 | F51: =IF(D51>0,IF(E51/D51>=100,">>100",E51/D51*100),"-") -> -
A52: 0442 | B52: Proizvodnja | C52: 0442 | F52: =IF(D52>0,IF(E52/D52>=100,">>100",E52/D52*100),"-") -> -
A53: 0443 | B53: Građevinarstvo | C53: 0443 | F53: =IF(D53>0,IF(E53/D53>=100,">>100",E53/D53*100),"-") -> -
A54: 045 | B54: Promet (šifre 0451 do 0455) | C54: 045 | D54: =SUM(D55:D59) -> 0 | E54: =SUM(E55:E59) -> 0 | F54: =IF(D54>0,IF(E54/D54>=100,">>100",E54/D54*100),"-") -> -
A55: 0451 | B55: Cestovni promet | C55: 0451 | F55: =IF(D55>0,IF(E55/D55>=100,">>100",E55/D55*100),"-") -> -
A56: 0452 | B56: Promet vodnim putovima | C56: 0452 | F56: =IF(D56>0,IF(E56/D56>=100,">>100",E56/D56*100),"-") -> -
A57: 0453 | B57: Željeznički promet | C57: 0453 | F57: =IF(D57>0,IF(E57/D57>=100,">>100",E57/D57*100),"-") -> -
A58: 0454 | B58: Zračni promet | C58: 0454 | F58: =IF(D58>0,IF(E58/D58>=100,">>100",E58/D58*100),"-") -> -
A59: 0455 | B59: Promet cjevovodima i ostali promet | C59: 0455 | F59: =IF(D59>0,IF(E59/D59>=100,">>100",E59/D59*100),"-") -> -
A60: 046 | B60: Komunikacije | C60: 046 | F60: =IF(D60>0,IF(E60/D60>=100,">>100",E60/D60*100),"-") -> -
A61: 047 | B61: Ostale industrije (šifre 0471 do 0474) | C61: 047 | D61: =SUM(D62:D65) -> 0 | E61: =SUM(E62:E65) -> 0 | F61: =IF(D61>0,IF(E61/D61>=100,">>100",E61/D61*100),"-") -> -
A62: 0471 | B62: Distribucija i skladištenje | C62: 0471 | F62: =IF(D62>0,IF(E62/D62>=100,">>100",E62/D62*100),"-") -> -
A63: 0472 | B63: Hoteli i restorani | C63: 0472 | F63: =IF(D63>0,IF(E63/D63>=100,">>100",E63/D63*100),"-") -> -
A64: 0473 | B64: Turizam | C64: 0473 | F64: =IF(D64>0,IF(E64/D64>=100,">>100",E64/D64*100),"-") -> -
A65: 0474 | B65: Višenamjenski razvojni projekti | C65: 0474 | F65: =IF(D65>0,IF(E65/D65>=100,">>100",E65/D65*100),"-") -> -
A66: 048 | B66: Istraživanje i razvoj: Ekonomski poslovi (šifre 0481 do 0487) | C66: 048 | D66: =SUM(D67:D73) -> 0 | E66: =SUM(E67:E73) -> 0 | F66: =IF(D66>0,IF(E66/D66>=100,">>100",E66/D66*100),"-") -> -
A67: 0481 | B67: Istraživanje i razvoj: Opći ekonomski, trgovački i poslovi vezani uz rad | C67: 0481 | F67: =IF(D67>0,IF(E67/D67>=100,">>100",E67/D67*100),"-") -> -
A68: 0482 | B68: Istraživanje i razvoj: Poljoprivreda, šumarstvo, ribarstvo i lov | C68: 0482 | F68: =IF(D68>0,IF(E68/D68>=100,">>100",E68/D68*100),"-") -> -
A69: 0483 | B69: Istraživanje i razvoj: Gorivo i energija | C69: 0483 | F69: =IF(D69>0,IF(E69/D69>=100,">>100",E69/D69*100),"-") -> -
A70: 0484 | B70: Istraživanje i razvoj: Rudarstvo, proizvodnja i građevinarstvo | C70: 0484 | F70: =IF(D70>0,IF(E70/D70>=100,">>100",E70/D70*100),"-") -> -
A71: 0485 | B71: Istraživanje i razvoj: Promet | C71: 0485 | F71: =IF(D71>0,IF(E71/D71>=100,">>100",E71/D71*100),"-") -> -
A72: 0486 | B72: Istraživanje i razvoj: Komunikacije | C72: 0486 | F72: =IF(D72>0,IF(E72/D72>=100,">>100",E72/D72*100),"-") -> -
A73: 0487 | B73: Istraživanje i razvoj: Ostale industrije | C73: 0487 | F73: =IF(D73>0,IF(E73/D73>=100,">>100",E73/D73*100),"-") -> -
A74: 049 | B74: Ekonomski poslovi koji nisu drugdje svrstani | C74: 049 | F74: =IF(D74>0,IF(E74/D74>=100,">>100",E74/D74*100),"-") -> -
A75: 05 | B75: Zaštita okoliša (šifre 051 do 056) | C75: 05 | D75: =SUM(D76:D81) -> 0 | E75: =SUM(E76:E81) -> 0 | F75: =IF(D75>0,IF(E75/D75>=100,">>100",E75/D75*100),"-") -> -
A76: 051 | B76: Gospodarenje otpadom | C76: 051 | F76: =IF(D76>0,IF(E76/D76>=100,">>100",E76/D76*100),"-") -> -
A77: 052 | B77: Gospodarenje otpadnim vodama | C77: 052 | F77: =IF(D77>0,IF(E77/D77>=100,">>100",E77/D77*100),"-") -> -
A78: 053 | B78: Smanjenje zagađivanja | C78: 053 | F78: =IF(D78>0,IF(E78/D78>=100,">>100",E78/D78*100),"-") -> -
A79: 054 | B79: Zaštita bioraznolikosti i krajolika | C79: 054 | F79: =IF(D79>0,IF(E79/D79>=100,">>100",E79/D79*100),"-") -> -
A80: 055 | B80: Istraživanje i razvoj: Zaštita okoliša | C80: 055 | F80: =IF(D80>0,IF(E80/D80>=100,">>100",E80/D80*100),"-") -> -
A81: 056 | B81: Poslovi i usluge zaštite okoliša koji nisu drugdje svrstani | C81: 056 | F81: =IF(D81>0,IF(E81/D81>=100,">>100",E81/D81*100),"-") -> -
A82: 06 | B82: Usluge unapređenja stanovanja i zajednice (šifre 061 do 066) | C82: 06 | D82: =SUM(D83:D88) -> 0 | E82: =SUM(E83:E88) -> 0 | F82: =IF(D82>0,IF(E82/D82>=100,">>100",E82/D82*100),"-") -> -
A83: 061 | B83: Razvoj stanovanja | C83: 061 | F83: =IF(D83>0,IF(E83/D83>=100,">>100",E83/D83*100),"-") -> -
A84: 062 | B84: Razvoj zajednice | C84: 062 | F84: =IF(D84>0,IF(E84/D84>=100,">>100",E84/D84*100),"-") -> -
A85: 063 | B85: Opskrba vodom | C85: 063 | F85: =IF(D85>0,IF(E85/D85>=100,">>100",E85/D85*100),"-") -> -
A86: 064 | B86: Ulična rasvjeta | C86: 064 | F86: =IF(D86>0,IF(E86/D86>=100,">>100",E86/D86*100),"-") -> -
A87: 065 | B87: Istraživanje i razvoj stanovanja i komunalnih pogodnosti | C87: 065 | F87: =IF(D87>0,IF(E87/D87>=100,">>100",E87/D87*100),"-") -> -
A88: 066 | B88: Rashodi vezani za stanovanje i kom. pogodnosti koji nisu drugdje svrstani | C88: 066 | F88: =IF(D88>0,IF(E88/D88>=100,">>100",E88/D88*100),"-") -> -
A89: 07 | B89: Zdravstvo (šifre 071+072+073+074+075+076) | C89: 07 | D89: =D90+D94+D99+D104+D105+D106 -> 0 | E89: =E90+E94+E99+E104+E105+E106 -> 0 | F89: =IF(D89>0,IF(E89/D89>=100,">>100",E89/D89*100),"-") -> -
A90: 071 | B90: Medicinski proizvodi, pribor i oprema (šifre 0711 do 0713) | C90: 071 | D90: =SUM(D91:D93) -> 0 | E90: =SUM(E91:E93) -> 0 | F90: =IF(D90>0,IF(E90/D90>=100,">>100",E90/D90*100),"-") -> -
A91: 0711 | B91: Farmaceutski proizvodi | C91: 0711 | F91: =IF(D91>0,IF(E91/D91>=100,">>100",E91/D91*100),"-") -> -
A92: 0712 | B92: Ostali medicinski proizvodi | C92: 0712 | F92: =IF(D92>0,IF(E92/D92>=100,">>100",E92/D92*100),"-") -> -
A93: 0713 | B93: Terapeutski pribor i oprema | C93: 0713 | F93: =IF(D93>0,IF(E93/D93>=100,">>100",E93/D93*100),"-") -> -
A94: 072 | B94: Službe za vanjske pacijente (šifre 0721 do 0724) | C94: 072 | D94: =SUM(D95:D98) -> 0 | E94: =SUM(E95:E98) -> 0 | F94: =IF(D94>0,IF(E94/D94>=100,">>100",E94/D94*100),"-") -> -
A95: 0721 | B95: Opće medicinske usluge | C95: 0721 | F95: =IF(D95>0,IF(E95/D95>=100,">>100",E95/D95*100),"-") -> -
A96: 0722 | B96: Specijalističke medicinske usluge | C96: 0722 | F96: =IF(D96>0,IF(E96/D96>=100,">>100",E96/D96*100),"-") -> -
A97: 0723 | B97: Zubarske usluge | C97: 0723 | F97: =IF(D97>0,IF(E97/D97>=100,">>100",E97/D97*100),"-") -> -
A98: 0724 | B98: Paramedicinske usluge | C98: 0724 | F98: =IF(D98>0,IF(E98/D98>=100,">>100",E98/D98*100),"-") -> -
A99: 073 | B99: Bolničke službe (šifre 0731 do 0734) | C99: 073 | D99: =SUM(D100:D103) -> 0 | E99: =SUM(E100:E103) -> 0 | F99: =IF(D99>0,IF(E99/D99>=100,">>100",E99/D99*100),"-") -> -
A100: 0731 | B100: Usluge općih bolnica | C100: 0731 | F100: =IF(D100>0,IF(E100/D100>=100,">>100",E100/D100*100),"-") -> -
A101: 0732 | B101: Usluge specijalističkih bolnica | C101: 0732 | F101: =IF(D101>0,IF(E101/D101>=100,">>100",E101/D101*100),"-") -> -
...

Sheet P-VRIO
A2: IZVJEŠTAJ O PROMJENAMA U VRIJEDNOSTI I OBUJMU IMOVINE I OBVEZA
A3: Račun iz rač. plana | B3: Opis stavke | C3: Šifra | D3: Iznos povećanja | E3: Iznos smanjenja
A4: 1 | B4: 2 | C4: 3 | D4: 4 | E4: 5
A5: 9151 | B5: Promjene u vrijednosti i obujmu imovine (šifre 91511+91512) | C5: 9151 | D5: =D6+D22 -> 0 | E5: =E6+E22 -> 0
A6: 91511 | B6: Promjene u vrijednosti (revalorizacija) imovine (šifre P001+P008) | C6: 91511 | D6: =D7+D14 -> 0 | E6: =E7+E14 -> 0
B7: Promjene u vrijednosti (revalorizacija) nefinancijske imovine (šifre P002 do P007) | C7: P001 | D7: =SUM(D8:D13) -> 0 | E7: =SUM(E8:E13) -> 0
B8: Neproizvedena dugotrajna imovina | C8: P002 | E8: 0
B9: Proizvedena dugotrajna imovina | C9: P003 | E9: 0
B10: Plemeniti metali i ostale pohranjene vrijednosti | C10: P004 | E10: 0
B11: Sitni inventar i auto gume | C11: P005 | E11: 0
B12: Dugotrajna nefinancijska imovina u pripremi | C12: P006 | E12: 0
B13: Proizvedena kratkotrajna imovina | C13: P007 | E13: 0
B14: Promjene u vrijednosti (revalorizacija) financijske imovine (šifre P009 do P015) | C14: P008 | E14: 0
B15: Novac u banci i blagajni | C15: P009 | E15: 0
B16: Depoziti, jamčevni polozi i potraživanja od zaposlenih te za više plaćene poreze i ostalo | C16: P010 | E16: 0
B17: Potraživanja za dane zajmove | C17: P011 | E17: 0
B18: Vrijednosni papiri | C18: P012 | E18: 0
B19: Dionice i udjeli u glavnici | C19: P013 | E19: 0
... B21: Potraživanja od prodaje nefinancijske imovine | C21: P015 | E21: 0
A22: 91512 | B22: Promjene u obujmu imovine (šifre P016+P023) | C22: 91512 | D22: =D23+D30 -> 0 | E22: =E23+E30 -> 0
B23: Promjene u obujmu nefinancijske imovine (šifre P017 do P022) | C23: P016 | D23: =SUM(D24:D29) -> 0 | E23: =SUM(E24:E29) -> 0
B24: Neproizvedena dugotrajna imovina | C24: P017 | E24: 0
B25: Proizvedena dugotrajna imovina | C25: P018 | E25: 0
B26: Plemeniti metali i ostale pohranjene vrijednosti | C26: P019 | E26: 0
B27: Sitni inventar i auto gume | C27: P020 | E27: 0
B28: Dugotrajna nefinancijska imovina u pripremi | C28: P021 | E28: 0
B29: Proizvedena kratkotrajna imovina | C29: P022 | E29: 0
B30: Promjene u obujmu financijske imovine (šifre P024 do P030) | C30: P023 | D30: =SUM(D31:D37) -> 0 | E30: =SUM(E31:E37) -> 0
B31: Novac u banci i blagajni | C31: P024 | E31: 0
B32: Depoziti, jamčevni polozi i potraživanja od zaposlenih te za više plaćene poreze i ostalo | C32: P025 | E32: 0
B33: Potraživanja za dane zajmove | C33: P026 | E33: 0
B34: Vrijednosni papiri | C34: P027 | E34: 0
B35: Dionice i udjeli u glavnici | C35: P028 | E35: 0
B36: Potraživanja za prihode poslovanja | C36: P029 | E36: 0
B37: Potraživanja od prodaje nefinancijske imovine | C37: P030 | E37: 0
A38: 9152 | B38: Promjene u vrijednosti (revalorizacija) i obujmu obveza (šifre 91521+91522) | C38: 9152 | D38: =D39+D44 -> 0 | E38: =E39+E44 -> 0
A39: 91521 | B39: Promjene u vrijednosti (revalorizacija) obveza (šifre P031 do P034) | C39: 91521 | D39: =SUM(D40:D43) -> 0 | E39: =SUM(E40:E43) -> 0
B40: Obveze za rashode poslovanja | C40: P031 | E40: 0
B41: Obveze za nabavu nefinancijske imovine | C41: P032 | E41: 0
B42: Obveze za vrijednosne papire | C42: P033 | E42: 0
B43: Obveze za kredite i zajmove | C43: P034 | E43: 0
A44: 91522 | B44: Promjene u obujmu obveza (šifre P035 do P038) | C44: 91522 | D44: =SUM(D45:D48) -> 0 | E44: =SUM(E45:E48) -> 0
B45: Obveze za rashode poslovanja | C45: P035 | E45: 0
B46: Obveze za nabavu nefinancijske imovine | C46: P036 | E46: 0
B47: Obveze za vrijednosne papire | C47: P037 | E47: 0
B48: Obveze za kredite i zajmove | C48: P038 | E48: 0

Sheet OBVEZE
A2: IZVJEŠTAJ O OBVEZAMA
A3: Račun iz rač. plana | B3: Opis stavke | C3: Šifra | D3: Iznos
A4: 1 | B4: 2 | C4: 3 | D4: 4
B5: Stanje obveza 1. siječnja (=stanju obveza iz Izvještaja o obvezama na 31. prosinca prethodne godine) | C5: V001 | D5: 0
B6: Povećanje obveza u izvještajnom razdoblju (šifre V003+N23+N24 + 'N dio 25,26') | C6: V002 | D6: =D7+D8+D17+D18 -> 124354.92
B7: Međusobne obveze subjekata općeg proračuna | C7: V003
A8: 23 | B8: Obveze za rashode poslovanja (šifre N231 do N239) | C8: N23 | D8: =SUM(D9:D16) -> 124354.92
A9: 231 | B9: Obveze za zaposlene | C9: N231 | D9: 97113.2
A10: 232 | B10: Obveze za materijalne rashode | C10: N232 | D10: 26957.72
A11: 234 | B11: Obveze za financijske rashode | C11: N234 | D11: 284
A12: 235 | B12: Obveze za subvencije | C12: N235
A13: 236 | B13: Obveze za povrat pomoći unutar općeg proračuna po protestiranim jamstvima | C13: N236
A14: 237 | B14: Obveze za naknade građanima i kućanstvima | C14: N237
A15: 238 | B15: Obveze za kazne, naknade šteta i kapitalne pomoći | C15: N238
A16: 239 | B16: Ostale tekuće obveze | C16: N239
A17: 24 | B17: Obveze za nabavu nefinancijske imovine | C17: N24
A18: dio 25,26 | B18: Obveze za financijsku imovinu (šifre 'N251, 253' + N254 + N256 + 'N262,263,2643,2644,2645,2653,2654,267' + 'N261,2646,2647,2648,2655,2656') | C18: N dio 25,26 | D18: =SUM(D19:D23) -> 0
A19: 251.253 | B19: Obveze za čekove i mjenice | C19: N251, 253
A20: 254 | B20: Obveze za obveznice | C20: N254
A21: 256 | B21: Obveze za ostale vrijednosne papire | C21: N256
A22: 262,263,2643,2644, 2645,2653,2654,267 | B22: Obveze za tuzemne kredite i zajmove | C22: N262,263,2643,2644,2645,2653,2654,267
A23: 261,2646,2647, 2648,2655,2656 | B23: Obveze za inozemne kredite i zajmove | C23: N261,2646,2647,2648,2655,2656
B24: Podmirene obveze u izvještajnom razdoblju (šifre V005+P23+P24 + 'P dio 25,26') | C24: V004 | D24: =D25+D26+D35+D36 -> 25084.5
B25: Međusobne obveze subjekata općeg proračuna | C25: V005
A26: 23 | B26: Obveze za rashode poslovanja (šifre P231 do P239) | C26: P23 | D26: =SUM(D27:D34) -> 25084.5
A27: 231 | B27: Obveze za zaposlene | C27: P231 | D27: 6000
A28: 232 | B28: Obveze za materijalne rashode | C28: P232 | D28: 18800.5
A29: 234 | B29: Obveze za financijske rashode | C29: P234 | D29: 284
A30: 235 | B30: Obveze za subvencije | C30: P235
A31: 236 | B31: Obveze za povrat pomoći unutar općeg proračuna po protestiranim jamstvima | C31: P236
A32: 237 | B32: Obveze za naknade građanima i kućanstvima | C32: P237
A33: 238 | B33: Obveze za kazne, naknade šteta i kapitalne pomoći | C33: P238
A34: 239 | B34: Ostale tekuće obveze | C34: P239
A35: 24 | B35: Obveze za nabavu nefinancijske imovine | C35: P24
A36: dio 25,26 | B36: Obveze za financijsku imovinu (šifre 'P251,253' + P254 + P256 + 'P262,263,2643,2644, 2645,2653,2654,267' + 'P261,2646,2647, 2648,2655,2656') | C36: P dio 25, 26 | D36: =SUM(D37:D41) -> 0
A37: 251.253 | B37: Obveze za čekove i mjenice | C37: P251, 253
A38: 254 | B38: Obveze za obveznice | C38: P254
A39: 256 | B39: Obveze za ostale vrijednosne papire | C39: P256
A40: 262,263,2643,2644, 2645,2653,2654,267 | B40: Obveze za tuzemne kredite i zajmove | C40: P262,263,2643,2644, 2645,2653,2654,267
A41: 261,2646,2647, 2648,2655,2656 | B41: Obveze za inozemne kredite i zajmove | C41: P261,2646,2647, 2648,2655,2656
B42: Stanje obveza na kraju izvještajnog razdoblja (šifre V001+V002-V004) i (šifre V007+V009) | C42: V006 | D42: =D5+D6-D24 -> 99270.42
B43: Stanje dospjelih obveza na kraju izvještajnog razdoblja (šifre V008+D23+D24 + 'D dio 25,26') | C43: V007 | D43: =D44+D49+D90+D95 -> 0
B44: Međusobne obveze subjekata općeg proračuna (šifre M001 do M004) | C44: V008 | D44: =SUM(D45:D48) -> 0
B45: a) Prekoračenje 1 do 60 dana | C45: M001
B46: b) Prekoračenje 61 do 180 dana | C46: M002
B47: c) Prekoračenje 181 do 360 dana | C47: M003
B48: d) Prekoračenje preko 360 dana | C48: M004
A49: 23 | B49: Ukupno obveze za rashode poslovanja (šifre D231+D232+D234+D235+D236+D237+D 238+D239) | C49: D23 | D49: =D50+D55+D60+D65+D70+D75+D80+D85 -> 0
A50: 231 | B50: Obveze za zaposlene (šifre D231A do D231D) | C50: D231 | D50: =SUM(D51:D54) -> 0
B51: a) Prekoračenje 1 do 60 dana | C51: D231A
B52: b) Prekoračenje 61 do 180 dana | C52: D231B
B53: c) Prekoračenje 181 do 360 dana | C53: D231C
B54: d) Prekoračenje preko 360 dana | C54: D231D
A55: 232 | B55: Obveze za materijalne rashode (šifre D232A do D232D) | C55: D232 | D55: =SUM(D56:D59) -> 0
B56: a) Prekoračenje 1 do 60 dana | C56: D232A
B57: b) Prekoračenje 61 do 180 dana | C57: D232B
B58: c) Prekoračenje 181 do 360 dana | C58: D232C
B59: d) Prekoračenje preko 360 dana | C59: D232D
A60: 234 | B60: Obveze za financijske rashode (šifre D234A do D234D) | C60: D234 | D60: =SUM(D61:D64) -> 0
B61: a) Prekoračenje 1 do 60 dana | C61: D234A
B62: b) Prekoračenje 61 do 180 dana | C62: D234B
B63: c) Prekoračenje 181 do 360 dana | C63: D234C
B64: d) Prekoračenje preko 360 dana | C64: D234D
A65: 235 | B65: Obveze za subvencije (šifre D235A do D235D) | C65: D235 | D65: =SUM(D66:D69) -> 0
B66: a) Prekoračenje 1 do 60 dana | C66: D235A
B67: b) Prekoračenje 61 do 180 dana | C67: D235B
B68: c) Prekoračenje 181 do 360 dana | C68: D235C
B69: d) Prekoračenje preko 360 dana | C69: D235D
A70: 236 | B70: Obveze za povrat pomoći unutar općeg proračuna po protestiranim jamstvima (šifre D236A do D236D) | C70: D236 | D70: =SUM(D71:D74) -> 0
B71: a) Prekoračenje 1 do 60 dana | C71: D236A
B72: b) Prekoračenje 61 do 180 dana | C72: D236B
B73: c) Prekoračenje 181 do 360 dana | C73: D236C
B74: d) Prekoračenje preko 360 dana | C74: D236D
A75: 237 | B75: Obveze za naknade građanima i kućanstvima (šifre D237A do D237D) | C75: D237 | D75: =SUM(D76:D79) -> 0
B76: a) Prekoračenje 1 do 60 dana | C76: D237A
B77: b) Prekoračenje 61 do 180 dana | C77: D237B
B78: c) Prekoračenje 181 do 360 dana | C78: D237C
B79: d) Prekoračenje preko 360 dana | C79: D237D
A80: 238 | B80: Obveze za kazne, naknade šteta i kapitalne pomoći (šifre D238A do D238D) | C80: D 238 | D80: =SUM(D81:D84) -> 0
B81: a) Prekoračenje 1 do 60 dana | C81: D238A
B82: b) Prekoračenje 61 do 180 dana | C82: D238B
B83: c) Prekoračenje 181 do 360 dana | C83: D238C
B84: d) Prekoračenje preko 360 dana | C84: D238D
A85: 239 | B85: Ostale tekuće obveze (šifre D239A do D239D) | C85: D239 | D85: =SUM(D86:D89) -> 0
B86: a) Prekoračenje 1 do 60 dana | C86: D239A
B87: b) Prekoračenje 61 do 180 dana | C87: D239B
B88: c) Prekoračenje 181 do 360 dana | C88: D239C
B89: d) Prekoračenje preko 360 dana | C89: D239D
A90: 24 | B90: Obveze za nabavu nefinancijske imovine (šifre D24A do D24D) | C90: D24 | D90: =SUM(D91:D94) -> 0
B91: a) Prekoračenje 1 do 60 dana | C91: D24A
B92: b) Prekoračenje 61 do 180 dana | C92: D24B
B93: c) Prekoračenje 181 do 360 dana | C93: D24C
B94: d) Prekoračenje preko 360 dana | C94: D24D
A95: dio 25,26 | B95: Obveze za financijsku imovinu (šifre 'D 251,253' + D254 + D256 + 'D262,263,2643,2644, 2645,2653,2654,267' + 'D261,2646,2647, 2648,2655,2656') | C95: D dio 25,26 | D95: =SUM(D96:D100) -> 0
A96: 251.253 | B96: Obveze za čekove i mjenice | C96: D 251,253
A97: 254 | B97: Obveze za obveznice | C97: D254
A98: 256 | B98: Obveze za ostale vrijednosne papire | C98: D256
A99: 262,263,2643,2644, 2645,2653,2654,267 | B99: Obveze za tuzemne kredite i zajmove | C99: D262,263,2643,2644, 2645,2653,2654,267
A100: 261,2646,2647, 2648,2655,2656 | B100: Obveze za inozemne kredite i zajmove | C100: D261,2646,2647, 2648,2655,2656
B101: Stanje nedospjelih obveza na kraju izvještajnog razdoblja (šifre V010 + ND23 + ND24 + 'ND dio 25,26') | C101: V009 | D101: =SUM(D102:D105) -> 99270.42
...

Sheet Kont
A1: IZVJEŠTAJ O OBVEZAMA | E1: REZ
A2: KONTROLE
A3: Rbr. | B3: Rezultat kontrole | C3: Opis kontrole | E3: =E4+E14+E19+E275+E293+E296+E298 -> 0 | F3: =F4+F14+F19+F275+F293+F296+F298 -> 3 | G3: =IF(RefStr!C12<>"",INT(VALUE(MID(RefStr!C12,1,4))),0) -> 2022 | H3: =IF(RefStr!C12<>"",INT(VALUE(MID(RefStr!C12,6,2))),0) -> 12 | I3: =RefStr!C10*1 -> 21 | J3: =RefStr!H7 -> DA | K3: =RefStr!H9 -> DA | L3: =RefStr!H10 -> DA | M3: =RefStr!H8 -> DA | N3: =RefStr!H11 -> DA | O3: =RefStr!C6 -> 52637
A4: OPĆE KONTROLE - Kontrole podataka iz zaglavlja i kontrole popunjenosti obrazaca | E4: =SUM(E5:E13) -> 0 | F4: =SUM(F5:F13) -> 0 | I4: 3 i 9 mjesec | J4: 6. mjesec | K4: 12. mjeseci
A5: 1 | B5: =IF(E5=1,"Pogreška",IF(F5=1,"Provjera","O.K.")) -> O.K. | C5: Razina 11 (od 2016. godine) - za kvartale te za polugodište (I.-III., I.-VI., I.-IX.) predaje obrasce PR-RAS i Obveze - za kraj godine predaje SVE obrasce: PR-RAS, BIL, P-VRIO, RAS-funkcijski i Obveze. Ova kontrola javlja pogrešku ako je popunjen obrazac koji se za upisano razdoblje i razinu ne treba popuniti, ili ako nije popunjen neki koji se treba popuniti. | E5: =MAX(G5:K5) -> 0 | F5: 0 | I5: =IF(AND($I$3=11,OR($H$3=3,$H$3=9),OR($J$3<>"DA",$K$3<>"NE",$L$3<>"NE",$M$3<>"NE",$N$3<>"DA")),1,0) -> 0 | J5: =IF(AND($I$3=11,$H$3=6,OR($J$3<>"DA",$K$3<>"NE",$L$3<>"NE",$M$3<>"NE",$N$3<>"DA")),1,0) -> 0 | K5: =IF(AND($I$3=11,$H$3=12,OR($J$3<>"DA",$K$3<>"DA",$L$3<>"DA",$M$3<>"DA",$N$3<>"DA")),1,0) -> 0
A6: 2 | B6: =IF(E6=1,"Pogreška",IF(F6=1,"Provjera","O.K.")) -> O.K. | C6: Razina 12 (od 2016. godine) - za kvartale (I.-III., I.-IX.) predaje samo obrazac Obveze, - za polugodište predaje obrazac PR-RAS te obrazac Obveze - za kraj godine predaje SVE obrasce: PR-RAS, BIL, P-VRIO, RAS-funkcijski i Obveze. Ova kontrola javlja pogrešku ako je popunjen obrazac koji se za upisano razdoblje i razinu ne treba popuniti, ili ako nije popunjen neki koji se treba popuniti. | E6: =MAX(G6:K6) -> 0 | F6: 0 | I6: =IF(AND($I$3=12,OR($H$3=3,$H$3=9),OR($J$3<>"NE",$K$3<>"NE",$L$3<>"NE",$M$3<>"NE",$N$3<>"DA")),1,0) -> 0 | J6: =IF(AND($I$3=12,$H$3=6,OR($J$3<>"DA",$K$3<>"NE",$L$3<>"NE",$M$3<>"NE",$N$3<>"DA")),1,0) -> 0 | K6: =IF(AND($I$3=12,$H$3=12,OR(J3<>"DA",K3<>"DA",L3<>"DA",M3<>"DA",N3<>"DA")),1,0) -> 0
A7: 3 | B7: =IF(E7=1,"Pogreška",IF(F7=1,"Provjera","O.K.")) -> O.K. | C7: Razina 13, opća država (od 2016. godine) - za kvartale te za polugodište (I.-III., I.-VI., I.-IX.) predaje samo obrazac PR-RAS - za kraj godine predaje obrasce: PR-RAS, BIL, P-VRIO i RAS-funkcijski. Ova kontrola javlja pogrešku ako je popunjen obrazac koji se za upisano razdoblje i razinu ne treba popuniti, ili ako nije popunjen neki koji se treba popuniti. | E7: =MAX(G7:K7) -> 0 | F7: 0 | I7: =IF(AND($I$3=13,OR($H$3=3,$H$3=9),OR($J$3<>"DA",$K$3<>"NE",$L$3<>"NE",$M$3<>"NE",$N$3<>"NE")),1,0) -> 0 | J7: =IF(AND($I$3=13,$H$3=6,OR($J$3<>"DA",$K$3<>"NE",$L$3<>"NE",$M$3<>"NE",$N$3<>"NE")),1,0) -> 0 | K7: =IF(AND($I$3=13,$H$3=12,OR($J$3<>"DA",$K$3<>"DA",$L$3<>"DA",$M$3<>"DA",$N$3<>"NE")),1,0) -> 0
A8: 4 | B8: =IF(E8=1,"Pogreška",IF(F8=1,"Provjera","O.K.")) -> O.K. | C8: Razina 21 (od 2016. godine) - za kvartale (I.-III., I.-IX.) predaje samo obrazac PR-RAS - za polugodište predaje obrasce PR-RAS i Obveze, - na godišnjoj razini predaje sve obrasce: PR-RAS, BIL, RAS-funkcijski, P-VRIO i Obveze. Ova kontrola javlja pogrešku ako je popunjen obrazac koji se za upisano razdoblje i razinu ne treba popuniti, ili ako nije popunjen neki koji se treba popuniti. | E8: =MAX(G8:K8) -> 0 | F8: 0 | I8: =IF(AND($I$3=21,OR($H$3=3,$H$3=9),OR($J$3<>"DA",$K$3<>"NE",$L$3<>"NE",$M$3<>"NE",$N$3<>"NE")),1,0) -> 0 | J8: =IF(AND($I$3=21,$H$3=6,OR($J$3<>"DA",$K$3<>"NE",$L$3<>"NE",$M$3<>"NE",$N$3<>"DA")),1,0) -> 0 | K8: =IF(AND($I$3=21,$H$3=12,OR($J$3<>"DA",$K$3<>"DA",$L$3<>"DA",$M$3<>"DA",$N$3<>"DA")),1,0) -> 0
A9: 5 | B9: =IF(E9=1,"Pogreška",IF(F9=1,"Provjera","O.K.")) -> O.K. | C9: Razina 22 (od 2016. godine) - za kvartale te za polugodište (I.-III., I.-VI., I.-IX.) predaje obrasce PR-RAS i Obveze - za kraj godine predaje SVE obrasce: PR-RAS, BIL, P-VRIO, RAS-funkcijski i Obveze. Ova kontrola javlja pogrešku ako je popunjen obrazac koji se za upisano razdoblje i razinu ne treba popuniti, ili ako nije popunjen neki koji se treba popuniti. | E9: =MAX(G9:K9) -> 0 | F9: 0 | I9: =IF(AND($I$3=22,OR($H$3=3,$H$3=9),OR($J$3<>"DA",$K$3<>"NE",$L$3<>"NE",$M$3<>"NE",$N$3<>"DA")),1,0) -> 0 | J9: =IF(AND($I$3=22,$H$3=6,OR($J$3<>"DA",$K$3<>"NE",$L$3<>"NE",$M$3<>"NE",$N$3<>"DA")),1,0) -> 0 | K9: =IF(AND($I$3=22,$H$3=12,OR($J$3<>"DA",$K$3<>"DA",$L$3<>"DA",$M$3<>"DA",$N$3<>"DA")),1,0) -> 0
A10: 6 | B10: =IF(E10=1,"Pogreška",IF(F10=1,"Provjera","O.K.")) -> O.K. | C10: Razina 23 (od 2016. godine) - za kvartale ne predaje ništa, nema konsolidacije, - za polugodište (I.-VI.) predaje obrasce PR-RAS i Obveze - za kraj godine predaje SVE obrasce: PR-RAS, BIL, P-VRIO, RAS-funkcijski i Obveze. Ova kontrola javlja pogrešku ako je popunjen obrazac koji se za upisano razdoblje i razinu ne treba popuniti, ili ako nije popunjen neki koji se treba popuniti. | E10: =MAX(G10:K10) -> 0 | F10: 0 | I10: =IF(AND($I$3=23,OR($H$3=3,$H$3=9)),1,0) -> 0 | J10: =IF(AND($I$3=23,$H$3=6,OR($J$3<>"DA",$K$3<>"NE",$L$3<>"NE",$M$3<>"NE",$N$3<>"DA")),1,0) -> 0 | K10: =IF(AND($I$3=23,$H$3=12,OR($J$3<>"DA",$K$3<>"DA",$L$3<>"DA",$M$3<>"DA",$N$3<>"DA")),1,0) -> 0
A11: 7 | B11: =IF(E11=1,"Pogreška",IF(F11=1,"Provjera","O.K.")) -> O.K. | C11: Razine 31 (od 2016. godine) - za kvartale (I.-III., I.-IX.) predaje samo obrazac PR-RAS - za polugodište predaje obrasce PR-RAS i Obveze - na godišnjoj razini predaje sve obrasce: PR-RAS, BIL, RAS-funkcijski, P-VRIO i Obveze. Ova kontrola javlja pogrešku ako je popunjen obrazac koji se za upisano razdoblje i razinu ne treba popuniti, ili ako nije popunjen neki koji se treba popuniti. | E11: =MAX(G11:K11) -> 0 | F11: 0 | I11: =IF(AND($I$3=31,OR($H$3=3,$H$3=9),OR($J$3<>"DA",$K$3<>"NE",$L$3<>"NE",$M$3<>"NE",$N$3<>"NE")),1,0) -> 0 | J11: =IF(AND($I$3=31,$H$3=6,OR($J$3<>"DA",$K$3<>"NE",$L$3<>"NE",$M$3<>"NE",$N$3<>"DA")),1,0) -> 0 | K11: =IF(AND($I$3=31,$H$3=12,OR($J$3<>"DA",$K$3<>"DA",$L$3<>"DA",$M$3<>"DA",$N$3<>"DA")),1,0) -> 0
A12: 8 | B12: =IF(E12=1,"Pogreška",IF(F12=1,"Provjera","O.K.")) -> O.K. | C12: Razina 41 (od 2016. godine) - za kvartale i polugodište (I.-III., I.-VI. i I.-IX.) predaje obrasce PR-RAS i Obveze - na godišnjoj razini predaje sve obrasce: PR-RAS, BIL, RAS-funkcijski, P-VRIO i Obveze. Ova kontrola javlja pogrešku ako je popunjen obrazac koji se za upisano razdoblje i razinu ne treba popuniti, ili ako nije popunjen neki koji se treba popuniti. | E12: =MAX(G12:K12) -> 0 | F12: 0 | I12: =IF(AND($I$3=41,OR($H$3=3,$H$3=9),OR($J$3<>"DA",$K$3<>"NE",$L$3<>"NE",$M$3<>"NE",$N$3<>"DA")),1,0) -> 0 | J12: =IF(AND($I$3=41,$H$3=6,OR($J$3<>"DA",$K$3<>"NE",$L$3<>"NE",$M$3<>"NE",$N$3<>"DA")),1,0) -> 0 | K12: =IF(AND($I$3=41,$H$3=12,OR($J$3<>"DA",$K$3<>"DA",$L$3<>"DA",$M$3<>"DA",$N$3<>"DA")),1,0) -> 0
A13: 9 | B13: =IF(E13=1,"Pogreška",IF(F13=1,"Provjera","O.K.")) -> O.K. | C13: Razine 42 (od 2016. godine) - za kvartale (I.-III., I.-IX.) predaje samo obrazac PR-RAS - za polugodište predaje obrasce PR-RAS i Obveze - na godišnjoj razini predaje sve obrasce: PR-RAS, BIL, RAS-funkcijski, P-VRIO i Obveze. Ova kontrola javlja pogrešku ako je popunjen obrazac koji se za upisano razdoblje i razinu ne treba popuniti, ili ako nije popunjen neki koji se treba popuniti. | E13: =MAX(G13:K13) -> 0 | F13: 0 | I13: =IF(AND($I$3=42,OR($H$3=3,$H$3=9),OR($J$3<>"DA",$K$3<>"NE",$L$3<>"NE",$M$3<>"NE",$N$3<>"NE")),1,0) -> 0 | J13: =IF(AND($I$3=42,$H$3=6,OR($J$3<>"DA",$K$3<>"NE",$L$3<>"NE",$M$3<>"NE",$N$3<>"DA")),1,0) -> 0 | K13: =IF(AND($I$3=42,$H$3=12,OR($J$3<>"DA",$K$3<>"DA",$L$3<>"DA",$M$3<>"DA",$N$3<>"DA")),1,0) -> 0
A14: Kontrole između dva različita obrasca | E14: =SUM(E15:E18) -> 0 | F14: =SUM(F15:F18) -> 0
A15: 1 | B15: =IF(E15=1,"Pogreška",IF(F15=1,"Provjera","O.K.")) -> O.K. | C15: Na godišnjoj razini, šifra 19 u obrascu Bilanca mora biti jednaka šifri 19 u obrascu PR-RAS. Ova kontrola je obvezujuća za razine 11, 21, 22, 31, 41, 42, a upozoravajuća za razine 12, 13 i 23. Ova kontrola vrijedi u obje kolone podataka, osim za obveznike kod kojih početak razdoblja nije ujedno i početak poslovne godine (obveznik je počeo s radom tokom godine). Za takve obveznike kontrola vrijedi samo za kolonu tekuće godine (ne i prethodne). | E15: =MAX(G15:K15) -> 0 | F15: =MAX(L15:O15) -> 0 | G15: =IF(AND(H3=12,J3="DA",M3="DA",OR(I3=11,I3=21,I3=22,I3=31,I3=41,I3=42),BILANCA!D170<>'PR-RAS'!D647),1,0) -> 0 | H15: =IF(AND(H3=12,J3="DA",M3="DA",OR(I3=11,I3=21,I3=22,I3=31,I3=41,I3=42),BILANCA!E170<>'PR-RAS'!E647),1,0) -> 0 | L15: =IF(AND(H3=12,J3="DA",M3="DA",OR(I3=12,I3=13,I3=23),BILANCA!D170<>'PR-RAS'!D647),1,0) -> 0 | M15: =IF(AND(H3=12,J3="DA",M3="DA",OR(I3=12,I3=13,I3=23),BILANCA!E170<>'PR-RAS'!E647),1,0) -> 0
A16: 2 | B16: =IF(E16=1,"Pogreška",IF(F16=1,"Provjera","O.K.")) -> O.K. | C16: Na godišnjoj razini, šifra 11 u obrascu Bilanca mora biti jednaka šifri 11K u obrascu PR-RAS. Ova kontrola je obvezujuća za razine 11, 21, 22, 31, 41 i 42, a upozoravajuća za razine 12, 13, 23. Ova kontrola vrijedi u obje kolone podataka. | E16: =MAX(G16:K16) -> 0 | F16: =MAX(L16:O16) -> 0 | G16: =IF(AND(H3=12,J3="DA",M3="DA",OR(I3=11,I3=21,I3=22,I3=31,I3=41,I3=42),BILANCA!D69<>'PR-RAS'!D652),1,0) -> 0 | H16: =IF(AND(H3=12,J3="DA",M3="DA",OR(I3=11,I3=21,I3=22,I3=31,I3=41,I3=42),BILANCA!E69<>'PR-RAS'!E652),1,0) -> 0 | L16: =IF(AND(H3=12,J3="DA",M3="DA",OR(I3=12,I3=13,I3=23),BILANCA!D69<>'PR-RAS'!D652),1,0) -> 0 | M16: =IF(AND(H3=12,J3="DA",M3="DA",OR(I3=12,I3=13,I3=23),BILANCA!E69<>'PR-RAS'!E652),1,0) -> 0
A17: 3 | B17: =IF(E17=1,"Pogreška",IF(F17=1,"Provjera","O.K.")) -> O.K. | C17: Na godišnjoj razini, ako je u Bilanci šifra 9221 > 9222, tada šifra X006 u PR-RAS-u mora biti jednaka šifri 9221-9222 u Bilanci, a šifra Y006 mora biti nula. Ako je u Bilanci šifra 9222 > 9221 tada šifra Y006 u PR-RAS-u mora biti jednaka šifri 9222 - 9221 u Bilanci, a šifra X006 u PR-RAS-u mora biti nula. Ova kontrola vrijedi za obje godine osim u slučaju kada je u PR-RAS obrascu kolona prethodne godine nepopunjena. | E17: =MAX(G17:L17) -> 0 | F17: 0 | G17: =IF(AND(H3=12,J3="DA",M3="DA",BILANCA!D246>=BILANCA!D250,OR(ABS(BILANCA!D246-BILANCA!D250-'PR-RAS'!D645)>0.001,'PR-RAS'!D646<>0)),1,0) -> 0 | H17: =IF(AND(H3=12,J3="DA",M3="DA",BILANCA!E246>=BILANCA!E250,OR(ABS(BILANCA!E246-BILANCA!E250-'PR-RAS'!E645)>0.001,'PR-RAS'!E646<>0)),1,0) -> 0 | I17: =IF(AND(H3=12,J3="DA",M3="DA",BILANCA!D250>=BILANCA!D246,OR(ABS(BILANCA!D250-BILANCA!D246-'PR-RAS'!D646)>0.001,'PR-RAS'!D645<>0)),1,0) -> 0 | J17: =IF(AND(H3=12,J3="DA",M3="DA",BILANCA!E250>=BILANCA!E246,OR(ABS(BILANCA!E250-BILANCA!E246-'PR-RAS'!E646)>0.001,'PR-RAS'!E645<>0)),1,0) -> 0
A18: 4 | B18: =IF(E18=1,"Pogreška",IF(F18=1,"Provjera","O.K.")) -> O.K. | C18: Ako je obrazac RAS-funkcijski popunjen, tada razlika šifri Y034 i 367 (šifre Y034-367) u obrascu PR-RAS treba biti jednaka zbroju svih rashoda po vrstama, tj. šifri R1 u obrascu RAS-funkcijski. | E18: =MAX(G18:L18) -> 0 | F18: 0 | G18: =IF(AND(J3="DA",K3="DA",I3<>12,I3<>23,ABS('PR-RAS'!D413-'PR-RAS'!D240-'RAS-funkcijski'!D141)>0.001),1,0) -> 0 | H18: =IF(AND(J3="DA",K3="DA",I3<>12,I3<>23,ABS('PR-RAS'!E413-'PR-RAS'!E240-'RAS-funkcijski'!E141)>0.001),1,0) -> 0
A19: Kontrole na obrascu PR-RAS | E19: =SUM(E20:E274) -> 0 | F19: =SUM(F20:F274) -> 3
A20: 1 | B20: =IF(E20=1,"Pogreška",IF(F20=1,"Provjera","O.K.")) -> O.K. | C20: Ako je u nekom stupcu na šiframa Z006 do Z009 (broj zaposlenih) podatak veći od nule, tada mora postojati podatak na šifri 31 (rashodi za zaposlene) veći od nule. Ako su na šifri 31 iskazani rashodi za zaposlene mora postojati i podatak o broju zaposlenih. | E20: =MAX(G20:K20) -> 0 | F20: =MAX(L20:O20) -> 0 | G20: =IF(OR(AND('PR-RAS'!D152=0,MAX('PR-RAS'!D653:D656)>0),AND('PR-RAS'!E152=0,MAX('PR-RAS'!E653:E656)>0)),1,0) -> 0 | H20: =IF(OR(AND('PR-RAS'!D152<>0,MAX('PR-RAS'!D653:D656)=0),AND('PR-RAS'!E152<>0,MAX('PR-RAS'!E653:E656)=0)),1,0) -> 0
A21: 2 | B21: =IF(E21=1,"Pogreška",IF(F21=1,"Provjera","O.K.")) -> O.K. | C21: Ako je u nekom stupcu na šifri Z006 broj veći od nule, tada i na šifri Z008 mora biti broj veći od nule i obrnuto. | E21: =MAX(G21:K21) -> 0 | F21: =MAX(L21:O21) -> 0 | G21: =IF(OR(AND('PR-RAS'!D653=0,'PR-RAS'!D655<>0),AND('PR-RAS'!D653<>0,'PR-RAS'!D655=0)),1,0) -> 0 | H21: =IF(OR(AND('PR-RAS'!E653=0,'PR-RAS'!E655<>0),AND('PR-RAS'!E653<>0,'PR-RAS'!E655=0)),1,0) -> 0
A22: 3 | B22: =IF(E22=1,"Pogreška",IF(F22=1,"Provjera","O.K.")) -> O.K. | C22: Ako je u nekom stupcu na šifri Z007 broj veći od nule, tada i na šifri Z009 mora biti broj veći od nule i obrnuto. | E22: =MAX(G22:K22) -> 0 | F22: =MAX(L22:O22) -> 0 | G22: =IF(OR(AND('PR-RAS'!D654=0,'PR-RAS'!D656<>0),AND('PR-RAS'!D654<>0,'PR-RAS'!D656=0)),1,0) -> 0 | H22: =IF(OR(AND('PR-RAS'!E654=0,'PR-RAS'!E656<>0),AND('PR-RAS'!E654<>0,'PR-RAS'!E656=0)),1,0) -> 0
A23: 4 | B23: =IF(E23=1,"Pogreška",IF(F23=1,"Provjera","O.K.")) -> O.K. | C23: Šifra 61315 je samo dio šifre 6131 i mora joj biti manja ili jednaka u oba stupca podataka. | E23: =MAX(G23:K23) -> 0 | F23: =MAX(L23:O23) -> 0 | G23: =IF(ROUND('PR-RAS'!D658,2)>ROUND('PR-RAS'!D24,2),1,0) -> 0 | H23: =IF(ROUND('PR-RAS'!E658,2)>ROUND('PR-RAS'!E24,2),1,0) -> 0
A24: 5 | B24: =IF(E24=1,"Pogreška",IF(F24=1,"Provjera","O.K.")) -> O.K. | C24: Zbroj šifri: 61451+61453 je samo dio šifre 6145 i mora joj biti manji ili jednak u oba stupca podataka. | E24: =MAX(G24:K24) -> 0 | F24: =MAX(L24:O24) -> 0 | G24: =IF(ROUND('PR-RAS'!D659+'PR-RAS'!D660,2)>ROUND('PR-RAS'!D33,2),1,0) -> 0 | H24: =IF(ROUND('PR-RAS'!E659+'PR-RAS'!E660,2)>ROUND('PR-RAS'!E33,2),1,0) -> 0
A25: 6 | B25: =IF(E25=1,"Pogreška",IF(F25=1,"Provjera","O.K.")) -> O.K. | C25: Šifra 6331 mora biti jednaka zbroju šifri: 63311 do 63314 u oba stupca podataka. | E25: =MAX(G25:K25) -> 0 | F25: =MAX(L25:O25) -> 0 | G25: =IF(ABS('PR-RAS'!D60-SUM('PR-RAS'!D661:D664))>0.001,1,0) -> 0 | H25: =IF(ABS('PR-RAS'!E60-SUM('PR-RAS'!E661:E664))>0.001,1,0) -> 0
A26: 7 | B26: =IF(E26=1,"Pogreška",IF(F26=1,"Provjera","O.K.")) -> O.K. | C26: Šifra 6332 mora biti jednaka zbroju šifri: 63321 do 63324 u oba stupca podataka. | E26: =MAX(G26:K26) -> 0 | F26: =MAX(L26:O26) -> 0 | G26: =IF(ABS('PR-RAS'!D61-SUM('PR-RAS'!D665:'PR-RAS'!D668))>0.001,1,0) -> 0 | H26: =IF(ABS('PR-RAS'!E61-SUM('PR-RAS'!E665:'PR-RAS'!E668))>0.001,1,0) -> 0
A27: 8 | B27: =IF(E27=1,"Pogreška",IF(F27=1,"Provjera","O.K.")) -> O.K. | C27: Šifra 6341 mora biti jednaka zbroju šifri: 63414 do 63416 u oba stupca podataka. | E27: =MAX(G27:K27) -> 0 | F27: =MAX(L27:O27) -> 0 | G27: =IF(ABS('PR-RAS'!D63-SUM('PR-RAS'!D669:D671))>0.001,1,0) -> 0 | H27: =IF(ABS('PR-RAS'!E63-SUM('PR-RAS'!E669:E671))>0.001,1,0) -> 0
A28: 9 | B28: =IF(E28=1,"Pogreška",IF(F28=1,"Provjera","O.K.")) -> O.K. | C28: Šifra 6342 mora biti jednaka zbroju šifri: 63424 do 63426 u oba stupca podataka. | E28: =MAX(G28:K28) -> 0 | F28: =MAX(L28:O28) -> 0 | G28: =IF(ABS('PR-RAS'!D64-SUM('PR-RAS'!D672:D674))>0.001,1,0) -> 0 | H28: =IF(ABS('PR-RAS'!E64-SUM('PR-RAS'!E672:E674))>0.001,1,0) -> 0
A29: 10 | B29: =IF(E29=1,"Pogreška",IF(F29=1,"Provjera","O.K.")) -> O.K. | C29: Šifra 6361 mora biti jednaka zbroju šifri: 63612 i 63613 u oba stupca podataka. | E29: =MAX(G29:K29) -> 0 | F29: =MAX(L29:O29) -> 0 | G29: =IF(ROUND('PR-RAS'!D69,2)<>ROUND('PR-RAS'!D675+'PR-RAS'!D676,2),1,0) -> 0 | H29: =IF(ROUND('PR-RAS'!E69,2)<>ROUND('PR-RAS'!E675+'PR-RAS'!E676,2),1,0) -> 0
A30: 11 | B30: =IF(E30=1,"Pogreška",IF(F30=1,"Provjera","O.K.")) -> O.K. | C30: Šifra 6362 mora biti jednaka zbroju šifri: 63622 i 63623 u oba stupca podataka. | E30: =MAX(G30:K30) -> 0 | F30: =MAX(L30:O30) -> 0 | G30: =IF(ABS('PR-RAS'!D70-'PR-RAS'!D677-'PR-RAS'!D678)>0.001,1,0) -> 0 | H30: =IF(ABS('PR-RAS'!E70-'PR-RAS'!E677-'PR-RAS'!E678)>0.001,1,0) -> 0
A31: 238 | B31: =IF(E31=1,"Pogreška",IF(F31=1,"Provjera","O.K.")) -> O.K. | C31: Šifra 6371 mora biti jednaka zbroju šifri: 63711 do 63717 u oba stupca podataka. | E31: =MAX(G31:K31) -> 0 | F31: =MAX(L31:O31) -> 0 | G31: =IF(ABS('PR-RAS'!D72-'PR-RAS'!D679-'PR-RAS'!D685)>0.001,1,0) -> 0 | H31: =IF(ABS('PR-RAS'!E72-'PR-RAS'!E679-'PR-RAS'!E685)>0.001,1,0) -> 0
A32: 239 | B32: =IF(E32=1,"Pogreška",IF(F32=1,"Provjera","O.K.")) -> O.K. | C32: Šifra 6372 mora biti jednaka zbroju šifri 63721 do 63728 u oba stupca podataka. | E32: =MAX(G32:K32) -> 0 | F32: =MAX(L32:O32) -> 0 | G32: =IF(ABS('PR-RAS'!D73-'PR-RAS'!D686-'PR-RAS'!D693)>0.001,1,0) -> 0 | H32: =IF(ABS('PR-RAS'!E73-'PR-RAS'!E686-'PR-RAS'!E693)>0.001,1,0) -> 0
A33: 12 | B33: =IF(E33=1,"Pogreška",IF(F33=1,"Provjera","O.K.")) -> O.K. | C33: Šifra 6381 mora biti jednaka zbroju šifri: 63811 do 63814 u oba stupca podataka. | E33: =MAX(G33:K33) -> 0 | F33: =MAX(L33:O33) -> 0 | G33: =IF(ABS('PR-RAS'!D75-SUM('PR-RAS'!D694:D697))>0.001,1,0) -> 0 | H33: =IF(ABS('PR-RAS'!E75-SUM('PR-RAS'!E694:E697))>0.001,1,0) -> 0
A34: 13 | B34: =IF(E34=1,"Pogreška",IF(F34=1,"Provjera","O.K.")) -> O.K. | C34: Šifra 6382 mora biti jednaka zbroju šifri: 63821 do 63824 u oba stupca podataka. | E34: =MAX(G34:K34) -> 0 | F34: =MAX(L34:O34) -> 0 | G34: =IF(ABS('PR-RAS'!D76-SUM('PR-RAS'!D698:D701))>0.001,1,0) -> 0 | H34: =IF(ABS('PR-RAS'!E76-SUM('PR-RAS'!E698:E701))>0.001,1,0) -> 0
A35: 14 | B35: =IF(E35=1,"Pogreška",IF(F35=1,"Provjera","O.K.")) -> O.K. | C35: Šifra 64191 je samo dio šifre 6419 i mora joj biti manja ili jednaka u oba stupca podataka. | E35: =MAX(G35:K35) -> 0 | F35: =MAX(L35:O35) -> 0 | G35: =IF(ROUND('PR-RAS'!D702,2)>ROUND('PR-RAS'!D90,2),1,0) -> 0 | H35: =IF(ROUND('PR-RAS'!E702,2)>ROUND('PR-RAS'!E90,2),1,0) -> 0
A36: 15 | B36: =IF(E36=1,"Pogreška",IF(F36=1,"Provjera","O.K.")) -> O.K. | C36: Šifra 6437 mora biti jednaka zbroju šifri: 64371 do 64377 u oba stupca podataka. | E36: =MAX(G36:K36) -> 0 | F36: =MAX(L36:O36) -> 0 | G36: =IF(ABS('PR-RAS'!D105-SUM('PR-RAS'!D703:D709))>0.001,1,0) -> 0 | H36: =IF(ABS('PR-RAS'!E105-SUM('PR-RAS'!E703:E709))>0.001,1,0) -> 0
A37: 16 | B37: =IF(E37=1,"Pogreška",IF(F37=1,"Provjera","O.K.")) -> O.K. | C37: Zbroj šifri 65264 do 65267 je samo dio šifre 6526 i mora joj biti manji ili jednak u oba stupca podataka. | E37: =MAX(G37:K37) -> 0 | F37: =MAX(L37:O37) -> 0 | G37: =IF(ROUND(SUM('PR-RAS'!D710:D712),2)>ROUND('PR-RAS'!D117,2),1,0) -> 0 | H37: =IF(ROUND(SUM('PR-RAS'!E710:E712),2)>ROUND('PR-RAS'!E117,2),1,0) -> 0
A38: 240 | B38: =IF(E38=1,"Pogreška",IF(F38=1,"Provjera","O.K.")) -> O.K. | C38: Šifra 6634 mora biti jednaka zbroju šifri: 66341 do 66343 u oba stupca podataka. | E38: =MAX(G38:K38) -> 0 | F38: =MAX(L38:O38) -> 0 | G38: =IF(ABS('PR-RAS'!D132-SUM('PR-RAS'!D713:D715))>0.001,1,0) -> 0 | H38: =IF(ABS('PR-RAS'!E132-SUM('PR-RAS'!E713:E715))>0.001,1,0) -> 0
A39: 17 | B39: =IF(E39=1,"Pogreška",IF(F39=1,"Provjera","O.K.")) -> O.K. | C39: Zbroj šifri 31214 i 31215 je samo dio šifre 312 i mora joj biti manji ili jednak u oba stupca podataka. | E39: =MAX(G39:K39) -> 0 | F39: =MAX(L39:O39) -> 0 | G39: =IF(ROUND('PR-RAS'!D716+'PR-RAS'!D717,2)>ROUND('PR-RAS'!D158,2),1,0) -> 0 | H39: =IF(ROUND('PR-RAS'!E716+'PR-RAS'!E717,2)>ROUND('PR-RAS'!E158,2),1,0) -> 0
A40: 18 | B40: =IF(E40=1,"Pogreška",IF(F40=1,"Provjera","O.K.")) -> O.K. | C40: Šifra 32121 je samo dio šifre 3212 i mora joj biti manja ili jednaka u oba stupca podataka. | E40: =MAX(G40:K40) -> 0 | F40: =MAX(L40:O40) -> 0 | G40: =IF(ROUND('PR-RAS'!D718,2)>ROUND('PR-RAS'!D166,2),1,0) -> 0 | H40: =IF(ROUND('PR-RAS'!E718,2)>ROUND('PR-RAS'!E166,2),1,0) -> 0
A41: 19 | B41: =IF(E41=1,"Pogreška",IF(F41=1,"Provjera","O.K.")) -> O.K. | C41: Šifra 32351 je samo dio šifre 3235 i mora joj biti manja ili jednaka u oba stupca podataka. | E41: =MAX(G41:K41) -> 0 | F41: =MAX(L41:O41) -> 0 | G41: =IF(ROUND('PR-RAS'!D719,2)>ROUND('PR-RAS'!D182,2),1,0) -> 0 | H41: =IF(ROUND('PR-RAS'!E719,2)>ROUND('PR-RAS'!E182,2),1,0) -> 0
A42: 20 | B42: =IF(E42=1,"Pogreška",IF(F42=1,"Provjera","O.K.")) -> O.K. | C42: Šifra 32361 je samo dio šifre 3236 i mora joj biti manja ili jednaka u oba stupca podataka. | E42: =MAX(G42:K42) -> 0 | F42: =MAX(L42:O42) -> 0 | G42: =IF(ROUND('PR-RAS'!D720,2)>ROUND('PR-RAS'!D183,2),1,0) -> 0 | H42: =IF(ROUND('PR-RAS'!E720,2)>ROUND('PR-RAS'!E183,2),1,0) -> 0
A43: 21 | B43: =IF(E43=1,"Pogreška",IF(F43=1,"Provjera","O.K.")) -> O.K. | C43: Zbroj šifri 32371 do 32377 je samo dio šifre 3237 i mora joj biti manji ili jednak u oba stupca podataka. | E43: =MAX(G43:K43) -> 0 | F43: =MAX(L43:O43) -> 0 | G43: =IF(ROUND(SUM('PR-RAS'!D721:D723),2)>ROUND('PR-RAS'!D184,2),1,0) -> 0 | H43: =IF(ROUND(SUM('PR-RAS'!E721:E723),2)>ROUND('PR-RAS'!E184,2),1,0) -> 0
A44: 22 | B44: =IF(E44=1,"Pogreška",IF(F44=1,"Provjera","O.K.")) -> O.K. | C44: Šifra 32398 je samo dio šifre 3239 i mora joj biti manja ili jednaka u oba stupca podataka. | E44: =MAX(G44:K44) -> 0 | F44: =MAX(L44:O44) -> 0 | G44: =IF(ROUND('PR-RAS'!D724,2)>ROUND('PR-RAS'!D186,2),1,0) -> 0 | H44: =IF(ROUND('PR-RAS'!E724,2)>ROUND('PR-RAS'!E186,2),1,0) -> 0
A45: 23 | B45: =IF(E45=1,"Pogreška",IF(F45=1,"Provjera","O.K.")) -> O.K. | C45: Šifra 32911 je samo dio šifre 3291 i mora joj biti manja ili jednaka u oba stupca podataka. | E45: =MAX(G45:K45) -> 0 | F45: =MAX(L45:O45) -> 0 | G45: =IF(ROUND('PR-RAS'!D725,2)>ROUND('PR-RAS'!D189,2),1,0) -> 0 | H45: =IF(ROUND('PR-RAS'!E725,2)>ROUND('PR-RAS'!E189,2),1,0) -> 0
A46: 24 | B46: =IF(E46=1,"Pogreška",IF(F46=1,"Provjera","O.K.")) -> O.K. | C46: Šifra 32923 je samo dio šifre 3292 i mora joj biti manja ili jednaka u oba stupca podataka. | E46: =MAX(G46:K46) -> 0 | F46: =MAX(L46:O46) -> 0 | G46: =IF(ROUND('PR-RAS'!D726,2)>ROUND('PR-RAS'!D190,2),1,0) -> 0 | H46: =IF(ROUND('PR-RAS'!E726,2)>ROUND('PR-RAS'!E190,2),1,0) -> 0
A47: 25 | B47: =IF(E47=1,"Pogreška",IF(F47=1,"Provjera","O.K.")) -> O.K. | C47: Šifra 3411 mora biti jednaka zbroju šifri: 34111+34112 u oba stupca podataka. | E47: =MAX(G47:K47) -> 0 | F47: =MAX(L47:O47) -> 0 | G47: =IF(ABS('PR-RAS'!D727+'PR-RAS'!D728-'PR-RAS'!D198)>0.001,1,0) -> 0 | H47: =IF(ABS('PR-RAS'!E727+'PR-RAS'!E728-'PR-RAS'!E198)>0.001,1,0) -> 0
A48: 26 | B48: =IF(E48=1,"Pogreška",IF(F48=1,"Provjera","O.K.")) -> O.K. | C48: Šifra 3412 mora biti jednaka zbroju šifri: 34121+34122 u oba stupca podataka. | E48: =MAX(G48:K48) -> 0 | F48: =MAX(L48:O48) -> 0 | G48: =IF(ABS('PR-RAS'!D729+'PR-RAS'!D730-'PR-RAS'!D199)>0.001,1,0) -> 0 | H48: =IF(ABS('PR-RAS'!E729+'PR-RAS'!E730-'PR-RAS'!E199)>0.001,1,0) -> 0
A49: 27 | B49: =IF(E49=1,"Pogreška",IF(F49=1,"Provjera","O.K.")) -> O.K. | C49: Šifra 3413 mora biti jednaka zbroju šifri: 34131+34132 u oba stupca podataka. | E49: =MAX(G49:K49) -> 0 | F49: =MAX(L49:O49) -> 0 | G49: =IF(ABS('PR-RAS'!D731+'PR-RAS'!D732-'PR-RAS'!D200)>0.001,1,0) -> 0 | H49: =IF(ABS('PR-RAS'!E731+'PR-RAS'!E732-'PR-RAS'!E200)>0.001,1,0) -> 0
A50: 28 | B50: =IF(E50=1,"Pogreška",IF(F50=1,"Provjera","O.K.")) -> O.K. | C50: Šifra 3419 mora biti jednaka zbroju šifri: 34191+34192 u oba stupca podataka. | E50: =MAX(G50:K50) -> 0 | F50: =MAX(L50:O50) -> 0 | G50: =IF(ABS('PR-RAS'!D733+'PR-RAS'!D734-'PR-RAS'!D201)>0.001,1,0) -> 0 | H50: =IF(ABS('PR-RAS'!E733+'PR-RAS'!E734-'PR-RAS'!E201)>0.001,1,0) -> 0
A51: 29 | B51: =IF(E51=1,"Pogreška",IF(F51=1,"Provjera","O.K.")) -> O.K. | C51: Šifra 3421 mora biti jednaka zbroju šifri: 34213 do 34216 u oba stupca podataka. | E51: =MAX(G51:K51) -> 0 | F51: =MAX(L51:O51) -> 0 | G51: =IF(ABS('PR-RAS'!D203-SUM('PR-RAS'!D735:D738))>0.001,1,0) -> 0 | H51: =IF(ABS('PR-RAS'!E203-SUM('PR-RAS'!E735:E738))>0.001,1,0) -> 0
A52: 30 | B52: =IF(E52=1,"Pogreška",IF(F52=1,"Provjera","O.K.")) -> O.K. | C52: Šifra 3422 mora biti jednaka zbroju šifri: 34222 do 34224 u oba stupca podataka. | E52: =MAX(G52:K52) -> 0 | F52: =MAX(L52:O52) -> 0 | G52: =IF(ABS('PR-RAS'!D204-SUM('PR-RAS'!D739:D741))>0.001,1,0) -> 0 | H52: =IF(ABS('PR-RAS'!E204-SUM('PR-RAS'!E739:E741))>0.001,1,0) -> 0
A53: 31 | B53: =IF(E53=1,"Pogreška",IF(F53=1,"Provjera","O.K.")) -> O.K. | C53: Šifra 3423 mora biti jednaka zbroju šifri: 34233 do 34238 u oba stupca podataka. | E53: =MAX(G53:K53) -> 0 | F53: =MAX(L53:O53) -> 0 | G53: =IF(ABS('PR-RAS'!D205-SUM('PR-RAS'!D742:D747))>0.001,1,0) -> 0 | H53: =IF(ABS('PR-RAS'!E205-SUM('PR-RAS'!E742:E747))>0.001,1,0) -> 0
A54: 32 | B54: =IF(E54=1,"Pogreška",IF(F54=1,"Provjera","O.K.")) -> O.K. | C54: Zbroj šifri 34273 do 34275 je samo dio šifre 3427 i mora joj biti manji ili jednak u oba stupca podataka. | E54: =MAX(G54:K54) -> 0 | F54: =MAX(L54:O54) -> 0 | G54: =IF(ROUND(SUM('PR-RAS'!D748:D750),2)>ROUND('PR-RAS'!D208,2),1,0) -> 0 | H54: =IF(ROUND(SUM('PR-RAS'!E748:E750),2)>ROUND('PR-RAS'!E208,2),1,0) -> 0
A55: 33 | B55: =IF(E55=1,"Pogreška",IF(F55=1,"Provjera","O.K.")) -> O.K. | C55: Šifra 3428 mora biti jednaka zbroju šifri: 34281 do 34287 u oba stupca podataka. | E55: =MAX(G55:K55) -> 0 | F55: =MAX(L55:O55) -> 0 | G55: =IF(ABS('PR-RAS'!D209-SUM('PR-RAS'!D751:D757))>0.001,1,0) -> 0 | H55: =IF(ABS('PR-RAS'!E209-SUM('PR-RAS'!E751:E757))>0.001,1,0) -> 0
A56: 34 | B56: =IF(E56=1,"Pogreška",IF(F56=1,"Provjera","O.K.")) -> O.K. | C56: Šifra 34341 je samo dio šifre 3434 i mora joj biti manja ili jednaka u oba stupca podataka. | E56: =MAX(G56:K56) -> 0 | F56: =MAX(L56:O56) -> 0 | G56: =IF(ROUND('PR-RAS'!D758,2)>ROUND('PR-RAS'!D214,2),1,0) -> 0 | H56: =IF(ROUND('PR-RAS'!E758,2)>ROUND('PR-RAS'!E214,2),1,0) -> 0
A57: 35 | B57: =IF(E57=1,"Pogreška",IF(F57=1,"Provjera","O.K.")) -> O.K. | C57: Šifra 3523 mora biti jednaka zbroju šifri: 35231+35232 u oba stupca podataka. | E57: =MAX(G57:K57) -> 0 | F57: =MAX(L57:O57) -> 0 | G57: =IF(ABS('PR-RAS'!D222-'PR-RAS'!D759-'PR-RAS'!D760)>0.001,1,0) -> 0 | H57: =IF(ABS('PR-RAS'!E222-'PR-RAS'!E759-'PR-RAS'!E760)>0.001,1,0) -> 0
A58: 36 | B58: =IF(E58=1,"Pogreška",IF(F58=1,"Provjera","O.K.")) -> O.K. | C58: Šifra 3631 mora biti jednaka zbroju šifri: 36313 do 36319 u oba stupca podataka. | E58: =MAX(G58:K58) -> 0 | F58: =MAX(L58:O58) -> 0 | G58: =IF(ABS('PR-RAS'!D232-SUM('PR-RAS'!D761:D767))>0.001,1,0) -> 0 | H58: =IF(ABS('PR-RAS'!E232-SUM('PR-RAS'!E761:E767))>0.001,1,0) -> 0
A59: 37 | B59: =IF(E59=1,"Pogreška",IF(F59=1,"Provjera","O.K.")) -> O.K. | C59: Šifra 3632 mora biti jednaka zbroju šifri: 36323 do 36329 u oba stupca podataka. | E59: =MAX(G59:K59) -> 0 | F59: =MAX(L59:O59) -> 0 | G59: =IF(ABS('PR-RAS'!D233-SUM('PR-RAS'!D768:D774))>0.001,1,0) -> 0 | H59: =IF(ABS('PR-RAS'!E233-SUM('PR-RAS'!E768:E774))>0.001,1,0) -> 0
A60: 241 | B60: =IF(E60=1,"Pogreška",IF(F60=1,"Provjera","O.K.")) -> O.K. | C60: Šifra 3635 mora biti jednaka zbroju šifri: 36351 do 36356 u oba stupca podataka. | E60: =MAX(G60:K60) -> 0 | F60: =MAX(L60:O60) -> 0 | G60: =IF(ABS('PR-RAS'!D234-SUM('PR-RAS'!D775:D780))>0.001,1,0) -> 0 | H60: =IF(ABS('PR-RAS'!E234-SUM('PR-RAS'!E775:E780))>0.001,1,0) -> 0
A61: 242 | B61: =IF(E61=1,"Pogreška",IF(F61=1,"Provjera","O.K.")) -> O.K. | C61: Šifra 3636 mora biti jednaka zbroju šifri: 36361 do 36367 u oba stupca podataka. | E61: =MAX(G61:K61) -> 0 | F61: =MAX(L61:O61) -> 0 | G61: =IF(ABS('PR-RAS'!D235-SUM('PR-RAS'!D781:D787))>0.001,1,0) -> 0 | H61: =IF(ABS('PR-RAS'!E235-SUM('PR-RAS'!E781:E787))>0.001,1,0) -> 0
A62: 243 | B62: =IF(E62=1,"Pogreška",IF(F62=1,"Provjera","O.K.")) -> O.K. | C62: Šifra 3663 mora biti jednaka zbroju šifri: 36631+36632 u oba stupca podataka. | E62: =MAX(G62:K62) -> 0 | F62: =MAX(L62:O62) -> 0 | G62: =IF(ABS('PR-RAS'!D239-SUM('PR-RAS'!D788:D789))>0.001,1,0) -> 0 | H62: =IF(ABS('PR-RAS'!E239-SUM('PR-RAS'!E788:E789))>0.001,1,0) -> 0
A63: 38 | B63: =IF(E63=1,"Pogreška",IF(F63=1,"Provjera","O.K.")) -> O.K. | C63: Šifra 3681 mora biti jednaka zbroju šifri: 36811 do 36819 u oba stupca podataka. | E63: =MAX(G63:K63) -> 0 | F63: =MAX(L63:O63) -> 0 | G63: =IF(ABS('PR-RAS'!D245-SUM('PR-RAS'!D790:D798))>0.001,1,0) -> 0 | H63: =IF(ABS('PR-RAS'!E245-SUM('PR-RAS'!E790:E798))>0.001,1,0) -> 0
A64: 39 | B64: =IF(E64=1,"Pogreška",IF(F64=1,"Provjera","O.K.")) -> O.K. | C64: Šifra 3682 mora biti jednaka zbroju šifri: 36821 do 36829 u oba stupca podataka. | E64: =MAX(G64:K64) -> 0 | F64: =MAX(L64:O64) -> 0 | G64: =IF(ABS('PR-RAS'!D246-SUM('PR-RAS'!D799:D807))>0.001,1,0) -> 0 | H64: =IF(ABS('PR-RAS'!E246-SUM('PR-RAS'!E799:E807))>0.001,1,0) -> 0
A65: 40 | B65: =IF(E65=1,"Pogreška",IF(F65=1,"Provjera","O.K.")) -> O.K. | C65: Šifra 3713 mora biti jednaka zbroju šifri: 37131 do 37139 u oba stupca podataka. | E65: =MAX(G65:K65) -> 0 | F65: =MAX(L65:O65) -> 0 | G65: =IF(ABS('PR-RAS'!D256-SUM('PR-RAS'!D808:D810))>0.001,1,0) -> 0 | H65: =IF(ABS('PR-RAS'!E256-SUM('PR-RAS'!E808:E810))>0.001,1,0) -> 0
A66: 41 | B66: =IF(E66=1,"Pogreška",IF(F66=1,"Provjera","O.K.")) -> O.K. | C66: Šifra 3714 mora biti jednaka zbroju šifri: 37141 do 37149 u oba stupca podataka. | E66: =MAX(G66:K66) -> 0 | F66: =MAX(L66:O66) -> 0 | G66: =IF(ABS('PR-RAS'!D257-SUM('PR-RAS'!D811:D814))>0.001,1,0) -> 0 | H66: =IF(ABS('PR-RAS'!E257-SUM('PR-RAS'!E811:E814))>0.001,1,0) -> 0
A67: 42 | B67: =IF(E67=1,"Pogreška",IF(F67=1,"Provjera","O.K.")) -> O.K. | C67: Šifra 3721 mora biti jednaka zbroju šifri: 37211 do 37219 u oba stupca podataka. | E67: =MAX(G67:K67) -> 0 | F67: =MAX(L67:O67) -> 0 | G67: =IF(ABS('PR-RAS'!D260-SUM('PR-RAS'!D815:D823))>0.001,1,0) -> 0 | H67: =IF(ABS('PR-RAS'!E260-SUM('PR-RAS'!E815:E823))>0.001,1,0) -> 0
A68: 43 | B68: =IF(E68=1,"Pogreška",IF(F68=1,"Provjera","O.K.")) -> O.K. | C68: Šifra 3722 mora biti jednaka zbroju šifri: 37221 do 37229 u oba stupca podataka. | E68: =MAX(G68:K68) -> 0 | F68: =MAX(L68:O68) -> 0 | G68: =IF(ABS('PR-RAS'!D261-SUM('PR-RAS'!D824:D828))>0.001,1,0) -> 0 | H68: =IF(ABS('PR-RAS'!E261-SUM('PR-RAS'!E824:E828))>0.001,1,0) -> 0
A69: 44 | B69: =IF(E69=1,"Pogreška",IF(F69=1,"Provjera","O.K.")) -> O.K. | C69: Šifra 38117 je samo dio šifre 3811 i mora joj biti manja ili jednaka u oba stupca podataka. | E69: =MAX(G69:K69) -> 0 | F69: =MAX(L69:O69) -> 0 | G69: =IF(ROUND('PR-RAS'!D829,2)>ROUND('PR-RAS'!D265,2),1,0) -> 0 | H69: =IF(ROUND('PR-RAS'!E829,2)>ROUND('PR-RAS'!E265,2),1,0) -> 0
A70: 45 | B70: =IF(E70=1,"Pogreška",IF(F70=1,"Provjera","O.K.")) -> O.K. | C70: Šifra 3861 mora biti jednaka zbroju šifri: 38612 do 38615 u oba stupca podataka. | E70: =MAX(G70:K70) -> 0 | F70: =MAX(L70:O70) -> 0 | G70: =IF(ABS('PR-RAS'!D280-SUM('PR-RAS'!D830:D833))>0.001,1,0) -> 0 | H70: =IF(ABS('PR-RAS'!E280-SUM('PR-RAS'!E830:E833))>0.001,1,0) -> 0
A71: 46 | B71: =IF(E71=1,"Pogreška",IF(F71=1,"Provjera","O.K.")) -> O.K. | C71: Šifra 3862 mora biti jednaka zbroju šifri: 38622 do 38626 u oba stupca podataka. | E71: =MAX(G71:K71) -> 0 | F71: =MAX(L71:O71) -> 0 | G71: =IF(ABS('PR-RAS'!D281-SUM('PR-RAS'!D834:D838))>0.001,1,0) -> 0 | H71: =IF(ABS('PR-RAS'!E281-SUM('PR-RAS'!E834:E838))>0.001,1,0) -> 0
A72: 47 | B72: =IF(E72=1,"Pogreška",IF(F72=1,"Provjera","O.K.")) -> O.K. | C72: Šifra 3863 mora biti jednaka zbroju šifri: 38631+38632 u oba stupca podataka. | E72: =MAX(G72:K72) -> 0 | F72: =MAX(L72:O72) -> 0 | G72: =IF(ABS('PR-RAS'!D282-SUM('PR-RAS'!D839:D840))>0.001,1,0) -> 0 | H72: =IF(ABS('PR-RAS'!E282-SUM('PR-RAS'!E839:E840))>0.001,1,0) -> 0
A73: 48 | B73: =IF(E73=1,"Pogreška",IF(F73=1,"Provjera","O.K.")) -> O.K. | C73: Šifra 3864 mora biti jednaka zbroju šifri: 38641+38642 u oba stupca podataka. | E73: =MAX(G73:K73) -> 0 | F73: =MAX(L73:O73) -> 0 | G73: =IF(ABS('PR-RAS'!D283-SUM('PR-RAS'!D841:D842))>0.001,1,0) -> 0 | H73: =IF(ABS('PR-RAS'!E283-SUM('PR-RAS'!E841:E842))>0.001,1,0) -> 0
A74: 244 | B74: =IF(E74=1,"Pogreška",IF(F74=1,"Provjera","O.K.")) -> O.K. | C74: Šifra 3865 mora biti jednaka zbroju šifri: 38651 do 38653 u oba stupca podataka. | E74: =MAX(G74:K74) -> 0 | F74: =MAX(L74:O74) -> 0 | G74: =IF(ABS('PR-RAS'!D284-SUM('PR-RAS'!D843:D845))>0.001,1,0) -> 0 | H74: =IF(ABS('PR-RAS'!E284-SUM('PR-RAS'!E843:E845))>0.001,1,0) -> 0
A75: 49 | B75: =IF(E75=1,"Pogreška",IF(F75=1,"Provjera","O.K.")) -> O.K. | C75: Šifra 81212 je samo dio šifre 8121 i mora joj biti manja ili jednaka u oba stupca podataka. | E75: =MAX(G75:K75) -> 0 | F75: =MAX(L75:O75) -> 0 | G75: =IF(ROUND('PR-RAS'!D846,2)>ROUND('PR-RAS'!D428,2),1,0) -> 0 | H75: =IF(ROUND('PR-RAS'!E846,2)>ROUND('PR-RAS'!E428,2),1,0) -> 0
A76: 50 | B76: =IF(E76=1,"Pogreška",IF(F76=1,"Provjera","O.K.")) -> O.K. | C76: Šifra 81322 je samo dio šifre 8132 i mora joj biti manja ili jednaka u oba stupca podataka. | E76: =MAX(G76:K76) -> 0 | F76: =MAX(L76:O76) -> 0 | G76: =IF(ROUND('PR-RAS'!D847,2)>ROUND('PR-RAS'!D431,2),1,0) -> 0 | H76: =IF(ROUND('PR-RAS'!E847,2)>ROUND('PR-RAS'!E431,2),1,0) -> 0
A77: 51 | B77: =IF(E77=1,"Pogreška",IF(F77=1,"Provjera","O.K.")) -> O.K. | C77: Šifra 81332 je samo dio šifre 8133 i mora joj biti manja ili jednaka u oba stupca podataka. | E77: =MAX(G77:K77) -> 0 | F77: =MAX(L77:O77) -> 0 | G77: =IF(ROUND('PR-RAS'!D848,2)>ROUND('PR-RAS'!D432,2),1,0) -> 0 | H77: =IF(ROUND('PR-RAS'!E848,2)>ROUND('PR-RAS'!E432,2),1,0) -> 0
A78: 52 | B78: =IF(E78=1,"Pogreška",IF(F78=1,"Provjera","O.K.")) -> O.K. | C78: Šifra 81342 je samo dio šifre 8134 i mora joj biti manja ili jednaka u oba stupca podataka. | E78: =MAX(G78:K78) -> 0 | F78: =MAX(L78:O78) -> 0 | G78: =IF(ROUND('PR-RAS'!D849,2)>ROUND('PR-RAS'!D433,2),1,0) -> 0 | H78: =IF(ROUND('PR-RAS'!E849,2)>ROUND('PR-RAS'!E433,2),1,0) -> 0
A79: 53 | B79: =IF(E79=1,"Pogreška",IF(F79=1,"Provjera","O.K.")) -> O.K. | C79: Šifra 814 mora biti jednaka zbroju šifri: 81411+81412 u oba stupca podataka. | E79: =MAX(G79:K79) -> 0 | F79: =MAX(L79:O79) -> 0 | G79: =IF(ABS('PR-RAS'!D434-SUM('PR-RAS'!D850:D851))>0.001,1,0) -> 0 | H79: =IF(ABS('PR-RAS'!E434-SUM('PR-RAS'!E850:E851))>0.001,1,0) -> 0
A80: 54 | B80: =IF(E80=1,"Pogreška",IF(F80=1,"Provjera","O.K.")) -> O.K. | C80: Šifra 81532 je samo dio šifre 8153 i mora joj biti manja ili jednaka u oba stupca podataka. | E80: =MAX(G80:K80) -> 0 | F80: =MAX(L80:O80) -> 0 | G80: =IF(ROUND('PR-RAS'!D852,2)>ROUND('PR-RAS'!D436,2),1,0) -> 0 | H80: =IF(ROUND('PR-RAS'!E852,2)>ROUND('PR-RAS'!E436,2),1,0) -> 0
A81: 55 | B81: =IF(E81=1,"Pogreška",IF(F81=1,"Provjera","O.K.")) -> O.K. | C81: Šifra 81542 je samo dio šifre 8154 i mora joj biti manja ili jednaka u oba stupca podataka. | E81: =MAX(G81:K81) -> 0 | F81: =MAX(L81:O81) -> 0 | G81: =IF(ROUND('PR-RAS'!D853,2)>ROUND('PR-RAS'!D437,2),1,0) -> 0 | H81: =IF(ROUND('PR-RAS'!E853,2)>ROUND('PR-RAS'!E437,2),1,0) -> 0
A82: 56 | B82: =IF(E82=1,"Pogreška",IF(F82=1,"Provjera","O.K.")) -> O.K. | C82: Šifra 81552 je samo dio šifre 8155 i mora joj biti manja ili jednaka u oba stupca podataka. | E82: =MAX(G82:K82) -> 0 | F82: =MAX(L82:O82) -> 0 | G82: =IF(ROUND('PR-RAS'!D854,2)>ROUND('PR-RAS'!D438,2),1,0) -> 0 | H82: =IF(ROUND('PR-RAS'!E854,2)>ROUND('PR-RAS'!E438,2),1,0) -> 0
A83: 57 | B83: =IF(E83=1,"Pogreška",IF(F83=1,"Provjera","O.K.")) -> O.K. | C83: Šifra 8163 mora biti jednaka zbroju šifri: 81631+81632 u oba stupca podataka. | E83: =MAX(G83:K83) -> 0 | F83: =MAX(L83:O83) -> 0 | G83: =IF(ABS('PR-RAS'!D443-SUM('PR-RAS'!D855:D856))>0.001,1,0) -> 0 | H83: =IF(ABS('PR-RAS'!E443-SUM('PR-RAS'!E855:E856))>0.001,1,0) -> 0
A84: 58 | B84: =IF(E84=1,"Pogreška",IF(F84=1,"Provjera","O.K.")) -> O.K. | C84: Šifra 8164 mora biti jednaka zbroju šifri: 81641+81642 u oba stupca podataka. | E84: =MAX(G84:K84) -> 0 | F84: =MAX(L84:O84) -> 0 | G84: =IF(ABS('PR-RAS'!D444-SUM('PR-RAS'!D857:D858))>0.001,1,0) -> 0 | H84: =IF(ABS('PR-RAS'!E444-SUM('PR-RAS'!E857:E858))>0.001,1,0) -> 0
A85: 59 | B85: =IF(E85=1,"Pogreška",IF(F85=1,"Provjera","O.K.")) -> O.K. | C85: Šifra 8171 mora biti jednaka zbroju šifri: 81711+81712 u oba stupca podataka. | E85: =MAX(G85:K85) -> 0 | F85: =MAX(L85:O85) -> 0 | G85: =IF(ABS('PR-RAS'!D448-SUM('PR-RAS'!D859:D860))>0.001,1,0) -> 0 | H85: =IF(ABS('PR-RAS'!E448-SUM('PR-RAS'!E859:E860))>0.001,1,0) -> 0
A86: 60 | B86: =IF(E86=1,"Pogreška",IF(F86=1,"Provjera","O.K.")) -> O.K. | C86: Šifra 8172 mora biti jednaka zbroju šifri: 81721+81722 u oba stupca podataka. | E86: =MAX(G86:K86) -> 0 | F86: =MAX(L86:O86) -> 0 | G86: =IF(ABS('PR-RAS'!D449-SUM('PR-RAS'!D861:D862))>0.001,1,0) -> 0 | H86: =IF(ABS('PR-RAS'!E449-SUM('PR-RAS'!E861:E862))>0.001,1,0) -> 0
A87: 61 | B87: =IF(E87=1,"Pogreška",IF(F87=1,"Provjera","O.K.")) -> O.K. | C87: Šifra 8173 mora biti jednaka zbroju šifri: 81731+81732 u oba stupca podataka. | E87: =MAX(G87:K87) -> 0 | F87: =MAX(L87:O87) -> 0 | G87: =IF(ABS('PR-RAS'!D450-SUM('PR-RAS'!D863:D864))>0.001,1,0) -> 0 | H87: =IF(ABS('PR-RAS'!E450-SUM('PR-RAS'!E863:E864))>0.001,1,0) -> 0
A88: 62 | B88: =IF(E88=1,"Pogreška",IF(F88=1,"Provjera","O.K.")) -> O.K. | C88: Šifra 8174 mora biti jednaka zbroju šifri: 81741+81742 u oba stupca podataka. | E88: =MAX(G88:K88) -> 0 | F88: =MAX(L88:O88) -> 0 | G88: =IF(ABS('PR-RAS'!D451-SUM('PR-RAS'!D865:D866))>0.001,1,0) -> 0 | H88: =IF(ABS('PR-RAS'!E451-SUM('PR-RAS'!E865:E866))>0.001,1,0) -> 0
A89: 63 | B89: =IF(E89=1,"Pogreška",IF(F89=1,"Provjera","O.K.")) -> O.K. | C89: Šifra 8175 mora biti jednaka zbroju šifri: 81751+81752 u oba stupca podataka. | E89: =MAX(G89:K89) -> 0 | F89: =MAX(L89:O89) -> 0 | G89: =IF(ABS('PR-RAS'!D452-SUM('PR-RAS'!D867:D868))>0.001,1,0) -> 0 | H89: =IF(ABS('PR-RAS'!E452-SUM('PR-RAS'!E867:E868))>0.001,1,0) -> 0
A90: 64 | B90: =IF(E90=1,"Pogreška",IF(F90=1,"Provjera","O.K.")) -> O.K. | C90: Šifra 8176 mora biti jednaka zbroju šifri: 81761+81762 u oba stupca podataka. | E90: =MAX(G90:K90) -> 0 | F90: =MAX(L90:O90) -> 0 | G90: =IF(ABS('PR-RAS'!D453-SUM('PR-RAS'!D869:D870))>0.001,1,0) -> 0 | H90: =IF(ABS('PR-RAS'!E453-SUM('PR-RAS'!E869:E870))>0.001,1,0) -> 0
A91: 65 | B91: =IF(E91=1,"Pogreška",IF(F91=1,"Provjera","O.K.")) -> O.K. | C91: Šifra 8177 mora biti jednaka zbroju šifri: 81771+81772 u oba stupca podataka. | E91: =MAX(G91:K91) -> 0 | F91: =MAX(L91:O91) -> 0 | G91: =IF(ABS('PR-RAS'!D454-SUM('PR-RAS'!D871:D872))>0.001,1,0) -> 0 | H91: =IF(ABS('PR-RAS'!E454-SUM('PR-RAS'!E871:E872))>0.001,1,0) -> 0
A92: 66 | B92: =IF(E92=1,"Pogreška",IF(F92=1,"Provjera","O.K.")) -> O.K. | C92: Šifra 82412 je samo dio šifre 8241 i mora joj biti manja ili jednaka u oba stupca podataka. | E92: =MAX(G92:K92) -> 0 | F92: =MAX(L92:O92) -> 0 | G92: =IF(ROUND('PR-RAS'!D873,2)>ROUND('PR-RAS'!D470,2),1,0) -> 0 | H92: =IF(ROUND('PR-RAS'!E873,2)>ROUND('PR-RAS'!E470,2),1,0) -> 0
A93: 67 | B93: =IF(E93=1,"Pogreška",IF(F93=1,"Provjera","O.K.")) -> O.K. | C93: Šifra 84132 je samo dio šifre 8413 i mora joj biti manja ili jednaka u oba stupca podataka. | E93: =MAX(G93:K93) -> 0 | F93: =MAX(L93:O93) -> 0 | G93: =IF(ROUND('PR-RAS'!D874,2)>ROUND('PR-RAS'!D486,2),1,0) -> 0 | H93: =IF(ROUND('PR-RAS'!E874,2)>ROUND('PR-RAS'!E486,2),1,0) -> 0
A94: 68 | B94: =IF(E94=1,"Pogreška",IF(F94=1,"Provjera","O.K.")) -> O.K. | C94: Šifra 84142 je samo dio šifre 8414 i mora joj biti manja ili jednaka u oba stupca podataka. | E94: =MAX(G94:K94) -> 0 | F94: =MAX(L94:O94) -> 0 | G94: =IF(ROUND('PR-RAS'!D875,2)>ROUND('PR-RAS'!D487,2),1,0) -> 0 | H94: =IF(ROUND('PR-RAS'!E875,2)>ROUND('PR-RAS'!E487,2),1,0) -> 0
A95: 69 | B95: =IF(E95=1,"Pogreška",IF(F95=1,"Provjera","O.K.")) -> O.K. | C95: Šifra 84152 je samo dio šifre 8415 i mora joj biti manja ili jednaka u oba stupca podataka. | E95: =MAX(G95:K95) -> 0 | F95: =MAX(L95:O95) -> 0 | G95: =IF(ROUND('PR-RAS'!D876,2)>ROUND('PR-RAS'!D488,2),1,0) -> 0 | H95: =IF(ROUND('PR-RAS'!E876,2)>ROUND('PR-RAS'!E488,2),1,0) -> 0
A96: 70 | B96: =IF(E96=1,"Pogreška",IF(F96=1,"Provjera","O.K.")) -> O.K. | C96: Šifra 84162 je samo dio šifre 8416 i mora joj biti manja ili jednaka u oba stupca podataka. | E96: =MAX(G96:K96) -> 0 | F96: =MAX(L96:O96) -> 0 | G96: =IF(ROUND('PR-RAS'!D877,2)>ROUND('PR-RAS'!D489,2),1,0) -> 0 | H96: =IF(ROUND('PR-RAS'!E877,2)>ROUND('PR-RAS'!E489,2),1,0) -> 0
A97: 71 | B97: =IF(E97=1,"Pogreška",IF(F97=1,"Provjera","O.K.")) -> O.K. | C97: Zbroj šifri: 84221 do 84223 je samo dio šifre 8422 i mora joj biti manji ili jednak u oba stupca podataka. | E97: =MAX(G97:K97) -> 0 | F97: =MAX(L97:O97) -> 0 | G97: =IF(ROUND(SUM('PR-RAS'!D878:D880),2)>ROUND('PR-RAS'!D491,2),1,0) -> 0 | H97: =IF(ROUND(SUM('PR-RAS'!E878:E880),2)>ROUND('PR-RAS'!E491,2),1,0) -> 0
A98: 72 | B98: =IF(E98=1,"Pogreška",IF(F98=1,"Provjera","O.K.")) -> O.K. | C98: Šifra 84232 je samo dio šifre 8423 i mora joj biti manja ili jednaka u oba stupca podataka. | E98: =MAX(G98:K98) -> 0 | F98: =MAX(L98:O98) -> 0 | G98: =IF(ROUND('PR-RAS'!D881,2)>ROUND('PR-RAS'!D492,2),1,0) -> 0 | H98: =IF(ROUND('PR-RAS'!E881,2)>ROUND('PR-RAS'!E492,2),1,0) -> 0
A99: 73 | B99: =IF(E99=1,"Pogreška",IF(F99=1,"Provjera","O.K.")) -> O.K. | C99: Zbroj šifri: 84242+84243 je samo dio šifre 8424 i mora joj biti manji ili jednak u oba stupca podataka. | E99: =MAX(G99:K99) -> 0 | F99: =MAX(L99:O99) -> 0 | G99: =IF(ROUND(SUM('PR-RAS'!D882:D883),2)>ROUND('PR-RAS'!D493,2),1,0) -> 0 | H99: =IF(ROUND(SUM('PR-RAS'!E882:E883),2)>ROUND('PR-RAS'!E493,2),1,0) -> 0
A100: 74 | B100: =IF(E100=1,"Pogreška",IF(F100=1,"Provjera","O.K.")) -> O.K. | C100: Šifra 84312 je samo dio šifre 843 i mora joj biti manja ili jednaka u oba stupca podataka. | E100: =MAX(G100:K100) -> 0 | F100: =MAX(L100:O100) -> 0 | G100: =IF(ROUND('PR-RAS'!D884,2)>ROUND('PR-RAS'!D494,2),1,0) -> 0 | H100: =IF(ROUND('PR-RAS'!E884,2)>ROUND('PR-RAS'!E494,2),1,0) -> 0
...

Sheet Promjene
A1: PROMJENE
A2: Na ovom radnom listu dat će se popis svih, i najmanjih promjena Excel datoteke iz verzije u verziju (bilo da su nastale zbog promjene zakonskih propisa, ispravka pogrešaka u Excel datoteci, dodatnim kontrolama ili poboljšanjima obrasca.
A3: Verzija | B3: Opis promjene u odnosu na prethodnu verziju
A4: 2.0.0. | B4: Svi obrasci proračuna i proračunskih korisnika objedinjeni su zbog potreba kontrola između obrazaca te lakšu kontrolu obveznosti (koja razina je obvezna podnositi koji obrazac).
A5: 2.0.0. | B5: Uvedena su polja "Datum od" i "Datum do" svakog pojedinog razdoblja kako bi se moglo posebno prepoznati obveznike koji nisu poslovali cijelo navedeno razdoblje (novootvoreni obveznici i obveznici koji zbog statusnih promjena gube pravnu osobnost).
A6: 2.0.0. | B6: Programskim kućama koje izrađuju aplikacije za punjenje obrazaca olakšan je postao jer se za sve obrasce i sve vrste posla unosi jedno jedinstveno zaglavlje, u svakom obrascu AOP oznake upisane su u koloni "C", dok svi iznosi (bez obzira na broj kolona) počinju u koloni "D", u 12. retku. Od ovoga se više neće odstupati osim ako ne bude nikakve druge mogućnosti da se unesu potrebne promjene.
A7: 2.0.1. | B7: Popravljeni su pogrešni naslovi nekih obrazaca. Dodana je kontrola da se u poštanski broj ne može unijeti nešto što nije broj između 10000 i 60000. Popravljena je kontrola upozorenja na S-PR-RAS obrascu koja je krivo izračunavala razradu konta 32 (kontrola pod rednim brojem 90)
A8: 2.0.2. | B8: Ispravljena kontrola u PR-RAS obrascu koja je AOP 010 zbrajala u AOP oznaku 003, umjesto da je oduzimala od sume svih ostalih AOP oznaka.
A9: 2.0.3. | B9: Ispravljena kontrola upozorenja na broj zaposlenih u PR-RAS obrascu preko 1000 kada to nije. Ispravljena kontrola koja je za polugodište javljala pogrešku da se za razinu 23 ne predaje obrazac Obveze. Svi obveznici (ne više samo oni kojima je razdjel ujedno i glava) razina 11 i 12 trebaju upisati razdjel, a ostali obveznici ne mogu.
A10: 2.0.3. | B10: Upisom razine 11 ili 12 u zaglavlju obrasca obveze automatski se pojavljuje oznaka da je obrazac mjesečni, a ne kvartalni. Promijenjeni su opisi obveznosti predaje prema razinama, grupirani na mjesečnu obvezu, kvartalnu, polugodišnju i godišnju. Na obrazac obveze, na dnu obrasca dodana crta za potpis zakonskog predstavnika (za dostavu obrasca nadležnim ministarstvima).
A11: 2.0.3. | B11: Proširene upute tekstom o upotrebi ove Excel datoteke za dostavu podataka nadležnim ministarstvima ili za neke druge potrebe.
A12: 2.0.4. | B12: Popravljena kontrola broj 36 u PR-RAS-u koja je provjeravala pogrešne AOP pozicije. Popravljena kontrola koja je javljala pogrešku ako je bio popunjen polugodišnji obrazac NT za razine 22 i 23.
A13: 2.0.5. | B13: Popravljena kontrola broj 9 u kojoj je za razinu 23 traženo da bude upisan i obrazac NT, a stvarno ne treba biti.
A14: 2.0.6. | B14: Popravljene kontrole broj 7 i 12 (obveznost predaje po razinama 13 i 42) te kontrola 63 - iznosi planiranog za razdoblje i planiranog za cijelu godinu u obrascu PR-RAS moraju biti identični kod godišnjeg obrasca, a za ostala razdoblja iznos planirano za razdoblje mora biti manji ili jednak planiranom za cijelu godinu.
... A51: 8.0.3. | B51: Korekcija postojećih kontrola (kontrole broj 156 i 160).
